Workbook

Sheet Rosters
A1: 2025 Pos | B1: 2025 Tm | C1: 2025 Card | D1: Player | E1: Birthday | F1: NFL Draft | G1: Lg Draft | H1: 2024 Pos | I1: 2024 Tm | J1: 2024 Card | K1: 2023 Pos | L1: 2023 Card Info | M1: 2022 Pos | N1: 2022 Tm | O1: 2022 Card Info | P1: 2021 Card Info | Q1: 2020 Pos | R1: 2020 Tm | S1: 2020 Card Info | T1: 2019 Pos | U1: 2019Tm | V1: 2019 Card Info | W1: 2018 Pos | X1: 2018Tm | Y1: 2018 Card Info | Z1: 2017 Pos | AA1: 2017Tm | AB1: 2017 Card Info | AC1: 2016 Pos | AD1: 2016Tm | AE1: 2016 Card Info | AF1: 2015 Pos | AG1: 2015Tm | AH1: 2015 Card Info | AI1: 2014 Pos | AJ1: 2014Tm | AK1: 2014 Card Info | AL1: 2013 Pos | AM1: 2013Tm | AN1: 2013 Card Info | AO1: 2012 Pos | AP1: 2012Tm | AQ1: 2012 Card Info | AR1: 2011 Pos | AS1: 2011Tm | AT1: 2011 Card Info | AU1: 2010 Pos | AV1: 2010Tm | AW1: 2010 Card Info | AX1: 2009 Pos | AY1: 2009Tm | AZ1: 2009 Card Info | BA1: 2008 Pos | BB1: 2008Tm | BC1: 2008 Card Info | BD1: 2007 Pos | BE1: 2007Tm | BF1: 2007 Card Info | BG1: 2006 Pos | BH1: 2006Tm | BI1: 2006 Card Info | BJ1: 2005Pos | BK1: 2005Tm | BL1: 2005 Card Info | BM1: 2004 Pos | BN1: 2004Tm | BO1: 2004 Card Info | BP1: 2003 Pos | BQ1: 2003Tm | BR1: 2003 Card Info | BS1: 2002 Pos | BT1: 2002Tm | BU1: 2002 Card Info | BV1: 2001 Pos | BW1: 2001Tm | BX1: 2001 Card Info
E3: Roster # | F3: HB # | G3: KR# | H3: PR#
A4: ARIZONA CARDINALS -- Dan T. | E4: =COUNTA(D7:D71) -> 56 | F4: =COUNTIF(A6:A71,"*HB*") -> 3 | G4: =COUNTIF(A6:A71,"*KR*")+COUNTIF(A6:A71,"*LK*") -> 3 | H4: =COUNTIF(A6:A71,"*PR*")+COUNTIF(A6:A71,"*LP*") -> 1
A7: QB | B7: ARI | D7: Murray, Kyler | E7: 35649 | F7: 19/1 (1) | G7: 19/1 (1) | H7: QB | I7: ARN | J7: 541 Attempts | K7: QB | M7: QB | N7: ARI | Q7: QB(P) | R7: ARI | T7: QB(P) | U7: ARN
D8: Zappe, Bailey | E8: 36276 | F8: 22/4 | G8: 22/2 | H8: QB | I8: CLA | J8: 31 Attempts | K8: QB | M8: QB | N8: NE
A10: HB | B10: ATL | C10: 0-4 143 | D10: Allgeier, Tyler | E10: 36631 | F10: 22/5 | G10: 22/1 (9) | H10: HB | I10: ATN | J10: 0-4 137 | K10: HB | L10: 0-7 186 | M10: HB | N10: ATL | O10: 0-2 210
A11: HB/KR | B11: PHI | C11: 0-0 63 | D11: Bigsby, Tank | E11: 37133 | F11: 23/3 | G11: 22/5 | H11: HB KOR | I11: JXA | J11: 0-0 168 | K11: HB | L11: 4-0 50
A12: HB | B12: DET | C12: 0-0 3 | D12: Reynolds, Craig | E12: 35231 | F12: 19/FA | G12: 21/6 | H12: HB | I12: DEN | J12: 0-0 31 | K12: HB/KR | L12: 0-0 41 | M12: HB | N12: DET | O12: 0-0 23 | P12: 0-0 55
D13: McIntosh, Kenny | E13: 36588 | F13: 23/7 | G13: 24/8 | H13: HB | I13: SEN | J13: 0-0 31 | K13: =IF(ISBLANK(VLOOKUP(TRIM(D13),ALL_SOMIFA!$A$1:$V$2721,8,FALSE)),"",IF(ISERROR(VLOOKUP(TRIM(D13),ALL_SOMIFA!$A$1:$V$2721,8,FALSE))," ",VLOOKUP(TRIM(D13),ALL_SOMIFA!$A$1:$V$2721,8,FALSE))) | L13: =IF(ISBLANK(VLOOKUP(TRIM(D13),ALL_SOMIFA!$A$1:$V$2721,9,FALSE)),"",IF(ISERROR(VLOOKUP(TRIM(D13),ALL_SOMIFA!$A$1:$V$2721,9,FALSE))," ",VLOOKUP(TRIM(D13),ALL_SOMIFA!$A$1:$V$2721,9,FALSE))) | M13: =IF(ISBLANK(VLOOKUP(TRIM(D13),ALL_SOMIFA!$A$1:$V$2721,10,FALSE)),"",IF(ISERROR(VLOOKUP(TRIM(D13),ALL_SOMIFA!$A$1:$V$2721,10,FALSE))," ",VLOOKUP(TRIM(D13),ALL_SOMIFA!$A$1:$V$2721,10,FALSE))) | N13: =IF(ISBLANK(VLOOKUP(TRIM(D13),ALL_SOMIFA!$A$1:$V$2721,11,FALSE)),"",IF(ISERROR(VLOOKUP(TRIM(D13),ALL_SOMIFA!$A$1:$V$2721,11,FALSE))," ",VLOOKUP(TRIM(D13),ALL_SOMIFA!$A$1:$V$2721,11,FALSE))) | O13: =IF(ISBLANK(VLOOKUP(TRIM(D13),ALL_SOMIFA!$A$1:$V$2721,12,FALSE)),"",IF(ISERROR(VLOOKUP(TRIM(D13),ALL_SOMIFA!$A$1:$V$2721,12,FALSE))," ",VLOOKUP(TRIM(D13),ALL_SOMIFA!$A$1:$V$2721,12,FALSE))) | P13: =IF(ISBLANK(VLOOKUP(TRIM(D13),ALL_SOMIFA!$A$1:$V$2721,13,FALSE)),"",IF(ISERROR(VLOOKUP(TRIM(D13),ALL_SOMIFA!$A$1:$V$2721,13,FALSE))," ",VLOOKUP(TRIM(D13),ALL_SOMIFA!$A$1:$V$2721,13,FALSE))) | Q13: =IF(ISBLANK(VLOOKUP(TRIM(D13),ALL_SOMIFA!$A$1:$V$2721,14,FALSE)),"",IF(ISERROR(VLOOKUP(TRIM(D13),ALL_SOMIFA!$A$1:$V$2721,14,FALSE))," ",VLOOKUP(TRIM(D13),ALL_SOMIFA!$A$1:$V$2721,14,FALSE))) | R13: =IF(ISBLANK(VLOOKUP(TRIM(D13),ALL_SOMIFA!$A$1:$V$2721,15,FALSE)),"",IF(ISERROR(VLOOKUP(TRIM(D13),ALL_SOMIFA!$A$1:$V$2721,15,FALSE))," ",VLOOKUP(TRIM(D13),ALL_SOMIFA!$A$1:$V$2721,15,FALSE))) | S13: =IF(ISBLANK(VLOOKUP(TRIM(D13),ALL_SOMIFA!$A$1:$V$2721,16,FALSE)),"",IF(ISERROR(VLOOKUP(TRIM(D13),ALL_SOMIFA!$A$1:$V$2721,16,FALSE))," ",VLOOKUP(TRIM(D13),ALL_SOMIFA!$A$1:$V$2721,16,FALSE))) | T13: =IF(ISBLANK(VLOOKUP(TRIM(D13),ALL_SOMIFA!$A$1:$V$2721,17,FALSE)),"",IF(ISERROR(VLOOKUP(TRIM(D13),ALL_SOMIFA!$A$1:$V$2721,17,FALSE))," ",VLOOKUP(TRIM(D13),ALL_SOMIFA!$A$1:$V$2721,17,FALSE))) | U13: =IF(ISBLANK(VLOOKUP(TRIM(D13),ALL_SOMIFA!$A$1:$V$2721,18,FALSE)),"",IF(ISERROR(VLOOKUP(TRIM(D13),ALL_SOMIFA!$A$1:$V$2721,18,FALSE))," ",VLOOKUP(TRIM(D13),ALL_SOMIFA!$A$1:$V$2721,18,FALSE))) | V13: =IF(ISBLANK(VLOOKUP(TRIM(D13),ALL_SOMIFA!$A$1:$V$2721,19,FALSE)),"",IF(ISERROR(VLOOKUP(TRIM(D13),ALL_SOMIFA!$A$1:$V$2721,19,FALSE))," ",VLOOKUP(TRIM(D13),ALL_SOMIFA!$A$1:$V$2721,19,FALSE))) | W13: =IF(ISBLANK(VLOOKUP(TRIM(D13),ALL_SOMIFA!$A$1:$V$2721,20,FALSE)),"",IF(ISERROR(VLOOKUP(TRIM(D13),ALL_SOMIFA!$A$1:$V$2721,20,FALSE))," ",VLOOKUP(TRIM(D13),ALL_SOMIFA!$A$1:$V$2721,20,FALSE))) | X13: =IF(ISBLANK(VLOOKUP(TRIM(D13),ALL_SOMIFA!$A$1:$V$2721,21,FALSE)),"",IF(ISERROR(VLOOKUP(TRIM(D13),ALL_SOMIFA!$A$1:$V$2721,21,FALSE))," ",VLOOKUP(TRIM(D13),ALL_SOMIFA!$A$1:$V$2721,21,FALSE))) | Y13: =IF(ISBLANK(VLOOKUP(TRIM(D13),ALL_SOMIFA!$A$1:$V$2721,22,FALSE)),"",IF(ISERROR(VLOOKUP(TRIM(D13),ALL_SOMIFA!$A$1:$V$2721,22,FALSE))," ",VLOOKUP(TRIM(D13),ALL_SOMIFA!$A$1:$V$2721,22,FALSE)))
A15: FL | B15: CIN | D15: Chase, Ja'Marr | E15: 36586 | F15: 21/1 (5) | G15: 21/1 (5) | H15: FL | I15: CNA | J15: 6-6-6 | K15: SE | M15: FL | N15: CIN
A16: SE | B16: WAS | D16: McLaurin, Terry | E16: 34957 | F16: 19/3 | G16: 19/1 (13) | H16: SE | I16: WAN | J16: 5-6-5 | K16: SE | M16: SE | N16: WAS | Q16: SE | R16: WAS | T16: SE | U16: WAS
A17: SE | B17: BUF | C17: 4 | D17: Coleman, Keon | E17: 37758 | F17: 24/2(33) | G17: 24/3 | H17: SE | I17: BFA | J17: 4-4-4 | K17: =IF(ISBLANK(VLOOKUP(TRIM(D17),ALL_SOMIFA!$A$1:$V$2721,8,FALSE)),"",IF(ISERROR(VLOOKUP(TRIM(D17),ALL_SOMIFA!$A$1:$V$2721,8,FALSE))," ",VLOOKUP(TRIM(D17),ALL_SOMIFA!$A$1:$V$2721,8,FALSE))) | L17: =IF(ISBLANK(VLOOKUP(TRIM(D17),ALL_SOMIFA!$A$1:$V$2721,9,FALSE)),"",IF(ISERROR(VLOOKUP(TRIM(D17),ALL_SOMIFA!$A$1:$V$2721,9,FALSE))," ",VLOOKUP(TRIM(D17),ALL_SOMIFA!$A$1:$V$2721,9,FALSE))) | M17: =IF(ISBLANK(VLOOKUP(TRIM(D17),ALL_SOMIFA!$A$1:$V$2721,10,FALSE)),"",IF(ISERROR(VLOOKUP(TRIM(D17),ALL_SOMIFA!$A$1:$V$2721,10,FALSE))," ",VLOOKUP(TRIM(D17),ALL_SOMIFA!$A$1:$V$2721,10,FALSE))) | N17: =IF(ISBLANK(VLOOKUP(TRIM(D17),ALL_SOMIFA!$A$1:$V$2721,11,FALSE)),"",IF(ISERROR(VLOOKUP(TRIM(D17),ALL_SOMIFA!$A$1:$V$2721,11,FALSE))," ",VLOOKUP(TRIM(D17),ALL_SOMIFA!$A$1:$V$2721,11,FALSE))) | O17: =IF(ISBLANK(VLOOKUP(TRIM(D17),ALL_SOMIFA!$A$1:$V$2721,12,FALSE)),"",IF(ISERROR(VLOOKUP(TRIM(D17),ALL_SOMIFA!$A$1:$V$2721,12,FALSE))," ",VLOOKUP(TRIM(D17),ALL_SOMIFA!$A$1:$V$2721,12,FALSE))) | P17: =IF(ISBLANK(VLOOKUP(TRIM(D17),ALL_SOMIFA!$A$1:$V$2721,13,FALSE)),"",IF(ISERROR(VLOOKUP(TRIM(D17),ALL_SOMIFA!$A$1:$V$2721,13,FALSE))," ",VLOOKUP(TRIM(D17),ALL_SOMIFA!$A$1:$V$2721,13,FALSE))) | Q17: =IF(ISBLANK(VLOOKUP(TRIM(D17),ALL_SOMIFA!$A$1:$V$2721,14,FALSE)),"",IF(ISERROR(VLOOKUP(TRIM(D17),ALL_SOMIFA!$A$1:$V$2721,14,FALSE))," ",VLOOKUP(TRIM(D17),ALL_SOMIFA!$A$1:$V$2721,14,FALSE))) | R17: =IF(ISBLANK(VLOOKUP(TRIM(D17),ALL_SOMIFA!$A$1:$V$2721,15,FALSE)),"",IF(ISERROR(VLOOKUP(TRIM(D17),ALL_SOMIFA!$A$1:$V$2721,15,FALSE))," ",VLOOKUP(TRIM(D17),ALL_SOMIFA!$A$1:$V$2721,15,FALSE))) | S17: =IF(ISBLANK(VLOOKUP(TRIM(D17),ALL_SOMIFA!$A$1:$V$2721,16,FALSE)),"",IF(ISERROR(VLOOKUP(TRIM(D17),ALL_SOMIFA!$A$1:$V$2721,16,FALSE))," ",VLOOKUP(TRIM(D17),ALL_SOMIFA!$A$1:$V$2721,16,FALSE))) | T17: =IF(ISBLANK(VLOOKUP(TRIM(D17),ALL_SOMIFA!$A$1:$V$2721,17,FALSE)),"",IF(ISERROR(VLOOKUP(TRIM(D17),ALL_SOMIFA!$A$1:$V$2721,17,FALSE))," ",VLOOKUP(TRIM(D17),ALL_SOMIFA!$A$1:$V$2721,17,FALSE))) | U17: =IF(ISBLANK(VLOOKUP(TRIM(D17),ALL_SOMIFA!$A$1:$V$2721,18,FALSE)),"",IF(ISERROR(VLOOKUP(TRIM(D17),ALL_SOMIFA!$A$1:$V$2721,18,FALSE))," ",VLOOKUP(TRIM(D17),ALL_SOMIFA!$A$1:$V$2721,18,FALSE))) | V17: =IF(ISBLANK(VLOOKUP(TRIM(D17),ALL_SOMIFA!$A$1:$V$2721,19,FALSE)),"",IF(ISERROR(VLOOKUP(TRIM(D17),ALL_SOMIFA!$A$1:$V$2721,19,FALSE))," ",VLOOKUP(TRIM(D17),ALL_SOMIFA!$A$1:$V$2721,19,FALSE))) | W17: =IF(ISBLANK(VLOOKUP(TRIM(D17),ALL_SOMIFA!$A$1:$V$2721,20,FALSE)),"",IF(ISERROR(VLOOKUP(TRIM(D17),ALL_SOMIFA!$A$1:$V$2721,20,FALSE))," ",VLOOKUP(TRIM(D17),ALL_SOMIFA!$A$1:$V$2721,20,FALSE))) | X17: =IF(ISBLANK(VLOOKUP(TRIM(D17),ALL_SOMIFA!$A$1:$V$2721,21,FALSE)),"",IF(ISERROR(VLOOKUP(TRIM(D17),ALL_SOMIFA!$A$1:$V$2721,21,FALSE))," ",VLOOKUP(TRIM(D17),ALL_SOMIFA!$A$1:$V$2721,21,FALSE))) | Y17: =IF(ISBLANK(VLOOKUP(TRIM(D17),ALL_SOMIFA!$A$1:$V$2721,22,FALSE)),"",IF(ISERROR(VLOOKUP(TRIM(D17),ALL_SOMIFA!$A$1:$V$2721,22,FALSE))," ",VLOOKUP(TRIM(D17),ALL_SOMIFA!$A$1:$V$2721,22,FALSE)))
A18: WR | B18: BUF | D18: Davis, Gabe | E18: 36251 | F18: 20/4 | G18: 20/3 | H18: SE FL | I18: JXA | J18: 3-3-3 | K18: SE | M18: SE | N18: BUF | Q18: SE | R18: BUF
A19: WR | B19: DEN | D19: Humphrey, Lil'Jordan | E19: 35904 | F19: 19/FA | G19: 23/7 | H19: SE FL | I19: DNA | J19: 4-3-3 | K19: WR
A21: TE | B21: WAS | C21: 4 | D21: Ertz, Zach | E21: 33187 | F21: 13/2 | G21: IN/8 | H21: TE | I21: WAN | J21: 0 5-5-2 | K21: WR | L21: 0-0/4 | M21: BB/TE | N21: ARI | O21: 0-0/0 | P21: 0 | Q21: BB TE | R21: PHI | S21: 0-4 | T21: TE | U21: PHI | V21: 4 | W21: TE | X21: PHI | Y21: 0 | Z21: TE | AA21: PHI | AB21: 0 | AC21: TE | AD21: PHI | AE21: 4 | AF21: TE | AG21: PHI | AH21: 6 | AI21: TE | AJ21: PHI | AK21: 6 | AL21: TE/BB | AM21: PHI | AN21: 5/4-0 | AO21: 0 | AP21: 0 | AQ21: 0 | AR21: 0 | AS21: 0 | AT21: 0 | AU21: 0 | AV21: 0 | AW21: 0
A22: WR | B22: CAR | D22: Coker, Jalen | E22: 37194 | F22: 24/FA | G22: 24/4 | H22: SE FL TE | I22: CAN | J22: 0-0 4-4-3 | K22: =IF(ISBLANK(VLOOKUP(TRIM(D22),ALL_SOMIFA!$A$1:$V$2721,8,FALSE)),"",IF(ISERROR(VLOOKUP(TRIM(D22),ALL_SOMIFA!$A$1:$V$2721,8,FALSE))," ",VLOOKUP(TRIM(D22),ALL_SOMIFA!$A$1:$V$2721,8,FALSE))) | L22: =IF(ISBLANK(VLOOKUP(TRIM(D22),ALL_SOMIFA!$A$1:$V$2721,9,FALSE)),"",IF(ISERROR(VLOOKUP(TRIM(D22),ALL_SOMIFA!$A$1:$V$2721,9,FALSE))," ",VLOOKUP(TRIM(D22),ALL_SOMIFA!$A$1:$V$2721,9,FALSE))) | M22: =IF(ISBLANK(VLOOKUP(TRIM(D22),ALL_SOMIFA!$A$1:$V$2721,10,FALSE)),"",IF(ISERROR(VLOOKUP(TRIM(D22),ALL_SOMIFA!$A$1:$V$2721,10,FALSE))," ",VLOOKUP(TRIM(D22),ALL_SOMIFA!$A$1:$V$2721,10,FALSE))) | N22: =IF(ISBLANK(VLOOKUP(TRIM(D22),ALL_SOMIFA!$A$1:$V$2721,11,FALSE)),"",IF(ISERROR(VLOOKUP(TRIM(D22),ALL_SOMIFA!$A$1:$V$2721,11,FALSE))," ",VLOOKUP(TRIM(D22),ALL_SOMIFA!$A$1:$V$2721,11,FALSE))) | O22: =IF(ISBLANK(VLOOKUP(TRIM(D22),ALL_SOMIFA!$A$1:$V$2721,12,FALSE)),"",IF(ISERROR(VLOOKUP(TRIM(D22),ALL_SOMIFA!$A$1:$V$2721,12,FALSE))," ",VLOOKUP(TRIM(D22),ALL_SOMIFA!$A$1:$V$2721,12,FALSE))) | P22: =IF(ISBLANK(VLOOKUP(TRIM(D22),ALL_SOMIFA!$A$1:$V$2721,13,FALSE)),"",IF(ISERROR(VLOOKUP(TRIM(D22),ALL_SOMIFA!$A$1:$V$2721,13,FALSE))," ",VLOOKUP(TRIM(D22),ALL_SOMIFA!$A$1:$V$2721,13,FALSE))) | Q22: =IF(ISBLANK(VLOOKUP(TRIM(D22),ALL_SOMIFA!$A$1:$V$2721,14,FALSE)),"",IF(ISERROR(VLOOKUP(TRIM(D22),ALL_SOMIFA!$A$1:$V$2721,14,FALSE))," ",VLOOKUP(TRIM(D22),ALL_SOMIFA!$A$1:$V$2721,14,FALSE))) | R22: =IF(ISBLANK(VLOOKUP(TRIM(D22),ALL_SOMIFA!$A$1:$V$2721,15,FALSE)),"",IF(ISERROR(VLOOKUP(TRIM(D22),ALL_SOMIFA!$A$1:$V$2721,15,FALSE))," ",VLOOKUP(TRIM(D22),ALL_SOMIFA!$A$1:$V$2721,15,FALSE))) | S22: =IF(ISBLANK(VLOOKUP(TRIM(D22),ALL_SOMIFA!$A$1:$V$2721,16,FALSE)),"",IF(ISERROR(VLOOKUP(TRIM(D22),ALL_SOMIFA!$A$1:$V$2721,16,FALSE))," ",VLOOKUP(TRIM(D22),ALL_SOMIFA!$A$1:$V$2721,16,FALSE))) | T22: =IF(ISBLANK(VLOOKUP(TRIM(D22),ALL_SOMIFA!$A$1:$V$2721,17,FALSE)),"",IF(ISERROR(VLOOKUP(TRIM(D22),ALL_SOMIFA!$A$1:$V$2721,17,FALSE))," ",VLOOKUP(TRIM(D22),ALL_SOMIFA!$A$1:$V$2721,17,FALSE))) | U22: =IF(ISBLANK(VLOOKUP(TRIM(D22),ALL_SOMIFA!$A$1:$V$2721,18,FALSE)),"",IF(ISERROR(VLOOKUP(TRIM(D22),ALL_SOMIFA!$A$1:$V$2721,18,FALSE))," ",VLOOKUP(TRIM(D22),ALL_SOMIFA!$A$1:$V$2721,18,FALSE))) | V22: =IF(ISBLANK(VLOOKUP(TRIM(D22),ALL_SOMIFA!$A$1:$V$2721,19,FALSE)),"",IF(ISERROR(VLOOKUP(TRIM(D22),ALL_SOMIFA!$A$1:$V$2721,19,FALSE))," ",VLOOKUP(TRIM(D22),ALL_SOMIFA!$A$1:$V$2721,19,FALSE))) | W22: =IF(ISBLANK(VLOOKUP(TRIM(D22),ALL_SOMIFA!$A$1:$V$2721,20,FALSE)),"",IF(ISERROR(VLOOKUP(TRIM(D22),ALL_SOMIFA!$A$1:$V$2721,20,FALSE))," ",VLOOKUP(TRIM(D22),ALL_SOMIFA!$A$1:$V$2721,20,FALSE))) | X22: =IF(ISBLANK(VLOOKUP(TRIM(D22),ALL_SOMIFA!$A$1:$V$2721,21,FALSE)),"",IF(ISERROR(VLOOKUP(TRIM(D22),ALL_SOMIFA!$A$1:$V$2721,21,FALSE))," ",VLOOKUP(TRIM(D22),ALL_SOMIFA!$A$1:$V$2721,21,FALSE))) | Y22: =IF(ISBLANK(VLOOKUP(TRIM(D22),ALL_SOMIFA!$A$1:$V$2721,22,FALSE)),"",IF(ISERROR(VLOOKUP(TRIM(D22),ALL_SOMIFA!$A$1:$V$2721,22,FALSE))," ",VLOOKUP(TRIM(D22),ALL_SOMIFA!$A$1:$V$2721,22,FALSE)))
A23: BB/TE | B23: PIT | C23: 4-5/5 | D23: Washington, Darnell | E23: 37120 | F23: 23/3 | G23: 23/4 | H23: BB TE | I23: PIA | J23: 0-4 4-3-0 | K23: WR | L23: 4/0-0
A24: KR | B24: GB | D24: Melton, Bo | E24: 36298 | F24: 22/7 | G24: 23/9 | H24: (I/R) | K24: BB/TE
D25: Woods, Jelani | E25: 36077 | F25: 22/3 | G25: 22/3 | H25: (I/R) | K25: (I/R) | M25: TE/BB | N25: IND | O25: 0/0-0
A27: LT | B27: NYG | C27: 6-7 | D27: Thomas, Andrew | E27: 36182 | F27: 20/1 (4) | G27: 20/2 | H27: (I/R) | K27: (I/R) | L27: 4-3 | M27: LT | N27: NYG | O27: 6-7 | P27: 4-7 | Q27: LT | R27: NYG | S27: 4-3
A28: RG/T | B28: SF | C28: 5-7/0-7 | D28: Puni, Dominick | E28: 36580 | F28: 24/3(86) | G28: 24/1 (13) | H28: RG | I28: SFN | J28: 5-5 | K28: =IF(ISBLANK(VLOOKUP(TRIM(D28),ALL_SOMIFA!$A$1:$V$2721,8,FALSE)),"",IF(ISERROR(VLOOKUP(TRIM(D28),ALL_SOMIFA!$A$1:$V$2721,8,FALSE))," ",VLOOKUP(TRIM(D28),ALL_SOMIFA!$A$1:$V$2721,8,FALSE))) | L28: =IF(ISBLANK(VLOOKUP(TRIM(D28),ALL_SOMIFA!$A$1:$V$2721,9,FALSE)),"",IF(ISERROR(VLOOKUP(TRIM(D28),ALL_SOMIFA!$A$1:$V$2721,9,FALSE))," ",VLOOKUP(TRIM(D28),ALL_SOMIFA!$A$1:$V$2721,9,FALSE))) | M28: =IF(ISBLANK(VLOOKUP(TRIM(D28),ALL_SOMIFA!$A$1:$V$2721,10,FALSE)),"",IF(ISERROR(VLOOKUP(TRIM(D28),ALL_SOMIFA!$A$1:$V$2721,10,FALSE))," ",VLOOKUP(TRIM(D28),ALL_SOMIFA!$A$1:$V$2721,10,FALSE))) | N28: =IF(ISBLANK(VLOOKUP(TRIM(D28),ALL_SOMIFA!$A$1:$V$2721,11,FALSE)),"",IF(ISERROR(VLOOKUP(TRIM(D28),ALL_SOMIFA!$A$1:$V$2721,11,FALSE))," ",VLOOKUP(TRIM(D28),ALL_SOMIFA!$A$1:$V$2721,11,FALSE))) | O28: =IF(ISBLANK(VLOOKUP(TRIM(D28),ALL_SOMIFA!$A$1:$V$2721,12,FALSE)),"",IF(ISERROR(VLOOKUP(TRIM(D28),ALL_SOMIFA!$A$1:$V$2721,12,FALSE))," ",VLOOKUP(TRIM(D28),ALL_SOMIFA!$A$1:$V$2721,12,FALSE))) | P28: =IF(ISBLANK(VLOOKUP(TRIM(D28),ALL_SOMIFA!$A$1:$V$2721,13,FALSE)),"",IF(ISERROR(VLOOKUP(TRIM(D28),ALL_SOMIFA!$A$1:$V$2721,13,FALSE))," ",VLOOKUP(TRIM(D28),ALL_SOMIFA!$A$1:$V$2721,13,FALSE))) | Q28: =IF(ISBLANK(VLOOKUP(TRIM(D28),ALL_SOMIFA!$A$1:$V$2721,14,FALSE)),"",IF(ISERROR(VLOOKUP(TRIM(D28),ALL_SOMIFA!$A$1:$V$2721,14,FALSE))," ",VLOOKUP(TRIM(D28),ALL_SOMIFA!$A$1:$V$2721,14,FALSE))) | R28: =IF(ISBLANK(VLOOKUP(TRIM(D28),ALL_SOMIFA!$A$1:$V$2721,15,FALSE)),"",IF(ISERROR(VLOOKUP(TRIM(D28),ALL_SOMIFA!$A$1:$V$2721,15,FALSE))," ",VLOOKUP(TRIM(D28),ALL_SOMIFA!$A$1:$V$2721,15,FALSE))) | S28: =IF(ISBLANK(VLOOKUP(TRIM(D28),ALL_SOMIFA!$A$1:$V$2721,16,FALSE)),"",IF(ISERROR(VLOOKUP(TRIM(D28),ALL_SOMIFA!$A$1:$V$2721,16,FALSE))," ",VLOOKUP(TRIM(D28),ALL_SOMIFA!$A$1:$V$2721,16,FALSE))) | T28: =IF(ISBLANK(VLOOKUP(TRIM(D28),ALL_SOMIFA!$A$1:$V$2721,17,FALSE)),"",IF(ISERROR(VLOOKUP(TRIM(D28),ALL_SOMIFA!$A$1:$V$2721,17,FALSE))," ",VLOOKUP(TRIM(D28),ALL_SOMIFA!$A$1:$V$2721,17,FALSE))) | U28: =IF(ISBLANK(VLOOKUP(TRIM(D28),ALL_SOMIFA!$A$1:$V$2721,18,FALSE)),"",IF(ISERROR(VLOOKUP(TRIM(D28),ALL_SOMIFA!$A$1:$V$2721,18,FALSE))," ",VLOOKUP(TRIM(D28),ALL_SOMIFA!$A$1:$V$2721,18,FALSE))) | V28: =IF(ISBLANK(VLOOKUP(TRIM(D28),ALL_SOMIFA!$A$1:$V$2721,19,FALSE)),"",IF(ISERROR(VLOOKUP(TRIM(D28),ALL_SOMIFA!$A$1:$V$2721,19,FALSE))," ",VLOOKUP(TRIM(D28),ALL_SOMIFA!$A$1:$V$2721,19,FALSE))) | W28: =IF(ISBLANK(VLOOKUP(TRIM(D28),ALL_SOMIFA!$A$1:$V$2721,20,FALSE)),"",IF(ISERROR(VLOOKUP(TRIM(D28),ALL_SOMIFA!$A$1:$V$2721,20,FALSE))," ",VLOOKUP(TRIM(D28),ALL_SOMIFA!$A$1:$V$2721,20,FALSE))) | X28: =IF(ISBLANK(VLOOKUP(TRIM(D28),ALL_SOMIFA!$A$1:$V$2721,21,FALSE)),"",IF(ISERROR(VLOOKUP(TRIM(D28),ALL_SOMIFA!$A$1:$V$2721,21,FALSE))," ",VLOOKUP(TRIM(D28),ALL_SOMIFA!$A$1:$V$2721,21,FALSE))) | Y28: =IF(ISBLANK(VLOOKUP(TRIM(D28),ALL_SOMIFA!$A$1:$V$2721,22,FALSE)),"",IF(ISERROR(VLOOKUP(TRIM(D28),ALL_SOMIFA!$A$1:$V$2721,22,FALSE))," ",VLOOKUP(TRIM(D28),ALL_SOMIFA!$A$1:$V$2721,22,FALSE)))
A29: RT | B29: LAR | C29: 5-7 | D29: McClendon Jr., Warren | E29: 36992 | F29: 23/5 | G29: 23/8 | H29: T | I29: LAN | J29: 4-2 | K29: RT | L29: 0-0
A30: RT | B30: DAL | C30: 5-3 | D30: Steele, Terence | E30: 35585 | F30: 20/FA | G30: 20/9 | H30: RT | I30: DAN | J30: 5-5 | K30: C | L30: 4-3 | M30: RT | N30: DAL | O30: 6-4 | P30: 4-0/0 | Q30: RT | R30: DAN | S30: =IF(ISERROR(VLOOKUP(TRIM(D30),#REF!,8,FALSE())),"",VLOOKUP(TRIM(D30),#REF!,8,FALSE()))
A31: C | B31: CIN | C31: 4-7 | D31: Karras, Ted | E31: 34043 | F31: 16/6 | G31: IN/41 | H31: C | I31: CNA | J31: 0-7 | K31: G | L31: 5-7 | M31: C | N31: CIN | O31: 4-7 | P31: 4-7/0-7 | Q31: C | R31: MIA | S31: 4-7 | T31: C | U31: NE | V31: 5-7 | W31: G/C | X31: NE | Y31: 4-4/0-4 | Z31: C/G | AA31: NE | AB31: 4-2 | AC31: C/G | AD31: NE | AE31: 0-2 | AG31: 0 | AH31: 0 | AI31: 0 | AJ31: 0 | AK31: 0 | AL31: 0 | AM31: 0 | AN31: 0 | AO31: 0 | AP31: 0 | AQ31: 0 | AR31: 0 | AS31: 0 | AT31: 0 | AU31: 0 | AV31: 0 | AW31: 0
A32: LG | B32: JAX | C32: 4-5 | D32: Cleveland, Ezra | E32: 35923 | F32: 20/2 | G32: 20/1 (19) | H32: LG | I32: JXA | J32: 4-5 | K32: RG | L32: 4-3 | M32: LG | N32: MIN | O32: 5-2 | P32: 4-7 | Q32: RG | R32: MIN | S32: 4-5
A33: C | B33: LAC | C33: 4-3 | D33: Bozeman, Bradley | E33: 34662 | F33: 18/6 | G33: 18/7 | H33: C | I33: LAA | J33: 4-0 | K33: LG | L33: 4-4 | M33: C | N33: CAR | O33: 4-2 | P33: 5-4 | Q33: LG | R33: BAA | S33: 4-5 | T33: LG | U33: BAL | V33: 4-2 | W33: C/G/T/TE | X33: BAL | Y33: 0-0/0-0/0-0/5 | AC33: 0 | AD33: 0 | AE33: 0 | AF33: 0 | AG33: 0 | AH33: 0 | AI33: 0 | AJ33: 0 | AK33: 0 | AL33: 0 | AM33: 0 | AN33: 0 | AO33: 0 | AP33: 0 | AQ33: 0 | AR33: 0 | AS33: 0 | AT33: 0 | AU33: 0 | AV33: 0 | AW33: 0
A34: LG/T | B34: HOU | C34: 0-7 | D34: Howard, Tytus | E34: 35208 | F34: 19/1 (23) | G34: 19/3 | H34: RT G | I34: HOA | J34: 4-5/0-5 | K34: C | M34: RT/TE | N34: HOU | O34: 4-7/4 | P34: 0-5 | Q34: RT G | R34: HOU | S34: 4-4 / 0-4 | T34: RT | U34: HOU | V34: 4-3
A35: RG | B35: BUF | C35: 0-0 | D35: Torrence, O'Cyrus | E35: 36545 | F35: 23/2 | G35: 23/2 | H35: RG | I35: BFA | J35: 0-4 | K35: C | L35: 4-5
D36: Robinson, Layden | E36: 37014 | F36: 24/4(103) | G36: 24/8 | H36: LG | I36: NEA | J36: 0-3 | K36: =IF(ISBLANK(VLOOKUP(TRIM(D36),ALL_SOMIFA!$A$1:$V$2721,8,FALSE)),"",IF(ISERROR(VLOOKUP(TRIM(D36),ALL_SOMIFA!$A$1:$V$2721,8,FALSE))," ",VLOOKUP(TRIM(D36),ALL_SOMIFA!$A$1:$V$2721,8,FALSE))) | L36: =IF(ISBLANK(VLOOKUP(TRIM(D36),ALL_SOMIFA!$A$1:$V$2721,9,FALSE)),"",IF(ISERROR(VLOOKUP(TRIM(D36),ALL_SOMIFA!$A$1:$V$2721,9,FALSE))," ",VLOOKUP(TRIM(D36),ALL_SOMIFA!$A$1:$V$2721,9,FALSE))) | M36: =IF(ISBLANK(VLOOKUP(TRIM(D36),ALL_SOMIFA!$A$1:$V$2721,10,FALSE)),"",IF(ISERROR(VLOOKUP(TRIM(D36),ALL_SOMIFA!$A$1:$V$2721,10,FALSE))," ",VLOOKUP(TRIM(D36),ALL_SOMIFA!$A$1:$V$2721,10,FALSE))) | N36: =IF(ISBLANK(VLOOKUP(TRIM(D36),ALL_SOMIFA!$A$1:$V$2721,11,FALSE)),"",IF(ISERROR(VLOOKUP(TRIM(D36),ALL_SOMIFA!$A$1:$V$2721,11,FALSE))," ",VLOOKUP(TRIM(D36),ALL_SOMIFA!$A$1:$V$2721,11,FALSE))) | O36: =IF(ISBLANK(VLOOKUP(TRIM(D36),ALL_SOMIFA!$A$1:$V$2721,12,FALSE)),"",IF(ISERROR(VLOOKUP(TRIM(D36),ALL_SOMIFA!$A$1:$V$2721,12,FALSE))," ",VLOOKUP(TRIM(D36),ALL_SOMIFA!$A$1:$V$2721,12,FALSE))) | P36: =IF(ISBLANK(VLOOKUP(TRIM(D36),ALL_SOMIFA!$A$1:$V$2721,13,FALSE)),"",IF(ISERROR(VLOOKUP(TRIM(D36),ALL_SOMIFA!$A$1:$V$2721,13,FALSE))," ",VLOOKUP(TRIM(D36),ALL_SOMIFA!$A$1:$V$2721,13,FALSE))) | Q36: =IF(ISBLANK(VLOOKUP(TRIM(D36),ALL_SOMIFA!$A$1:$V$2721,14,FALSE)),"",IF(ISERROR(VLOOKUP(TRIM(D36),ALL_SOMIFA!$A$1:$V$2721,14,FALSE))," ",VLOOKUP(TRIM(D36),ALL_SOMIFA!$A$1:$V$2721,14,FALSE))) | R36: =IF(ISBLANK(VLOOKUP(TRIM(D36),ALL_SOMIFA!$A$1:$V$2721,15,FALSE)),"",IF(ISERROR(VLOOKUP(TRIM(D36),ALL_SOMIFA!$A$1:$V$2721,15,FALSE))," ",VLOOKUP(TRIM(D36),ALL_SOMIFA!$A$1:$V$2721,15,FALSE))) | S36: =IF(ISBLANK(VLOOKUP(TRIM(D36),ALL_SOMIFA!$A$1:$V$2721,16,FALSE)),"",IF(ISERROR(VLOOKUP(TRIM(D36),ALL_SOMIFA!$A$1:$V$2721,16,FALSE))," ",VLOOKUP(TRIM(D36),ALL_SOMIFA!$A$1:$V$2721,16,FALSE))) | T36: =IF(ISBLANK(VLOOKUP(TRIM(D36),ALL_SOMIFA!$A$1:$V$2721,17,FALSE)),"",IF(ISERROR(VLOOKUP(TRIM(D36),ALL_SOMIFA!$A$1:$V$2721,17,FALSE))," ",VLOOKUP(TRIM(D36),ALL_SOMIFA!$A$1:$V$2721,17,FALSE))) | U36: =IF(ISBLANK(VLOOKUP(TRIM(D36),ALL_SOMIFA!$A$1:$V$2721,18,FALSE)),"",IF(ISERROR(VLOOKUP(TRIM(D36),ALL_SOMIFA!$A$1:$V$2721,18,FALSE))," ",VLOOKUP(TRIM(D36),ALL_SOMIFA!$A$1:$V$2721,18,FALSE))) | V36: =IF(ISBLANK(VLOOKUP(TRIM(D36),ALL_SOMIFA!$A$1:$V$2721,19,FALSE)),"",IF(ISERROR(VLOOKUP(TRIM(D36),ALL_SOMIFA!$A$1:$V$2721,19,FALSE))," ",VLOOKUP(TRIM(D36),ALL_SOMIFA!$A$1:$V$2721,19,FALSE))) | W36: =IF(ISBLANK(VLOOKUP(TRIM(D36),ALL_SOMIFA!$A$1:$V$2721,20,FALSE)),"",IF(ISERROR(VLOOKUP(TRIM(D36),ALL_SOMIFA!$A$1:$V$2721,20,FALSE))," ",VLOOKUP(TRIM(D36),ALL_SOMIFA!$A$1:$V$2721,20,FALSE))) | X36: =IF(ISBLANK(VLOOKUP(TRIM(D36),ALL_SOMIFA!$A$1:$V$2721,21,FALSE)),"",IF(ISERROR(VLOOKUP(TRIM(D36),ALL_SOMIFA!$A$1:$V$2721,21,FALSE))," ",VLOOKUP(TRIM(D36),ALL_SOMIFA!$A$1:$V$2721,21,FALSE))) | Y36: =IF(ISBLANK(VLOOKUP(TRIM(D36),ALL_SOMIFA!$A$1:$V$2721,22,FALSE)),"",IF(ISERROR(VLOOKUP(TRIM(D36),ALL_SOMIFA!$A$1:$V$2721,22,FALSE))," ",VLOOKUP(TRIM(D36),ALL_SOMIFA!$A$1:$V$2721,22,FALSE)))
A38: NT | B38: PIT | C38: 4-5 | D38: Benton, Keeanu | E38: 37089 | F38: 23/2 | G38: 23/1 (13) | H38: NT | I38: PIA | J38: 5-1 | K38: NT | L38: 5-1
A39: DE/OLB | B39: DEN | C39: 4-4/04-4 | D39: Tillman, Dondrea | E39: 35915 | F39: 24/FA | G39: 24/7 | H39: OLB | I39: DNA | J39: 04-7 | K39: =IF(ISBLANK(VLOOKUP(TRIM(D39),ALL_SOMIFA!$A$1:$V$2721,8,FALSE)),"",IF(ISERROR(VLOOKUP(TRIM(D39),ALL_SOMIFA!$A$1:$V$2721,8,FALSE))," ",VLOOKUP(TRIM(D39),ALL_SOMIFA!$A$1:$V$2721,8,FALSE))) | L39: =IF(ISBLANK(VLOOKUP(TRIM(D39),ALL_SOMIFA!$A$1:$V$2721,9,FALSE)),"",IF(ISERROR(VLOOKUP(TRIM(D39),ALL_SOMIFA!$A$1:$V$2721,9,FALSE))," ",VLOOKUP(TRIM(D39),ALL_SOMIFA!$A$1:$V$2721,9,FALSE))) | M39: =IF(ISBLANK(VLOOKUP(TRIM(D39),ALL_SOMIFA!$A$1:$V$2721,10,FALSE)),"",IF(ISERROR(VLOOKUP(TRIM(D39),ALL_SOMIFA!$A$1:$V$2721,10,FALSE))," ",VLOOKUP(TRIM(D39),ALL_SOMIFA!$A$1:$V$2721,10,FALSE))) | N39: =IF(ISBLANK(VLOOKUP(TRIM(D39),ALL_SOMIFA!$A$1:$V$2721,11,FALSE)),"",IF(ISERROR(VLOOKUP(TRIM(D39),ALL_SOMIFA!$A$1:$V$2721,11,FALSE))," ",VLOOKUP(TRIM(D39),ALL_SOMIFA!$A$1:$V$2721,11,FALSE))) | O39: =IF(ISBLANK(VLOOKUP(TRIM(D39),ALL_SOMIFA!$A$1:$V$2721,12,FALSE)),"",IF(ISERROR(VLOOKUP(TRIM(D39),ALL_SOMIFA!$A$1:$V$2721,12,FALSE))," ",VLOOKUP(TRIM(D39),ALL_SOMIFA!$A$1:$V$2721,12,FALSE))) | P39: =IF(ISBLANK(VLOOKUP(TRIM(D39),ALL_SOMIFA!$A$1:$V$2721,13,FALSE)),"",IF(ISERROR(VLOOKUP(TRIM(D39),ALL_SOMIFA!$A$1:$V$2721,13,FALSE))," ",VLOOKUP(TRIM(D39),ALL_SOMIFA!$A$1:$V$2721,13,FALSE))) | Q39: =IF(ISBLANK(VLOOKUP(TRIM(D39),ALL_SOMIFA!$A$1:$V$2721,14,FALSE)),"",IF(ISERROR(VLOOKUP(TRIM(D39),ALL_SOMIFA!$A$1:$V$2721,14,FALSE))," ",VLOOKUP(TRIM(D39),ALL_SOMIFA!$A$1:$V$2721,14,FALSE))) | R39: =IF(ISBLANK(VLOOKUP(TRIM(D39),ALL_SOMIFA!$A$1:$V$2721,15,FALSE)),"",IF(ISERROR(VLOOKUP(TRIM(D39),ALL_SOMIFA!$A$1:$V$2721,15,FALSE))," ",VLOOKUP(TRIM(D39),ALL_SOMIFA!$A$1:$V$2721,15,FALSE))) | S39: =IF(ISBLANK(VLOOKUP(TRIM(D39),ALL_SOMIFA!$A$1:$V$2721,16,FALSE)),"",IF(ISERROR(VLOOKUP(TRIM(D39),ALL_SOMIFA!$A$1:$V$2721,16,FALSE))," ",VLOOKUP(TRIM(D39),ALL_SOMIFA!$A$1:$V$2721,16,FALSE))) | T39: =IF(ISBLANK(VLOOKUP(TRIM(D39),ALL_SOMIFA!$A$1:$V$2721,17,FALSE)),"",IF(ISERROR(VLOOKUP(TRIM(D39),ALL_SOMIFA!$A$1:$V$2721,17,FALSE))," ",VLOOKUP(TRIM(D39),ALL_SOMIFA!$A$1:$V$2721,17,FALSE))) | U39: =IF(ISBLANK(VLOOKUP(TRIM(D39),ALL_SOMIFA!$A$1:$V$2721,18,FALSE)),"",IF(ISERROR(VLOOKUP(TRIM(D39),ALL_SOMIFA!$A$1:$V$2721,18,FALSE))," ",VLOOKUP(TRIM(D39),ALL_SOMIFA!$A$1:$V$2721,18,FALSE))) | V39: =IF(ISBLANK(VLOOKUP(TRIM(D39),ALL_SOMIFA!$A$1:$V$2721,19,FALSE)),"",IF(ISERROR(VLOOKUP(TRIM(D39),ALL_SOMIFA!$A$1:$V$2721,19,FALSE))," ",VLOOKUP(TRIM(D39),ALL_SOMIFA!$A$1:$V$2721,19,FALSE))) | W39: =IF(ISBLANK(VLOOKUP(TRIM(D39),ALL_SOMIFA!$A$1:$V$2721,20,FALSE)),"",IF(ISERROR(VLOOKUP(TRIM(D39),ALL_SOMIFA!$A$1:$V$2721,20,FALSE))," ",VLOOKUP(TRIM(D39),ALL_SOMIFA!$A$1:$V$2721,20,FALSE))) | X39: =IF(ISBLANK(VLOOKUP(TRIM(D39),ALL_SOMIFA!$A$1:$V$2721,21,FALSE)),"",IF(ISERROR(VLOOKUP(TRIM(D39),ALL_SOMIFA!$A$1:$V$2721,21,FALSE))," ",VLOOKUP(TRIM(D39),ALL_SOMIFA!$A$1:$V$2721,21,FALSE))) | Y39: =IF(ISBLANK(VLOOKUP(TRIM(D39),ALL_SOMIFA!$A$1:$V$2721,22,FALSE)),"",IF(ISERROR(VLOOKUP(TRIM(D39),ALL_SOMIFA!$A$1:$V$2721,22,FALSE))," ",VLOOKUP(TRIM(D39),ALL_SOMIFA!$A$1:$V$2721,22,FALSE)))
A40: RE | B40: ARI | C40: 4-2 | D40: Robinson, Darius | E40: 37147 | F40: 24/1(27) | H40: End T | I40: ARN | J40: 0/0-2 | K40: =IF(ISBLANK(VLOOKUP(TRIM(D40),ALL_SOMIFA!$A$1:$V$2721,8,FALSE)),"",IF(ISERROR(VLOOKUP(TRIM(D40),ALL_SOMIFA!$A$1:$V$2721,8,FALSE))," ",VLOOKUP(TRIM(D40),ALL_SOMIFA!$A$1:$V$2721,8,FALSE))) | L40: =IF(ISBLANK(VLOOKUP(TRIM(D40),ALL_SOMIFA!$A$1:$V$2721,9,FALSE)),"",IF(ISERROR(VLOOKUP(TRIM(D40),ALL_SOMIFA!$A$1:$V$2721,9,FALSE))," ",VLOOKUP(TRIM(D40),ALL_SOMIFA!$A$1:$V$2721,9,FALSE))) | M40: =IF(ISBLANK(VLOOKUP(TRIM(D40),ALL_SOMIFA!$A$1:$V$2721,10,FALSE)),"",IF(ISERROR(VLOOKUP(TRIM(D40),ALL_SOMIFA!$A$1:$V$2721,10,FALSE))," ",VLOOKUP(TRIM(D40),ALL_SOMIFA!$A$1:$V$2721,10,FALSE))) | N40: =IF(ISBLANK(VLOOKUP(TRIM(D40),ALL_SOMIFA!$A$1:$V$2721,11,FALSE)),"",IF(ISERROR(VLOOKUP(TRIM(D40),ALL_SOMIFA!$A$1:$V$2721,11,FALSE))," ",VLOOKUP(TRIM(D40),ALL_SOMIFA!$A$1:$V$2721,11,FALSE))) | O40: =IF(ISBLANK(VLOOKUP(TRIM(D40),ALL_SOMIFA!$A$1:$V$2721,12,FALSE)),"",IF(ISERROR(VLOOKUP(TRIM(D40),ALL_SOMIFA!$A$1:$V$2721,12,FALSE))," ",VLOOKUP(TRIM(D40),ALL_SOMIFA!$A$1:$V$2721,12,FALSE))) | P40: =IF(ISBLANK(VLOOKUP(TRIM(D40),ALL_SOMIFA!$A$1:$V$2721,13,FALSE)),"",IF(ISERROR(VLOOKUP(TRIM(D40),ALL_SOMIFA!$A$1:$V$2721,13,FALSE))," ",VLOOKUP(TRIM(D40),ALL_SOMIFA!$A$1:$V$2721,13,FALSE))) | Q40: =IF(ISBLANK(VLOOKUP(TRIM(D40),ALL_SOMIFA!$A$1:$V$2721,14,FALSE)),"",IF(ISERROR(VLOOKUP(TRIM(D40),ALL_SOMIFA!$A$1:$V$2721,14,FALSE))," ",VLOOKUP(TRIM(D40),ALL_SOMIFA!$A$1:$V$2721,14,FALSE))) | R40: =IF(ISBLANK(VLOOKUP(TRIM(D40),ALL_SOMIFA!$A$1:$V$2721,15,FALSE)),"",IF(ISERROR(VLOOKUP(TRIM(D40),ALL_SOMIFA!$A$1:$V$2721,15,FALSE))," ",VLOOKUP(TRIM(D40),ALL_SOMIFA!$A$1:$V$2721,15,FALSE))) | S40: =IF(ISBLANK(VLOOKUP(TRIM(D40),ALL_SOMIFA!$A$1:$V$2721,16,FALSE)),"",IF(ISERROR(VLOOKUP(TRIM(D40),ALL_SOMIFA!$A$1:$V$2721,16,FALSE))," ",VLOOKUP(TRIM(D40),ALL_SOMIFA!$A$1:$V$2721,16,FALSE))) | T40: =IF(ISBLANK(VLOOKUP(TRIM(D40),ALL_SOMIFA!$A$1:$V$2721,17,FALSE)),"",IF(ISERROR(VLOOKUP(TRIM(D40),ALL_SOMIFA!$A$1:$V$2721,17,FALSE))," ",VLOOKUP(TRIM(D40),ALL_SOMIFA!$A$1:$V$2721,17,FALSE))) | U40: =IF(ISBLANK(VLOOKUP(TRIM(D40),ALL_SOMIFA!$A$1:$V$2721,18,FALSE)),"",IF(ISERROR(VLOOKUP(TRIM(D40),ALL_SOMIFA!$A$1:$V$2721,18,FALSE))," ",VLOOKUP(TRIM(D40),ALL_SOMIFA!$A$1:$V$2721,18,FALSE))) | V40: =IF(ISBLANK(VLOOKUP(TRIM(D40),ALL_SOMIFA!$A$1:$V$2721,19,FALSE)),"",IF(ISERROR(VLOOKUP(TRIM(D40),ALL_SOMIFA!$A$1:$V$2721,19,FALSE))," ",VLOOKUP(TRIM(D40),ALL_SOMIFA!$A$1:$V$2721,19,FALSE))) | W40: =IF(ISBLANK(VLOOKUP(TRIM(D40),ALL_SOMIFA!$A$1:$V$2721,20,FALSE)),"",IF(ISERROR(VLOOKUP(TRIM(D40),ALL_SOMIFA!$A$1:$V$2721,20,FALSE))," ",VLOOKUP(TRIM(D40),ALL_SOMIFA!$A$1:$V$2721,20,FALSE))) | X40: =IF(ISBLANK(VLOOKUP(TRIM(D40),ALL_SOMIFA!$A$1:$V$2721,21,FALSE)),"",IF(ISERROR(VLOOKUP(TRIM(D40),ALL_SOMIFA!$A$1:$V$2721,21,FALSE))," ",VLOOKUP(TRIM(D40),ALL_SOMIFA!$A$1:$V$2721,21,FALSE))) | Y40: =IF(ISBLANK(VLOOKUP(TRIM(D40),ALL_SOMIFA!$A$1:$V$2721,22,FALSE)),"",IF(ISERROR(VLOOKUP(TRIM(D40),ALL_SOMIFA!$A$1:$V$2721,22,FALSE))," ",VLOOKUP(TRIM(D40),ALL_SOMIFA!$A$1:$V$2721,22,FALSE)))
A41: DT/DE | B41: DAL | C41: 4-0 | D41: Thomas, Solomon | E41: 35053 | F41: 17/1 (3) | G41: 17/2 | H41: End T | I41: NYA | J41: 0/0-5 | K41: RE/DT | L41: 4-7/0-7 | M41: DT/DE | N41: NYJ | O41: 0-2 | P41: 0-5 | Q41: (I/R) | T41: DE/DT | U41: SF | V41: 4-4/0-4 | W41: LE | X41: SF | Y41: 4-2 | Z41: RE | AA41: SF | AB41: 4-4 | AC41: 0 | AD41: 0 | AE41: 0 | AF41: 0 | AG41: 0 | AH41: 0 | AI41: 0 | AJ41: 0 | AK41: 0 | AL41: 0 | AM41: 0 | AN41: 0 | AO41: 0 | AP41: 0 | AQ41: 0 | AR41: 0 | AS41: 0 | AT41: 0 | AU41: 0 | AV41: 0 | AW41: 0
A42: DT/DE | B42: HOU | C42: 0-4 | D42: Edwards Jr., Mario | E42: 34359 | F42: 15/2 | G42: IN/26 | H42: RT | I42: HOA | J42: 0-4 | K42: DT | M42: LOLB/DE | N42: TEN | O42: 05-4/5-4 | P42: 0-3 | Q42: End | R42: CHN | S42: 4-4 | T42: DE | U42: NO | V42: 0-3 | W42: DE | X42: NYG | Y42: 4-2 | Z42: RE | AA42: OAK | AB42: 4-4 | AC42: DE | AD42: OAK | AE42: 0-0 | AF42: LLB | AG42: OAK | AH42: 45-4 | AI42: LLB | AJ42: OAK | AK42: 45-4 | AL42: 0 | AM42: 0 | AN42: 0 | AO42: 0 | AP42: 0 | AQ42: 0 | AR42: 0 | AS42: 0 | AT42: 0 | AU42: 0 | AV42: 0 | AW42: 0
D43: Jefferson, Quinton | E43: 34059 | F43: 16/5 | G43: IN/53 | H43: End T | I43: BFA | J43: 0/0-4 | K43: LDT | L43: 0-8 | M43: DT | N43: SEA | O43: 0-6 | P43: 0-6 | Q43: T | R43: BUF | S43: 0-3 | T43: RE/DT | U43: SEA | V43: 5-4/4-4 | W43: LE | X43: SEA | Y43: 4-4 | Z43: DT/DE | AA43: SEA | AB43: 0-3 | AC43: DT | AD43: SEA | AE43: 0-0 | AF43: 0 | AG43: 0 | AH43: 0 | AI43: 0 | AJ43: 0 | AK43: 0 | AL43: 0 | AM43: 0 | AN43: 0 | AO43: 0 | AP43: 0 | AQ43: 0 | AR43: 0 | AS43: 0 | AT43: 0 | AU43: 0 | AV43: 0 | AW43: 0
D44: Leal, DeMarvin | E44: 36708 | F44: 22/3 | G44: 22/8 | H44: End OLB | I44: PIA | J44: 0/0-0 | K44: DT | L44: 0-1 | M44: DE | N44: PIT | O44: 0-0
A46: LOLB | B46: IND | C46: 04-6 | D46: Paye, Kwity | E46: 36118 | F46: 21/1 (21) | G46: 21/2 | H46: LE | I46: INA | J46: 5-10 | K46: LE | L46: 5-12-1* | M46: LE | N46: IND | O46: 5-7 | P46: 4-5
A47: LOLB | B47: MIA | C47: 04-7 | D47: Robinson, Chop | E47: 37623 | F47: 24/1(21) | G47: 24/2 | H47: End OLB | I47: MIA | J47: 0/0-6 | K47: =IF(ISBLANK(VLOOKUP(TRIM(D47),ALL_SOMIFA!$A$1:$V$2721,8,FALSE)),"",IF(ISERROR(VLOOKUP(TRIM(D47),ALL_SOMIFA!$A$1:$V$2721,8,FALSE))," ",VLOOKUP(TRIM(D47),ALL_SOMIFA!$A$1:$V$2721,8,FALSE))) | L47: =IF(ISBLANK(VLOOKUP(TRIM(D47),ALL_SOMIFA!$A$1:$V$2721,9,FALSE)),"",IF(ISERROR(VLOOKUP(TRIM(D47),ALL_SOMIFA!$A$1:$V$2721,9,FALSE))," ",VLOOKUP(TRIM(D47),ALL_SOMIFA!$A$1:$V$2721,9,FALSE))) | M47: =IF(ISBLANK(VLOOKUP(TRIM(D47),ALL_SOMIFA!$A$1:$V$2721,10,FALSE)),"",IF(ISERROR(VLOOKUP(TRIM(D47),ALL_SOMIFA!$A$1:$V$2721,10,FALSE))," ",VLOOKUP(TRIM(D47),ALL_SOMIFA!$A$1:$V$2721,10,FALSE))) | N47: =IF(ISBLANK(VLOOKUP(TRIM(D47),ALL_SOMIFA!$A$1:$V$2721,11,FALSE)),"",IF(ISERROR(VLOOKUP(TRIM(D47),ALL_SOMIFA!$A$1:$V$2721,11,FALSE))," ",VLOOKUP(TRIM(D47),ALL_SOMIFA!$A$1:$V$2721,11,FALSE))) | O47: =IF(ISBLANK(VLOOKUP(TRIM(D47),ALL_SOMIFA!$A$1:$V$2721,12,FALSE)),"",IF(ISERROR(VLOOKUP(TRIM(D47),ALL_SOMIFA!$A$1:$V$2721,12,FALSE))," ",VLOOKUP(TRIM(D47),ALL_SOMIFA!$A$1:$V$2721,12,FALSE))) | P47: =IF(ISBLANK(VLOOKUP(TRIM(D47),ALL_SOMIFA!$A$1:$V$2721,13,FALSE)),"",IF(ISERROR(VLOOKUP(TRIM(D47),ALL_SOMIFA!$A$1:$V$2721,13,FALSE))," ",VLOOKUP(TRIM(D47),ALL_SOMIFA!$A$1:$V$2721,13,FALSE))) | Q47: =IF(ISBLANK(VLOOKUP(TRIM(D47),ALL_SOMIFA!$A$1:$V$2721,14,FALSE)),"",IF(ISERROR(VLOOKUP(TRIM(D47),ALL_SOMIFA!$A$1:$V$2721,14,FALSE))," ",VLOOKUP(TRIM(D47),ALL_SOMIFA!$A$1:$V$2721,14,FALSE))) | R47: =IF(ISBLANK(VLOOKUP(TRIM(D47),ALL_SOMIFA!$A$1:$V$2721,15,FALSE)),"",IF(ISERROR(VLOOKUP(TRIM(D47),ALL_SOMIFA!$A$1:$V$2721,15,FALSE))," ",VLOOKUP(TRIM(D47),ALL_SOMIFA!$A$1:$V$2721,15,FALSE))) | S47: =IF(ISBLANK(VLOOKUP(TRIM(D47),ALL_SOMIFA!$A$1:$V$2721,16,FALSE)),"",IF(ISERROR(VLOOKUP(TRIM(D47),ALL_SOMIFA!$A$1:$V$2721,16,FALSE))," ",VLOOKUP(TRIM(D47),ALL_SOMIFA!$A$1:$V$2721,16,FALSE))) | T47: =IF(ISBLANK(VLOOKUP(TRIM(D47),ALL_SOMIFA!$A$1:$V$2721,17,FALSE)),"",IF(ISERROR(VLOOKUP(TRIM(D47),ALL_SOMIFA!$A$1:$V$2721,17,FALSE))," ",VLOOKUP(TRIM(D47),ALL_SOMIFA!$A$1:$V$2721,17,FALSE))) | U47: =IF(ISBLANK(VLOOKUP(TRIM(D47),ALL_SOMIFA!$A$1:$V$2721,18,FALSE)),"",IF(ISERROR(VLOOKUP(TRIM(D47),ALL_SOMIFA!$A$1:$V$2721,18,FALSE))," ",VLOOKUP(TRIM(D47),ALL_SOMIFA!$A$1:$V$2721,18,FALSE))) | V47: =IF(ISBLANK(VLOOKUP(TRIM(D47),ALL_SOMIFA!$A$1:$V$2721,19,FALSE)),"",IF(ISERROR(VLOOKUP(TRIM(D47),ALL_SOMIFA!$A$1:$V$2721,19,FALSE))," ",VLOOKUP(TRIM(D47),ALL_SOMIFA!$A$1:$V$2721,19,FALSE))) | W47: =IF(ISBLANK(VLOOKUP(TRIM(D47),ALL_SOMIFA!$A$1:$V$2721,20,FALSE)),"",IF(ISERROR(VLOOKUP(TRIM(D47),ALL_SOMIFA!$A$1:$V$2721,20,FALSE))," ",VLOOKUP(TRIM(D47),ALL_SOMIFA!$A$1:$V$2721,20,FALSE))) | X47: =IF(ISBLANK(VLOOKUP(TRIM(D47),ALL_SOMIFA!$A$1:$V$2721,21,FALSE)),"",IF(ISERROR(VLOOKUP(TRIM(D47),ALL_SOMIFA!$A$1:$V$2721,21,FALSE))," ",VLOOKUP(TRIM(D47),ALL_SOMIFA!$A$1:$V$2721,21,FALSE))) | Y47: =IF(ISBLANK(VLOOKUP(TRIM(D47),ALL_SOMIFA!$A$1:$V$2721,22,FALSE)),"",IF(ISERROR(VLOOKUP(TRIM(D47),ALL_SOMIFA!$A$1:$V$2721,22,FALSE))," ",VLOOKUP(TRIM(D47),ALL_SOMIFA!$A$1:$V$2721,22,FALSE)))
A48: LILB | B48: CAR | C48: 04-5 | D48: Rozeboom, Christian | E48: 35460 | F48: 20/FA | G48: 23/6 | H48: LILB | I48: LAN | J48: 54-5 | K48: LILB | L48: 40-0
A49: MLB | B49: JAX | C49: 66-4 | D49: Lloyd, Devin | E49: 36068 | F49: 22/1 (27) | G49: 22/2 | H49: MLB | I49: JXA | J49: 46-4 | K49: LLB/CB | L49: 46-0 | M49: LILB | N49: JAX | O49: 44-3
A50: LLB | B50: CIN | C50: 04-0 | D50: Burks, Oren | E50: 34779 | F50: 18/3 | G50: 18/4 | H50: LB | I50: PHN | J50: 44-0 | K50: LLB | L50: 44-2 | M50: LB | N50: SF | O50: 44-2 | P50: 00-2 | Q50: ILB | R50: GBN | S50: 00-0 | T50: ILB | U50: GB | V50: 00-0 | W50: ILB | X50: GB | Y50: 00-0 | AC50: 0 | AD50: 0 | AE50: 0 | AF50: 0 | AG50: 0 | AH50: 0 | AI50: 0 | AJ50: 0 | AK50: 0 | AL50: 0 | AM50: 0 | AN50: 0 | AO50: 0 | AP50: 0 | AQ50: 0 | AR50: 0 | AS50: 0 | AT50: 0 | AU50: 0 | AV50: 0 | AW50: 0
A51: RLB | B51: GB | C51: 55-3 | D51: Cooper, Edgerrin | E51: 37212 | F51: 24/2(45) | G51: 24/1 (25) | H51: LB | I51: GBN | J51: 05-6 | K51: =IF(ISBLANK(VLOOKUP(TRIM(D51),ALL_SOMIFA!$A$1:$V$2721,8,FALSE)),"",IF(ISERROR(VLOOKUP(TRIM(D51),ALL_SOMIFA!$A$1:$V$2721,8,FALSE))," ",VLOOKUP(TRIM(D51),ALL_SOMIFA!$A$1:$V$2721,8,FALSE))) | L51: =IF(ISBLANK(VLOOKUP(TRIM(D51),ALL_SOMIFA!$A$1:$V$2721,9,FALSE)),"",IF(ISERROR(VLOOKUP(TRIM(D51),ALL_SOMIFA!$A$1:$V$2721,9,FALSE))," ",VLOOKUP(TRIM(D51),ALL_SOMIFA!$A$1:$V$2721,9,FALSE))) | M51: =IF(ISBLANK(VLOOKUP(TRIM(D51),ALL_SOMIFA!$A$1:$V$2721,10,FALSE)),"",IF(ISERROR(VLOOKUP(TRIM(D51),ALL_SOMIFA!$A$1:$V$2721,10,FALSE))," ",VLOOKUP(TRIM(D51),ALL_SOMIFA!$A$1:$V$2721,10,FALSE))) | N51: =IF(ISBLANK(VLOOKUP(TRIM(D51),ALL_SOMIFA!$A$1:$V$2721,11,FALSE)),"",IF(ISERROR(VLOOKUP(TRIM(D51),ALL_SOMIFA!$A$1:$V$2721,11,FALSE))," ",VLOOKUP(TRIM(D51),ALL_SOMIFA!$A$1:$V$2721,11,FALSE))) | O51: =IF(ISBLANK(VLOOKUP(TRIM(D51),ALL_SOMIFA!$A$1:$V$2721,12,FALSE)),"",IF(ISERROR(VLOOKUP(TRIM(D51),ALL_SOMIFA!$A$1:$V$2721,12,FALSE))," ",VLOOKUP(TRIM(D51),ALL_SOMIFA!$A$1:$V$2721,12,FALSE))) | P51: =IF(ISBLANK(VLOOKUP(TRIM(D51),ALL_SOMIFA!$A$1:$V$2721,13,FALSE)),"",IF(ISERROR(VLOOKUP(TRIM(D51),ALL_SOMIFA!$A$1:$V$2721,13,FALSE))," ",VLOOKUP(TRIM(D51),ALL_SOMIFA!$A$1:$V$2721,13,FALSE))) | Q51: =IF(ISBLANK(VLOOKUP(TRIM(D51),ALL_SOMIFA!$A$1:$V$2721,14,FALSE)),"",IF(ISERROR(VLOOKUP(TRIM(D51),ALL_SOMIFA!$A$1:$V$2721,14,FALSE))," ",VLOOKUP(TRIM(D51),ALL_SOMIFA!$A$1:$V$2721,14,FALSE))) | R51: =IF(ISBLANK(VLOOKUP(TRIM(D51),ALL_SOMIFA!$A$1:$V$2721,15,FALSE)),"",IF(ISERROR(VLOOKUP(TRIM(D51),ALL_SOMIFA!$A$1:$V$2721,15,FALSE))," ",VLOOKUP(TRIM(D51),ALL_SOMIFA!$A$1:$V$2721,15,FALSE))) | S51: =IF(ISBLANK(VLOOKUP(TRIM(D51),ALL_SOMIFA!$A$1:$V$2721,16,FALSE)),"",IF(ISERROR(VLOOKUP(TRIM(D51),ALL_SOMIFA!$A$1:$V$2721,16,FALSE))," ",VLOOKUP(TRIM(D51),ALL_SOMIFA!$A$1:$V$2721,16,FALSE))) | T51: =IF(ISBLANK(VLOOKUP(TRIM(D51),ALL_SOMIFA!$A$1:$V$2721,17,FALSE)),"",IF(ISERROR(VLOOKUP(TRIM(D51),ALL_SOMIFA!$A$1:$V$2721,17,FALSE))," ",VLOOKUP(TRIM(D51),ALL_SOMIFA!$A$1:$V$2721,17,FALSE))) | U51: =IF(ISBLANK(VLOOKUP(TRIM(D51),ALL_SOMIFA!$A$1:$V$2721,18,FALSE)),"",IF(ISERROR(VLOOKUP(TRIM(D51),ALL_SOMIFA!$A$1:$V$2721,18,FALSE))," ",VLOOKUP(TRIM(D51),ALL_SOMIFA!$A$1:$V$2721,18,FALSE))) | V51: =IF(ISBLANK(VLOOKUP(TRIM(D51),ALL_SOMIFA!$A$1:$V$2721,19,FALSE)),"",IF(ISERROR(VLOOKUP(TRIM(D51),ALL_SOMIFA!$A$1:$V$2721,19,FALSE))," ",VLOOKUP(TRIM(D51),ALL_SOMIFA!$A$1:$V$2721,19,FALSE))) | W51: =IF(ISBLANK(VLOOKUP(TRIM(D51),ALL_SOMIFA!$A$1:$V$2721,20,FALSE)),"",IF(ISERROR(VLOOKUP(TRIM(D51),ALL_SOMIFA!$A$1:$V$2721,20,FALSE))," ",VLOOKUP(TRIM(D51),ALL_SOMIFA!$A$1:$V$2721,20,FALSE))) | X51: =IF(ISBLANK(VLOOKUP(TRIM(D51),ALL_SOMIFA!$A$1:$V$2721,21,FALSE)),"",IF(ISERROR(VLOOKUP(TRIM(D51),ALL_SOMIFA!$A$1:$V$2721,21,FALSE))," ",VLOOKUP(TRIM(D51),ALL_SOMIFA!$A$1:$V$2721,21,FALSE))) | Y51: =IF(ISBLANK(VLOOKUP(TRIM(D51),ALL_SOMIFA!$A$1:$V$2721,22,FALSE)),"",IF(ISERROR(VLOOKUP(TRIM(D51),ALL_SOMIFA!$A$1:$V$2721,22,FALSE))," ",VLOOKUP(TRIM(D51),ALL_SOMIFA!$A$1:$V$2721,22,FALSE)))
A52: LB | B52: WAS | C52: 00-0 | D52: Magee, Jordan | E52: 36974 | F52: 24/5(139) | G52: 24/7 | H52: LB | I52: WAN | J52: 00-0 | K52: =IF(ISBLANK(VLOOKUP(TRIM(D52),ALL_SOMIFA!$A$1:$V$2721,8,FALSE)),"",IF(ISERROR(VLOOKUP(TRIM(D52),ALL_SOMIFA!$A$1:$V$2721,8,FALSE))," ",VLOOKUP(TRIM(D52),ALL_SOMIFA!$A$1:$V$2721,8,FALSE))) | L52: =IF(ISBLANK(VLOOKUP(TRIM(D52),ALL_SOMIFA!$A$1:$V$2721,9,FALSE)),"",IF(ISERROR(VLOOKUP(TRIM(D52),ALL_SOMIFA!$A$1:$V$2721,9,FALSE))," ",VLOOKUP(TRIM(D52),ALL_SOMIFA!$A$1:$V$2721,9,FALSE))) | M52: =IF(ISBLANK(VLOOKUP(TRIM(D52),ALL_SOMIFA!$A$1:$V$2721,10,FALSE)),"",IF(ISERROR(VLOOKUP(TRIM(D52),ALL_SOMIFA!$A$1:$V$2721,10,FALSE))," ",VLOOKUP(TRIM(D52),ALL_SOMIFA!$A$1:$V$2721,10,FALSE))) | N52: =IF(ISBLANK(VLOOKUP(TRIM(D52),ALL_SOMIFA!$A$1:$V$2721,11,FALSE)),"",IF(ISERROR(VLOOKUP(TRIM(D52),ALL_SOMIFA!$A$1:$V$2721,11,FALSE))," ",VLOOKUP(TRIM(D52),ALL_SOMIFA!$A$1:$V$2721,11,FALSE))) | O52: =IF(ISBLANK(VLOOKUP(TRIM(D52),ALL_SOMIFA!$A$1:$V$2721,12,FALSE)),"",IF(ISERROR(VLOOKUP(TRIM(D52),ALL_SOMIFA!$A$1:$V$2721,12,FALSE))," ",VLOOKUP(TRIM(D52),ALL_SOMIFA!$A$1:$V$2721,12,FALSE))) | P52: =IF(ISBLANK(VLOOKUP(TRIM(D52),ALL_SOMIFA!$A$1:$V$2721,13,FALSE)),"",IF(ISERROR(VLOOKUP(TRIM(D52),ALL_SOMIFA!$A$1:$V$2721,13,FALSE))," ",VLOOKUP(TRIM(D52),ALL_SOMIFA!$A$1:$V$2721,13,FALSE))) | Q52: =IF(ISBLANK(VLOOKUP(TRIM(D52),ALL_SOMIFA!$A$1:$V$2721,14,FALSE)),"",IF(ISERROR(VLOOKUP(TRIM(D52),ALL_SOMIFA!$A$1:$V$2721,14,FALSE))," ",VLOOKUP(TRIM(D52),ALL_SOMIFA!$A$1:$V$2721,14,FALSE))) | R52: =IF(ISBLANK(VLOOKUP(TRIM(D52),ALL_SOMIFA!$A$1:$V$2721,15,FALSE)),"",IF(ISERROR(VLOOKUP(TRIM(D52),ALL_SOMIFA!$A$1:$V$2721,15,FALSE))," ",VLOOKUP(TRIM(D52),ALL_SOMIFA!$A$1:$V$2721,15,FALSE))) | S52: =IF(ISBLANK(VLOOKUP(TRIM(D52),ALL_SOMIFA!$A$1:$V$2721,16,FALSE)),"",IF(ISERROR(VLOOKUP(TRIM(D52),ALL_SOMIFA!$A$1:$V$2721,16,FALSE))," ",VLOOKUP(TRIM(D52),ALL_SOMIFA!$A$1:$V$2721,16,FALSE))) | T52: =IF(ISBLANK(VLOOKUP(TRIM(D52),ALL_SOMIFA!$A$1:$V$2721,17,FALSE)),"",IF(ISERROR(VLOOKUP(TRIM(D52),ALL_SOMIFA!$A$1:$V$2721,17,FALSE))," ",VLOOKUP(TRIM(D52),ALL_SOMIFA!$A$1:$V$2721,17,FALSE))) | U52: =IF(ISBLANK(VLOOKUP(TRIM(D52),ALL_SOMIFA!$A$1:$V$2721,18,FALSE)),"",IF(ISERROR(VLOOKUP(TRIM(D52),ALL_SOMIFA!$A$1:$V$2721,18,FALSE))," ",VLOOKUP(TRIM(D52),ALL_SOMIFA!$A$1:$V$2721,18,FALSE))) | V52: =IF(ISBLANK(VLOOKUP(TRIM(D52),ALL_SOMIFA!$A$1:$V$2721,19,FALSE)),"",IF(ISERROR(VLOOKUP(TRIM(D52),ALL_SOMIFA!$A$1:$V$2721,19,FALSE))," ",VLOOKUP(TRIM(D52),ALL_SOMIFA!$A$1:$V$2721,19,FALSE))) | W52: =IF(ISBLANK(VLOOKUP(TRIM(D52),ALL_SOMIFA!$A$1:$V$2721,20,FALSE)),"",IF(ISERROR(VLOOKUP(TRIM(D52),ALL_SOMIFA!$A$1:$V$2721,20,FALSE))," ",VLOOKUP(TRIM(D52),ALL_SOMIFA!$A$1:$V$2721,20,FALSE))) | X52: =IF(ISBLANK(VLOOKUP(TRIM(D52),ALL_SOMIFA!$A$1:$V$2721,21,FALSE)),"",IF(ISERROR(VLOOKUP(TRIM(D52),ALL_SOMIFA!$A$1:$V$2721,21,FALSE))," ",VLOOKUP(TRIM(D52),ALL_SOMIFA!$A$1:$V$2721,21,FALSE))) | Y52: =IF(ISBLANK(VLOOKUP(TRIM(D52),ALL_SOMIFA!$A$1:$V$2721,22,FALSE)),"",IF(ISERROR(VLOOKUP(TRIM(D52),ALL_SOMIFA!$A$1:$V$2721,22,FALSE))," ",VLOOKUP(TRIM(D52),ALL_SOMIFA!$A$1:$V$2721,22,FALSE)))
D53: Spector, Baylon | E53: 36088 | F53: 22/7 | G53: 23/10 | H53: LLB | I53: BFA | J53: 04-4 | K53: LB | L53: 00-0
A55: FS | B55: BUF | C55: 54 | D55: Bishop, Cole | E55: 37553 | F55: 24/2(60) | G55: 24/4 | H55: DB | I55: BFA | J55: 00 | K55: =IF(ISBLANK(VLOOKUP(TRIM(D55),ALL_SOMIFA!$A$1:$V$2721,8,FALSE)),"",IF(ISERROR(VLOOKUP(TRIM(D55),ALL_SOMIFA!$A$1:$V$2721,8,FALSE))," ",VLOOKUP(TRIM(D55),ALL_SOMIFA!$A$1:$V$2721,8,FALSE))) | L55: =IF(ISBLANK(VLOOKUP(TRIM(D55),ALL_SOMIFA!$A$1:$V$2721,9,FALSE)),"",IF(ISERROR(VLOOKUP(TRIM(D55),ALL_SOMIFA!$A$1:$V$2721,9,FALSE))," ",VLOOKUP(TRIM(D55),ALL_SOMIFA!$A$1:$V$2721,9,FALSE))) | M55: =IF(ISBLANK(VLOOKUP(TRIM(D55),ALL_SOMIFA!$A$1:$V$2721,10,FALSE)),"",IF(ISERROR(VLOOKUP(TRIM(D55),ALL_SOMIFA!$A$1:$V$2721,10,FALSE))," ",VLOOKUP(TRIM(D55),ALL_SOMIFA!$A$1:$V$2721,10,FALSE))) | N55: =IF(ISBLANK(VLOOKUP(TRIM(D55),ALL_SOMIFA!$A$1:$V$2721,11,FALSE)),"",IF(ISERROR(VLOOKUP(TRIM(D55),ALL_SOMIFA!$A$1:$V$2721,11,FALSE))," ",VLOOKUP(TRIM(D55),ALL_SOMIFA!$A$1:$V$2721,11,FALSE))) | O55: =IF(ISBLANK(VLOOKUP(TRIM(D55),ALL_SOMIFA!$A$1:$V$2721,12,FALSE)),"",IF(ISERROR(VLOOKUP(TRIM(D55),ALL_SOMIFA!$A$1:$V$2721,12,FALSE))," ",VLOOKUP(TRIM(D55),ALL_SOMIFA!$A$1:$V$2721,12,FALSE))) | P55: =IF(ISBLANK(VLOOKUP(TRIM(D55),ALL_SOMIFA!$A$1:$V$2721,13,FALSE)),"",IF(ISERROR(VLOOKUP(TRIM(D55),ALL_SOMIFA!$A$1:$V$2721,13,FALSE))," ",VLOOKUP(TRIM(D55),ALL_SOMIFA!$A$1:$V$2721,13,FALSE))) | Q55: =IF(ISBLANK(VLOOKUP(TRIM(D55),ALL_SOMIFA!$A$1:$V$2721,14,FALSE)),"",IF(ISERROR(VLOOKUP(TRIM(D55),ALL_SOMIFA!$A$1:$V$2721,14,FALSE))," ",VLOOKUP(TRIM(D55),ALL_SOMIFA!$A$1:$V$2721,14,FALSE))) | R55: =IF(ISBLANK(VLOOKUP(TRIM(D55),ALL_SOMIFA!$A$1:$V$2721,15,FALSE)),"",IF(ISERROR(VLOOKUP(TRIM(D55),ALL_SOMIFA!$A$1:$V$2721,15,FALSE))," ",VLOOKUP(TRIM(D55),ALL_SOMIFA!$A$1:$V$2721,15,FALSE))) | S55: =IF(ISBLANK(VLOOKUP(TRIM(D55),ALL_SOMIFA!$A$1:$V$2721,16,FALSE)),"",IF(ISERROR(VLOOKUP(TRIM(D55),ALL_SOMIFA!$A$1:$V$2721,16,FALSE))," ",VLOOKUP(TRIM(D55),ALL_SOMIFA!$A$1:$V$2721,16,FALSE))) | T55: =IF(ISBLANK(VLOOKUP(TRIM(D55),ALL_SOMIFA!$A$1:$V$2721,17,FALSE)),"",IF(ISERROR(VLOOKUP(TRIM(D55),ALL_SOMIFA!$A$1:$V$2721,17,FALSE))," ",VLOOKUP(TRIM(D55),ALL_SOMIFA!$A$1:$V$2721,17,FALSE))) | U55: =IF(ISBLANK(VLOOKUP(TRIM(D55),ALL_SOMIFA!$A$1:$V$2721,18,FALSE)),"",IF(ISERROR(VLOOKUP(TRIM(D55),ALL_SOMIFA!$A$1:$V$2721,18,FALSE))," ",VLOOKUP(TRIM(D55),ALL_SOMIFA!$A$1:$V$2721,18,FALSE))) | V55: =IF(ISBLANK(VLOOKUP(TRIM(D55),ALL_SOMIFA!$A$1:$V$2721,19,FALSE)),"",IF(ISERROR(VLOOKUP(TRIM(D55),ALL_SOMIFA!$A$1:$V$2721,19,FALSE))," ",VLOOKUP(TRIM(D55),ALL_SOMIFA!$A$1:$V$2721,19,FALSE))) | W55: =IF(ISBLANK(VLOOKUP(TRIM(D55),ALL_SOMIFA!$A$1:$V$2721,20,FALSE)),"",IF(ISERROR(VLOOKUP(TRIM(D55),ALL_SOMIFA!$A$1:$V$2721,20,FALSE))," ",VLOOKUP(TRIM(D55),ALL_SOMIFA!$A$1:$V$2721,20,FALSE))) | X55: =IF(ISBLANK(VLOOKUP(TRIM(D55),ALL_SOMIFA!$A$1:$V$2721,21,FALSE)),"",IF(ISERROR(VLOOKUP(TRIM(D55),ALL_SOMIFA!$A$1:$V$2721,21,FALSE))," ",VLOOKUP(TRIM(D55),ALL_SOMIFA!$A$1:$V$2721,21,FALSE))) | Y55: =IF(ISBLANK(VLOOKUP(TRIM(D55),ALL_SOMIFA!$A$1:$V$2721,22,FALSE)),"",IF(ISERROR(VLOOKUP(TRIM(D55),ALL_SOMIFA!$A$1:$V$2721,22,FALSE))," ",VLOOKUP(TRIM(D55),ALL_SOMIFA!$A$1:$V$2721,22,FALSE)))
A56: FS | B56: TEN | C56: 50 | D56: Woods, Xavier | E56: 34906 | F56: 17/6 | G56: 17/3 | H56: FS | I56: CAN | J56: 44 | K56: LLB/SS | L56: 54 | M56: SS | N56: CAR | O56: 44 | P56: 46 | Q56: FS | R56: DAN | S56: 40 | T56: FS | U56: DAL | V56: 54 | W56: FS | X56: DAL | Y56: 44 | Z56: DB | AA56: DAL | AB56: 04 | AF56: 0 | AG56: 0 | AH56: 0 | AO56: 0 | AP56: 0 | AQ56: 0 | AR56: 0 | AS56: 0 | AT56: 0 | AU56: 0 | AV56: 0 | AW56: 0
A57: CB | B57: LAR | C57: 5 | D57: Lake, Quentin | E57: 36189 | F57: 22/6 | G57: 23/6 | H57: CB FS | I57: LAN | J57: 0/5 | K57: DB | L57: 4
A58: SS | B58: MIN | C58: 45 | D58: Metellus, Josh | E58: 35816 | F58: 20/6 | G58: 22/6 | H58: CB S | I58: MIN | J58: 4/45 | K58: RILB | L58: 44-4/4 | M58: S | N58: MIN | O58: 44
A59: CB | B59: PIT | C59: 4 | D59: Slay, Darius | E59: 33239 | F59: 13/2 | G59: IN/3 | H59: RCB | I59: PHN | J59: 5 | K59: LCB | L59: 4 | M59: LCB | N59: PHI | O59: 6 | P59: 6 | Q59: LCB | R59: PHI | S59: 4 | T59: LCB | U59: DET | V59: 5 | W59: LCB | X59: DET | Y59: 5 | Z59: LCB | AA59: DET | AB59: 6 | AC59: LCB | AD59: DET | AE59: 5 | AF59: LCB | AG59: DET | AH59: 6 | AI59: LCB | AJ59: DET | AK59: 6 | AL59: LCB | AM59: DET | AN59: 5 | AO59: 0 | AP59: 0 | AQ59: 0 | AR59: 0 | AS59: 0 | AT59: 0 | AU59: 0 | AV59: 0 | AW59: 0
A60: CB | B60: ARI | C60: 4 | D60: Williams, Garrett | E60: 37043 | F60: 23/3 | G60: 23/5 | H60: CB | I60: ARN | J60: 6 | K60: FS | L60: 00
A61: CB | B61: PIT | C61: 4 | D61: Echols, Brandin | E61: 35719 | F61: 21/6 | G61: 21/8 | H61: CB | I61: NYA | J61: 4 | K61: FS | L61: 04 | M61: DB | N61: NYJ | O61: 00 | P61: 0
D62: Blackmon, Julian | E62: 36031 | F62: 20/3 | G62: 20/2 | H62: FS | I62: INA | J62: 50 | K62: LCB | L62: 44-0/44 | M62: FS | N62: IND | O62: 05 | Q62: FS | R62: IND | S62: 45
D63: Ward, Charvarius | E63: 35201 | F63: 18/FA | G63: 18/9 | H63: LCB | I63: SFN | J63: 5 | K63: FS | L63: 6 | M63: LCB | N63: SF | O63: 6 | P63: 4 | Q63: LCB | R63: KCA | S63: 4 | T63: LCB | U63: KC | V63: 4 | W63: DB | X63: KC | Y63: 00 | Z63: 0 | AA63: 0 | AB63: 0 | AF63: 0 | AG63: 0 | AH63: 0 | AO63: 0 | AP63: 0 | AQ63: 0 | AR63: 0 | AS63: 0 | AT63: 0 | AU63: 0 | AV63: 0 | AW63: 0
D64: Hilton, Mike | E64: 34402 | F64: 16/FA | G64: 17/6 | H64: CB | I64: CNA | J64: 4 | K64: CB | L64: 6 | M64: CB | N64: CIN | O64: 4 | P64: 5 | Q64: CB | R64: PIA | S64: 4 | T64: CB | U64: PIT | V64: 4 | W64: CB | X64: PIT | Y64: 4 | Z64: CB | AA64: PIT | AB64: 4 | AC64: 0 | AD64: 0 | AE64: 0 | AF64: 0 | AG64: 0 | AH64: 0 | AI64: 0 | AJ64: 0 | AK64: 0 | AL64: 0 | AM64: 0 | AN64: 0 | AO64: 0 | AP64: 0 | AQ64: 0 | AR64: 0 | AS64: 0 | AT64: 0 | AU64: 0 | AV64: 0 | AW64: 0
D65: Whitehead, Jordan | E65: 35507 | F65: 18/4 | G65: 18/5 | H65: SS | I65: TBN | J65: 04 | K65: CB | L65: 44 | M65: SS | N65: NYJ | O65: 54 | P65: 55 | Q65: SS | R65: TBN | S65: 44 | T65: SS | V65: 00 | W65: SS | X65: TB | Y65: 40 | AC65: 0 | AD65: 0 | AE65: 0 | AF65: 0 | AG65: 0 | AH65: 0 | AO65: 0 | AP65: 0 | AQ65: 0 | AR65: 0 | AS65: 0 | AT65: 0 | AU65: 0 | AV65: 0 | AW65: 0
D66: Smith, Cam | E66: 36881 | F66: 23/2 | G66: 24/10 | H66: DB | I66: MIA | J66: 04 | K66: =IF(ISBLANK(VLOOKUP(TRIM(D66),ALL_SOMIFA!$A$1:$V$2721,8,FALSE)),"",IF(ISERROR(VLOOKUP(TRIM(D66),ALL_SOMIFA!$A$1:$V$2721,8,FALSE))," ",VLOOKUP(TRIM(D66),ALL_SOMIFA!$A$1:$V$2721,8,FALSE))) | L66: =IF(ISBLANK(VLOOKUP(TRIM(D66),ALL_SOMIFA!$A$1:$V$2721,9,FALSE)),"",IF(ISERROR(VLOOKUP(TRIM(D66),ALL_SOMIFA!$A$1:$V$2721,9,FALSE))," ",VLOOKUP(TRIM(D66),ALL_SOMIFA!$A$1:$V$2721,9,FALSE))) | M66: =IF(ISBLANK(VLOOKUP(TRIM(D66),ALL_SOMIFA!$A$1:$V$2721,10,FALSE)),"",IF(ISERROR(VLOOKUP(TRIM(D66),ALL_SOMIFA!$A$1:$V$2721,10,FALSE))," ",VLOOKUP(TRIM(D66),ALL_SOMIFA!$A$1:$V$2721,10,FALSE))) | N66: =IF(ISBLANK(VLOOKUP(TRIM(D66),ALL_SOMIFA!$A$1:$V$2721,11,FALSE)),"",IF(ISERROR(VLOOKUP(TRIM(D66),ALL_SOMIFA!$A$1:$V$2721,11,FALSE))," ",VLOOKUP(TRIM(D66),ALL_SOMIFA!$A$1:$V$2721,11,FALSE))) | O66: =IF(ISBLANK(VLOOKUP(TRIM(D66),ALL_SOMIFA!$A$1:$V$2721,12,FALSE)),"",IF(ISERROR(VLOOKUP(TRIM(D66),ALL_SOMIFA!$A$1:$V$2721,12,FALSE))," ",VLOOKUP(TRIM(D66),ALL_SOMIFA!$A$1:$V$2721,12,FALSE))) | P66: =IF(ISBLANK(VLOOKUP(TRIM(D66),ALL_SOMIFA!$A$1:$V$2721,13,FALSE)),"",IF(ISERROR(VLOOKUP(TRIM(D66),ALL_SOMIFA!$A$1:$V$2721,13,FALSE))," ",VLOOKUP(TRIM(D66),ALL_SOMIFA!$A$1:$V$2721,13,FALSE))) | Q66: =IF(ISBLANK(VLOOKUP(TRIM(D66),ALL_SOMIFA!$A$1:$V$2721,14,FALSE)),"",IF(ISERROR(VLOOKUP(TRIM(D66),ALL_SOMIFA!$A$1:$V$2721,14,FALSE))," ",VLOOKUP(TRIM(D66),ALL_SOMIFA!$A$1:$V$2721,14,FALSE))) | R66: =IF(ISBLANK(VLOOKUP(TRIM(D66),ALL_SOMIFA!$A$1:$V$2721,15,FALSE)),"",IF(ISERROR(VLOOKUP(TRIM(D66),ALL_SOMIFA!$A$1:$V$2721,15,FALSE))," ",VLOOKUP(TRIM(D66),ALL_SOMIFA!$A$1:$V$2721,15,FALSE))) | S66: =IF(ISBLANK(VLOOKUP(TRIM(D66),ALL_SOMIFA!$A$1:$V$2721,16,FALSE)),"",IF(ISERROR(VLOOKUP(TRIM(D66),ALL_SOMIFA!$A$1:$V$2721,16,FALSE))," ",VLOOKUP(TRIM(D66),ALL_SOMIFA!$A$1:$V$2721,16,FALSE))) | T66: =IF(ISBLANK(VLOOKUP(TRIM(D66),ALL_SOMIFA!$A$1:$V$2721,17,FALSE)),"",IF(ISERROR(VLOOKUP(TRIM(D66),ALL_SOMIFA!$A$1:$V$2721,17,FALSE))," ",VLOOKUP(TRIM(D66),ALL_SOMIFA!$A$1:$V$2721,17,FALSE))) | U66: =IF(ISBLANK(VLOOKUP(TRIM(D66),ALL_SOMIFA!$A$1:$V$2721,18,FALSE)),"",IF(ISERROR(VLOOKUP(TRIM(D66),ALL_SOMIFA!$A$1:$V$2721,18,FALSE))," ",VLOOKUP(TRIM(D66),ALL_SOMIFA!$A$1:$V$2721,18,FALSE))) | V66: =IF(ISBLANK(VLOOKUP(TRIM(D66),ALL_SOMIFA!$A$1:$V$2721,19,FALSE)),"",IF(ISERROR(VLOOKUP(TRIM(D66),ALL_SOMIFA!$A$1:$V$2721,19,FALSE))," ",VLOOKUP(TRIM(D66),ALL_SOMIFA!$A$1:$V$2721,19,FALSE))) | W66: =IF(ISBLANK(VLOOKUP(TRIM(D66),ALL_SOMIFA!$A$1:$V$2721,20,FALSE)),"",IF(ISERROR(VLOOKUP(TRIM(D66),ALL_SOMIFA!$A$1:$V$2721,20,FALSE))," ",VLOOKUP(TRIM(D66),ALL_SOMIFA!$A$1:$V$2721,20,FALSE))) | X66: =IF(ISBLANK(VLOOKUP(TRIM(D66),ALL_SOMIFA!$A$1:$V$2721,21,FALSE)),"",IF(ISERROR(VLOOKUP(TRIM(D66),ALL_SOMIFA!$A$1:$V$2721,21,FALSE))," ",VLOOKUP(TRIM(D66),ALL_SOMIFA!$A$1:$V$2721,21,FALSE))) | Y66: =IF(ISBLANK(VLOOKUP(TRIM(D66),ALL_SOMIFA!$A$1:$V$2721,22,FALSE)),"",IF(ISERROR(VLOOKUP(TRIM(D66),ALL_SOMIFA!$A$1:$V$2721,22,FALSE))," ",VLOOKUP(TRIM(D66),ALL_SOMIFA!$A$1:$V$2721,22,FALSE)))
A68: PR/KR | B68: BUF | D68: Codrington, Brandon | E68: 36847 | F68: 24/FA | G68: 24/4 | H68: KOR PR | I68: BFA | K68: =IF(ISBLANK(VLOOKUP(TRIM(D68),ALL_SOMIFA!$A$1:$V$2721,8,FALSE)),"",IF(ISERROR(VLOOKUP(TRIM(D68),ALL_SOMIFA!$A$1:$V$2721,8,FALSE))," ",VLOOKUP(TRIM(D68),ALL_SOMIFA!$A$1:$V$2721,8,FALSE))) | L68: =IF(ISBLANK(VLOOKUP(TRIM(D68),ALL_SOMIFA!$A$1:$V$2721,9,FALSE)),"",IF(ISERROR(VLOOKUP(TRIM(D68),ALL_SOMIFA!$A$1:$V$2721,9,FALSE))," ",VLOOKUP(TRIM(D68),ALL_SOMIFA!$A$1:$V$2721,9,FALSE))) | M68: =IF(ISBLANK(VLOOKUP(TRIM(D68),ALL_SOMIFA!$A$1:$V$2721,10,FALSE)),"",IF(ISERROR(VLOOKUP(TRIM(D68),ALL_SOMIFA!$A$1:$V$2721,10,FALSE))," ",VLOOKUP(TRIM(D68),ALL_SOMIFA!$A$1:$V$2721,10,FALSE))) | N68: =IF(ISBLANK(VLOOKUP(TRIM(D68),ALL_SOMIFA!$A$1:$V$2721,11,FALSE)),"",IF(ISERROR(VLOOKUP(TRIM(D68),ALL_SOMIFA!$A$1:$V$2721,11,FALSE))," ",VLOOKUP(TRIM(D68),ALL_SOMIFA!$A$1:$V$2721,11,FALSE))) | O68: =IF(ISBLANK(VLOOKUP(TRIM(D68),ALL_SOMIFA!$A$1:$V$2721,12,FALSE)),"",IF(ISERROR(VLOOKUP(TRIM(D68),ALL_SOMIFA!$A$1:$V$2721,12,FALSE))," ",VLOOKUP(TRIM(D68),ALL_SOMIFA!$A$1:$V$2721,12,FALSE))) | P68: =IF(ISBLANK(VLOOKUP(TRIM(D68),ALL_SOMIFA!$A$1:$V$2721,13,FALSE)),"",IF(ISERROR(VLOOKUP(TRIM(D68),ALL_SOMIFA!$A$1:$V$2721,13,FALSE))," ",VLOOKUP(TRIM(D68),ALL_SOMIFA!$A$1:$V$2721,13,FALSE))) | Q68: =IF(ISBLANK(VLOOKUP(TRIM(D68),ALL_SOMIFA!$A$1:$V$2721,14,FALSE)),"",IF(ISERROR(VLOOKUP(TRIM(D68),ALL_SOMIFA!$A$1:$V$2721,14,FALSE))," ",VLOOKUP(TRIM(D68),ALL_SOMIFA!$A$1:$V$2721,14,FALSE))) | R68: =IF(ISBLANK(VLOOKUP(TRIM(D68),ALL_SOMIFA!$A$1:$V$2721,15,FALSE)),"",IF(ISERROR(VLOOKUP(TRIM(D68),ALL_SOMIFA!$A$1:$V$2721,15,FALSE))," ",VLOOKUP(TRIM(D68),ALL_SOMIFA!$A$1:$V$2721,15,FALSE))) | S68: =IF(ISBLANK(VLOOKUP(TRIM(D68),ALL_SOMIFA!$A$1:$V$2721,16,FALSE)),"",IF(ISERROR(VLOOKUP(TRIM(D68),ALL_SOMIFA!$A$1:$V$2721,16,FALSE))," ",VLOOKUP(TRIM(D68),ALL_SOMIFA!$A$1:$V$2721,16,FALSE))) | T68: =IF(ISBLANK(VLOOKUP(TRIM(D68),ALL_SOMIFA!$A$1:$V$2721,17,FALSE)),"",IF(ISERROR(VLOOKUP(TRIM(D68),ALL_SOMIFA!$A$1:$V$2721,17,FALSE))," ",VLOOKUP(TRIM(D68),ALL_SOMIFA!$A$1:$V$2721,17,FALSE))) | U68: =IF(ISBLANK(VLOOKUP(TRIM(D68),ALL_SOMIFA!$A$1:$V$2721,18,FALSE)),"",IF(ISERROR(VLOOKUP(TRIM(D68),ALL_SOMIFA!$A$1:$V$2721,18,FALSE))," ",VLOOKUP(TRIM(D68),ALL_SOMIFA!$A$1:$V$2721,18,FALSE))) | V68: =IF(ISBLANK(VLOOKUP(TRIM(D68),ALL_SOMIFA!$A$1:$V$2721,19,FALSE)),"",IF(ISERROR(VLOOKUP(TRIM(D68),ALL_SOMIFA!$A$1:$V$2721,19,FALSE))," ",VLOOKUP(TRIM(D68),ALL_SOMIFA!$A$1:$V$2721,19,FALSE))) | W68: =IF(ISBLANK(VLOOKUP(TRIM(D68),ALL_SOMIFA!$A$1:$V$2721,20,FALSE)),"",IF(ISERROR(VLOOKUP(TRIM(D68),ALL_SOMIFA!$A$1:$V$2721,20,FALSE))," ",VLOOKUP(TRIM(D68),ALL_SOMIFA!$A$1:$V$2721,20,FALSE))) | X68: =IF(ISBLANK(VLOOKUP(TRIM(D68),ALL_SOMIFA!$A$1:$V$2721,21,FALSE)),"",IF(ISERROR(VLOOKUP(TRIM(D68),ALL_SOMIFA!$A$1:$V$2721,21,FALSE))," ",VLOOKUP(TRIM(D68),ALL_SOMIFA!$A$1:$V$2721,21,FALSE))) | Y68: =IF(ISBLANK(VLOOKUP(TRIM(D68),ALL_SOMIFA!$A$1:$V$2721,22,FALSE)),"",IF(ISERROR(VLOOKUP(TRIM(D68),ALL_SOMIFA!$A$1:$V$2721,22,FALSE))," ",VLOOKUP(TRIM(D68),ALL_SOMIFA!$A$1:$V$2721,22,FALSE)))
A69: P | B69: ATL | D69: Pinion, Bradley | E69: 34486 | F69: 15/5 | G69: 21/7 | H69: Punt | I69: ATN | K69: P | M69: P | N69: ATL
A70: K | B70: ATL | D70: Gonzalez, Zane | E70: 34826 | F70: 17/7 | H70: PK | I70: WAN | K70: =IF(ISBLANK(VLOOKUP(TRIM(D70),ALL_SOMIFA!$A$1:$V$2721,8,FALSE)),"",IF(ISERROR(VLOOKUP(TRIM(D70),ALL_SOMIFA!$A$1:$V$2721,8,FALSE))," ",VLOOKUP(TRIM(D70),ALL_SOMIFA!$A$1:$V$2721,8,FALSE))) | L70: =IF(ISBLANK(VLOOKUP(TRIM(D70),ALL_SOMIFA!$A$1:$V$2721,9,FALSE)),"",IF(ISERROR(VLOOKUP(TRIM(D70),ALL_SOMIFA!$A$1:$V$2721,9,FALSE))," ",VLOOKUP(TRIM(D70),ALL_SOMIFA!$A$1:$V$2721,9,FALSE))) | M70: =IF(ISBLANK(VLOOKUP(TRIM(D70),ALL_SOMIFA!$A$1:$V$2721,10,FALSE)),"",IF(ISERROR(VLOOKUP(TRIM(D70),ALL_SOMIFA!$A$1:$V$2721,10,FALSE))," ",VLOOKUP(TRIM(D70),ALL_SOMIFA!$A$1:$V$2721,10,FALSE))) | N70: =IF(ISBLANK(VLOOKUP(TRIM(D70),ALL_SOMIFA!$A$1:$V$2721,11,FALSE)),"",IF(ISERROR(VLOOKUP(TRIM(D70),ALL_SOMIFA!$A$1:$V$2721,11,FALSE))," ",VLOOKUP(TRIM(D70),ALL_SOMIFA!$A$1:$V$2721,11,FALSE))) | O70: =IF(ISBLANK(VLOOKUP(TRIM(D70),ALL_SOMIFA!$A$1:$V$2721,12,FALSE)),"",IF(ISERROR(VLOOKUP(TRIM(D70),ALL_SOMIFA!$A$1:$V$2721,12,FALSE))," ",VLOOKUP(TRIM(D70),ALL_SOMIFA!$A$1:$V$2721,12,FALSE))) | P70: =IF(ISBLANK(VLOOKUP(TRIM(D70),ALL_SOMIFA!$A$1:$V$2721,13,FALSE)),"",IF(ISERROR(VLOOKUP(TRIM(D70),ALL_SOMIFA!$A$1:$V$2721,13,FALSE))," ",VLOOKUP(TRIM(D70),ALL_SOMIFA!$A$1:$V$2721,13,FALSE))) | Q70: =IF(ISBLANK(VLOOKUP(TRIM(D70),ALL_SOMIFA!$A$1:$V$2721,14,FALSE)),"",IF(ISERROR(VLOOKUP(TRIM(D70),ALL_SOMIFA!$A$1:$V$2721,14,FALSE))," ",VLOOKUP(TRIM(D70),ALL_SOMIFA!$A$1:$V$2721,14,FALSE))) | R70: =IF(ISBLANK(VLOOKUP(TRIM(D70),ALL_SOMIFA!$A$1:$V$2721,15,FALSE)),"",IF(ISERROR(VLOOKUP(TRIM(D70),ALL_SOMIFA!$A$1:$V$2721,15,FALSE))," ",VLOOKUP(TRIM(D70),ALL_SOMIFA!$A$1:$V$2721,15,FALSE))) | S70: =IF(ISBLANK(VLOOKUP(TRIM(D70),ALL_SOMIFA!$A$1:$V$2721,16,FALSE)),"",IF(ISERROR(VLOOKUP(TRIM(D70),ALL_SOMIFA!$A$1:$V$2721,16,FALSE))," ",VLOOKUP(TRIM(D70),ALL_SOMIFA!$A$1:$V$2721,16,FALSE))) | T70: =IF(ISBLANK(VLOOKUP(TRIM(D70),ALL_SOMIFA!$A$1:$V$2721,17,FALSE)),"",IF(ISERROR(VLOOKUP(TRIM(D70),ALL_SOMIFA!$A$1:$V$2721,17,FALSE))," ",VLOOKUP(TRIM(D70),ALL_SOMIFA!$A$1:$V$2721,17,FALSE))) | U70: =IF(ISBLANK(VLOOKUP(TRIM(D70),ALL_SOMIFA!$A$1:$V$2721,18,FALSE)),"",IF(ISERROR(VLOOKUP(TRIM(D70),ALL_SOMIFA!$A$1:$V$2721,18,FALSE))," ",VLOOKUP(TRIM(D70),ALL_SOMIFA!$A$1:$V$2721,18,FALSE))) | V70: =IF(ISBLANK(VLOOKUP(TRIM(D70),ALL_SOMIFA!$A$1:$V$2721,19,FALSE)),"",IF(ISERROR(VLOOKUP(TRIM(D70),ALL_SOMIFA!$A$1:$V$2721,19,FALSE))," ",VLOOKUP(TRIM(D70),ALL_SOMIFA!$A$1:$V$2721,19,FALSE))) | W70: =IF(ISBLANK(VLOOKUP(TRIM(D70),ALL_SOMIFA!$A$1:$V$2721,20,FALSE)),"",IF(ISERROR(VLOOKUP(TRIM(D70),ALL_SOMIFA!$A$1:$V$2721,20,FALSE))," ",VLOOKUP(TRIM(D70),ALL_SOMIFA!$A$1:$V$2721,20,FALSE))) | X70: =IF(ISBLANK(VLOOKUP(TRIM(D70),ALL_SOMIFA!$A$1:$V$2721,21,FALSE)),"",IF(ISERROR(VLOOKUP(TRIM(D70),ALL_SOMIFA!$A$1:$V$2721,21,FALSE))," ",VLOOKUP(TRIM(D70),ALL_SOMIFA!$A$1:$V$2721,21,FALSE))) | Y70: =IF(ISBLANK(VLOOKUP(TRIM(D70),ALL_SOMIFA!$A$1:$V$2721,22,FALSE)),"",IF(ISERROR(VLOOKUP(TRIM(D70),ALL_SOMIFA!$A$1:$V$2721,22,FALSE))," ",VLOOKUP(TRIM(D70),ALL_SOMIFA!$A$1:$V$2721,22,FALSE)))
E72: Roster # | F72: HB # | G72: KR# | H72: PR# | N72: =IF(ISERROR(VLOOKUP(TRIM(B72),#REF!,11,FALSE())),"",VLOOKUP(TRIM(B72),#REF!,11,FALSE())) | O72: =IF(ISERROR(VLOOKUP(TRIM(B72),#REF!,12,FALSE())),"",VLOOKUP(TRIM(B72),#REF!,12,FALSE())) | P72: =IF(ISERROR(VLOOKUP(TRIM(B72),#REF!,13,FALSE())),"",VLOOKUP(TRIM(B72),#REF!,13,FALSE())) | Q72: =IF(ISERROR(VLOOKUP(TRIM(B72),#REF!,14,FALSE())),"",VLOOKUP(TRIM(B72),#REF!,14,FALSE())) | R72: =IF(ISERROR(VLOOKUP(TRIM(B72),#REF!,15,FALSE())),"",VLOOKUP(TRIM(B72),#REF!,15,FALSE())) | S72: =IF(ISERROR(VLOOKUP(TRIM(B72),#REF!,16,FALSE())),"",VLOOKUP(TRIM(B72),#REF!,16,FALSE())) | W72: =IF(ISERROR(VLOOKUP(TRIM(B72),#REF!,20,FALSE())),"",VLOOKUP(TRIM(B72),#REF!,20,FALSE())) | X72: =IF(ISERROR(VLOOKUP(TRIM(B72),#REF!,21,FALSE())),"",VLOOKUP(TRIM(B72),#REF!,21,FALSE())) | Y72: =IF(ISERROR(VLOOKUP(TRIM(B72),#REF!,22,FALSE())),"",VLOOKUP(TRIM(B72),#REF!,22,FALSE())) | Z72: =IF(ISERROR(VLOOKUP(TRIM(B72),#REF!,20,FALSE())),"",VLOOKUP(TRIM(B72),#REF!,20,FALSE())) | AA72: =IF(ISERROR(VLOOKUP(TRIM(B72),#REF!,21,FALSE())),"",VLOOKUP(TRIM(B72),#REF!,21,FALSE())) | AB72: =IF(ISERROR(VLOOKUP(TRIM(B72),#REF!,22,FALSE())),"",VLOOKUP(TRIM(B72),#REF!,22,FALSE())) | AC72: =IF(ISERROR(VLOOKUP(TRIM(B72),#REF!,23,FALSE())),"",VLOOKUP(TRIM(B72),#REF!,23,FALSE())) | AD72: =IF(ISERROR(VLOOKUP(TRIM(B72),#REF!,24,FALSE())),"",VLOOKUP(TRIM(B72),#REF!,24,FALSE())) | AE72: =IF(ISERROR(VLOOKUP(TRIM(B72),#REF!,25,FALSE())),"",VLOOKUP(TRIM(B72),#REF!,25,FALSE()))
A73: ATLANTA FALCONS -- Jason | E73: =COUNTA(D76:D140) -> 56 | F73: =COUNTIF(A75:A141,"*HB*")-2 -> 0 | G73: =COUNTIF(A75:A140,"*KR*")+COUNTIF(A75:A140,"*LK*") -> 1 | H73: =COUNTIF(A76:A140,"*PR*")+COUNTIF(A76:A140,"*LP*") -> 1 | N73: =IF(ISERROR(VLOOKUP(TRIM(B73),#REF!,11,FALSE())),"",VLOOKUP(TRIM(B73),#REF!,11,FALSE())) | O73: =IF(ISERROR(VLOOKUP(TRIM(B73),#REF!,12,FALSE())),"",VLOOKUP(TRIM(B73),#REF!,12,FALSE())) | P73: =IF(ISERROR(VLOOKUP(TRIM(B73),#REF!,13,FALSE())),"",VLOOKUP(TRIM(B73),#REF!,13,FALSE())) | Q73: =IF(ISERROR(VLOOKUP(TRIM(B73),#REF!,14,FALSE())),"",VLOOKUP(TRIM(B73),#REF!,14,FALSE())) | R73: =IF(ISERROR(VLOOKUP(TRIM(B73),#REF!,15,FALSE())),"",VLOOKUP(TRIM(B73),#REF!,15,FALSE())) | S73: =IF(ISERROR(VLOOKUP(TRIM(B73),#REF!,16,FALSE())),"",VLOOKUP(TRIM(B73),#REF!,16,FALSE())) | W73: =IF(ISERROR(VLOOKUP(TRIM(B73),#REF!,20,FALSE())),"",VLOOKUP(TRIM(B73),#REF!,20,FALSE())) | X73: =IF(ISERROR(VLOOKUP(TRIM(B73),#REF!,21,FALSE())),"",VLOOKUP(TRIM(B73),#REF!,21,FALSE())) | Y73: =IF(ISERROR(VLOOKUP(TRIM(B73),#REF!,22,FALSE())),"",VLOOKUP(TRIM(B73),#REF!,22,FALSE())) | Z73: =IF(ISERROR(VLOOKUP(TRIM(B73),#REF!,20,FALSE())),"",VLOOKUP(TRIM(B73),#REF!,20,FALSE())) | AA73: =IF(ISERROR(VLOOKUP(TRIM(B73),#REF!,21,FALSE())),"",VLOOKUP(TRIM(B73),#REF!,21,FALSE())) | AB73: =IF(ISERROR(VLOOKUP(TRIM(B73),#REF!,22,FALSE())),"",VLOOKUP(TRIM(B73),#REF!,22,FALSE())) | AC73: =IF(ISERROR(VLOOKUP(TRIM(B73),#REF!,23,FALSE())),"",VLOOKUP(TRIM(B73),#REF!,23,FALSE())) | AD73: =IF(ISERROR(VLOOKUP(TRIM(B73),#REF!,24,FALSE())),"",VLOOKUP(TRIM(B73),#REF!,24,FALSE())) | AE73: =IF(ISERROR(VLOOKUP(TRIM(B73),#REF!,25,FALSE())),"",VLOOKUP(TRIM(B73),#REF!,25,FALSE()))
A74: 2025 No #1, NO #3, TEN #3, No #4, No #5, SEA #5, No #7, No #8, CIN #10 | AE74: =IF(ISERROR(VLOOKUP(TRIM(D74),#REF!,20,FALSE())),"",VLOOKUP(TRIM(D74),#REF!,20,FALSE())) | AF74: =IF(ISERROR(VLOOKUP(TRIM(D74),#REF!,21,FALSE())),"",VLOOKUP(TRIM(D74),#REF!,21,FALSE())) | AG74: =IF(ISERROR(VLOOKUP(TRIM(D74),#REF!,22,FALSE())),"",VLOOKUP(TRIM(D74),#REF!,22,FALSE())) | AH74: =IF(ISERROR(VLOOKUP(TRIM(D74),#REF!,20,FALSE())),"",VLOOKUP(TRIM(D74),#REF!,20,FALSE())) | AI74: =IF(ISERROR(VLOOKUP(TRIM(D74),#REF!,21,FALSE())),"",VLOOKUP(TRIM(D74),#REF!,21,FALSE())) | AJ74: =IF(ISERROR(VLOOKUP(TRIM(D74),#REF!,22,FALSE())),"",VLOOKUP(TRIM(D74),#REF!,22,FALSE())) | AK74: =IF(ISERROR(VLOOKUP(TRIM(D74),#REF!,23,FALSE())),"",VLOOKUP(TRIM(D74),#REF!,23,FALSE())) | AL74: =IF(ISERROR(VLOOKUP(TRIM(D74),#REF!,24,FALSE())),"",VLOOKUP(TRIM(D74),#REF!,24,FALSE())) | AM74: =IF(ISERROR(VLOOKUP(TRIM(D74),#REF!,25,FALSE())),"",VLOOKUP(TRIM(D74),#REF!,25,FALSE()))
A76: QB | B76: CHI | D76: Williams, Caleb | E76: 37213 | F76: 24/1(1) | G76: 24/1 (3) | H76: QB(P) | I76: CHN | J76: 562 Attempts | K76: =IF(ISBLANK(VLOOKUP(TRIM(D76),ALL_SOMIFA!$A$1:$V$2721,8,FALSE)),"",IF(ISERROR(VLOOKUP(TRIM(D76),ALL_SOMIFA!$A$1:$V$2721,8,FALSE))," ",VLOOKUP(TRIM(D76),ALL_SOMIFA!$A$1:$V$2721,8,FALSE))) | L76: =IF(ISBLANK(VLOOKUP(TRIM(D76),ALL_SOMIFA!$A$1:$V$2721,9,FALSE)),"",IF(ISERROR(VLOOKUP(TRIM(D76),ALL_SOMIFA!$A$1:$V$2721,9,FALSE))," ",VLOOKUP(TRIM(D76),ALL_SOMIFA!$A$1:$V$2721,9,FALSE))) | M76: =IF(ISBLANK(VLOOKUP(TRIM(D76),ALL_SOMIFA!$A$1:$V$2721,10,FALSE)),"",IF(ISERROR(VLOOKUP(TRIM(D76),ALL_SOMIFA!$A$1:$V$2721,10,FALSE))," ",VLOOKUP(TRIM(D76),ALL_SOMIFA!$A$1:$V$2721,10,FALSE))) | N76: =IF(ISBLANK(VLOOKUP(TRIM(D76),ALL_SOMIFA!$A$1:$V$2721,11,FALSE)),"",IF(ISERROR(VLOOKUP(TRIM(D76),ALL_SOMIFA!$A$1:$V$2721,11,FALSE))," ",VLOOKUP(TRIM(D76),ALL_SOMIFA!$A$1:$V$2721,11,FALSE))) | O76: =IF(ISBLANK(VLOOKUP(TRIM(D76),ALL_SOMIFA!$A$1:$V$2721,12,FALSE)),"",IF(ISERROR(VLOOKUP(TRIM(D76),ALL_SOMIFA!$A$1:$V$2721,12,FALSE))," ",VLOOKUP(TRIM(D76),ALL_SOMIFA!$A$1:$V$2721,12,FALSE))) | P76: =IF(ISBLANK(VLOOKUP(TRIM(D76),ALL_SOMIFA!$A$1:$V$2721,13,FALSE)),"",IF(ISERROR(VLOOKUP(TRIM(D76),ALL_SOMIFA!$A$1:$V$2721,13,FALSE))," ",VLOOKUP(TRIM(D76),ALL_SOMIFA!$A$1:$V$2721,13,FALSE))) | Q76: =IF(ISBLANK(VLOOKUP(TRIM(D76),ALL_SOMIFA!$A$1:$V$2721,14,FALSE)),"",IF(ISERROR(VLOOKUP(TRIM(D76),ALL_SOMIFA!$A$1:$V$2721,14,FALSE))," ",VLOOKUP(TRIM(D76),ALL_SOMIFA!$A$1:$V$2721,14,FALSE))) | R76: =IF(ISBLANK(VLOOKUP(TRIM(D76),ALL_SOMIFA!$A$1:$V$2721,15,FALSE)),"",IF(ISERROR(VLOOKUP(TRIM(D76),ALL_SOMIFA!$A$1:$V$2721,15,FALSE))," ",VLOOKUP(TRIM(D76),ALL_SOMIFA!$A$1:$V$2721,15,FALSE))) | S76: =IF(ISBLANK(VLOOKUP(TRIM(D76),ALL_SOMIFA!$A$1:$V$2721,16,FALSE)),"",IF(ISERROR(VLOOKUP(TRIM(D76),ALL_SOMIFA!$A$1:$V$2721,16,FALSE))," ",VLOOKUP(TRIM(D76),ALL_SOMIFA!$A$1:$V$2721,16,FALSE))) | T76: =IF(ISBLANK(VLOOKUP(TRIM(D76),ALL_SOMIFA!$A$1:$V$2721,17,FALSE)),"",IF(ISERROR(VLOOKUP(TRIM(D76),ALL_SOMIFA!$A$1:$V$2721,17,FALSE))," ",VLOOKUP(TRIM(D76),ALL_SOMIFA!$A$1:$V$2721,17,FALSE))) | U76: =IF(ISBLANK(VLOOKUP(TRIM(D76),ALL_SOMIFA!$A$1:$V$2721,18,FALSE)),"",IF(ISERROR(VLOOKUP(TRIM(D76),ALL_SOMIFA!$A$1:$V$2721,18,FALSE))," ",VLOOKUP(TRIM(D76),ALL_SOMIFA!$A$1:$V$2721,18,FALSE))) | V76: =IF(ISBLANK(VLOOKUP(TRIM(D76),ALL_SOMIFA!$A$1:$V$2721,19,FALSE)),"",IF(ISERROR(VLOOKUP(TRIM(D76),ALL_SOMIFA!$A$1:$V$2721,19,FALSE))," ",VLOOKUP(TRIM(D76),ALL_SOMIFA!$A$1:$V$2721,19,FALSE))) | W76: =IF(ISBLANK(VLOOKUP(TRIM(D76),ALL_SOMIFA!$A$1:$V$2721,20,FALSE)),"",IF(ISERROR(VLOOKUP(TRIM(D76),ALL_SOMIFA!$A$1:$V$2721,20,FALSE))," ",VLOOKUP(TRIM(D76),ALL_SOMIFA!$A$1:$V$2721,20,FALSE))) | X76: =IF(ISBLANK(VLOOKUP(TRIM(D76),ALL_SOMIFA!$A$1:$V$2721,21,FALSE)),"",IF(ISERROR(VLOOKUP(TRIM(D76),ALL_SOMIFA!$A$1:$V$2721,21,FALSE))," ",VLOOKUP(TRIM(D76),ALL_SOMIFA!$A$1:$V$2721,21,FALSE))) | Y76: =IF(ISBLANK(VLOOKUP(TRIM(D76),ALL_SOMIFA!$A$1:$V$2721,22,FALSE)),"",IF(ISERROR(VLOOKUP(TRIM(D76),ALL_SOMIFA!$A$1:$V$2721,22,FALSE))," ",VLOOKUP(TRIM(D76),ALL_SOMIFA!$A$1:$V$2721,22,FALSE)))
A77: QB | B77: ATL | D77: Cousins, Kirk | E77: 32374 | F77: 12/4 | G77: IN/1(4) | H77: QB | I77: ATN | J77: 453 Attempts | K77: QB | M77: QB | N77: MIN | Q77: QB | R77: MIN | T77: QB | U77: MIN | W77: QB | X77: MIN | Y77: 0 | Z77: QB | AA77: WAS | AB77: 0 | AC77: QB | AD77: WAS | AF77: QB | AG77: WAS | AH77: 0 | AI77: QB | AJ77: WAS | AK77: 0 | AL77: QB | AM77: WAS | AN77: 0 | AO77: QB | AP77: WAS | AQ77: 48 attempts | AR77: 0 | AS77: 0 | AT77: 0 | AU77: 0 | AV77: 0 | AW77: 0
A79: HB | B79: CHI | C79: 0-0 223 | D79: Swift, D'Andre | E79: 36174 | F79: 20/2 | G79: 20/1 (27) | H79: HB | I79: CHN | J79: 0-2 253 | K79: HB | L79: 0-2 229 | M79: HB | N79: DET | O79: 0-2 99 | P79: 0-0 151 | Q79: HB | R79: DET | S79: 0-0 114
A80: FB/HB | B80: DAL | C80: 0-2 16 | D80: Luepke, Hunter | E80: 36584 | F80: 23/FA | G80: 23/5 | H80: FB | I80: DAN | J80: 0-3 | K80: HB | L80: 5-0 6
D81: Sermon, Trey | E81: 36190 | F81: 21/3 | G81: 23/5 | H81: HB | I81: INA | J81: 0-056 | K81: HB | L81: 0-2 35
D82: Mims, Jordan | E82: 36312 | F82: 23/FA | G82: 24/10 | H82: SE FL HB | I82: NON | J82: 0-04-3-3 20 | K82: =IF(ISBLANK(VLOOKUP(TRIM(D82),ALL_SOMIFA!$A$1:$V$2721,8,FALSE)),"",IF(ISERROR(VLOOKUP(TRIM(D82),ALL_SOMIFA!$A$1:$V$2721,8,FALSE))," ",VLOOKUP(TRIM(D82),ALL_SOMIFA!$A$1:$V$2721,8,FALSE))) | L82: =IF(ISBLANK(VLOOKUP(TRIM(D82),ALL_SOMIFA!$A$1:$V$2721,9,FALSE)),"",IF(ISERROR(VLOOKUP(TRIM(D82),ALL_SOMIFA!$A$1:$V$2721,9,FALSE))," ",VLOOKUP(TRIM(D82),ALL_SOMIFA!$A$1:$V$2721,9,FALSE))) | M82: =IF(ISBLANK(VLOOKUP(TRIM(D82),ALL_SOMIFA!$A$1:$V$2721,10,FALSE)),"",IF(ISERROR(VLOOKUP(TRIM(D82),ALL_SOMIFA!$A$1:$V$2721,10,FALSE))," ",VLOOKUP(TRIM(D82),ALL_SOMIFA!$A$1:$V$2721,10,FALSE))) | N82: =IF(ISBLANK(VLOOKUP(TRIM(D82),ALL_SOMIFA!$A$1:$V$2721,11,FALSE)),"",IF(ISERROR(VLOOKUP(TRIM(D82),ALL_SOMIFA!$A$1:$V$2721,11,FALSE))," ",VLOOKUP(TRIM(D82),ALL_SOMIFA!$A$1:$V$2721,11,FALSE))) | O82: =IF(ISBLANK(VLOOKUP(TRIM(D82),ALL_SOMIFA!$A$1:$V$2721,12,FALSE)),"",IF(ISERROR(VLOOKUP(TRIM(D82),ALL_SOMIFA!$A$1:$V$2721,12,FALSE))," ",VLOOKUP(TRIM(D82),ALL_SOMIFA!$A$1:$V$2721,12,FALSE))) | P82: =IF(ISBLANK(VLOOKUP(TRIM(D82),ALL_SOMIFA!$A$1:$V$2721,13,FALSE)),"",IF(ISERROR(VLOOKUP(TRIM(D82),ALL_SOMIFA!$A$1:$V$2721,13,FALSE))," ",VLOOKUP(TRIM(D82),ALL_SOMIFA!$A$1:$V$2721,13,FALSE))) | Q82: =IF(ISBLANK(VLOOKUP(TRIM(D82),ALL_SOMIFA!$A$1:$V$2721,14,FALSE)),"",IF(ISERROR(VLOOKUP(TRIM(D82),ALL_SOMIFA!$A$1:$V$2721,14,FALSE))," ",VLOOKUP(TRIM(D82),ALL_SOMIFA!$A$1:$V$2721,14,FALSE))) | R82: =IF(ISBLANK(VLOOKUP(TRIM(D82),ALL_SOMIFA!$A$1:$V$2721,15,FALSE)),"",IF(ISERROR(VLOOKUP(TRIM(D82),ALL_SOMIFA!$A$1:$V$2721,15,FALSE))," ",VLOOKUP(TRIM(D82),ALL_SOMIFA!$A$1:$V$2721,15,FALSE))) | S82: =IF(ISBLANK(VLOOKUP(TRIM(D82),ALL_SOMIFA!$A$1:$V$2721,16,FALSE)),"",IF(ISERROR(VLOOKUP(TRIM(D82),ALL_SOMIFA!$A$1:$V$2721,16,FALSE))," ",VLOOKUP(TRIM(D82),ALL_SOMIFA!$A$1:$V$2721,16,FALSE))) | T82: =IF(ISBLANK(VLOOKUP(TRIM(D82),ALL_SOMIFA!$A$1:$V$2721,17,FALSE)),"",IF(ISERROR(VLOOKUP(TRIM(D82),ALL_SOMIFA!$A$1:$V$2721,17,FALSE))," ",VLOOKUP(TRIM(D82),ALL_SOMIFA!$A$1:$V$2721,17,FALSE))) | U82: =IF(ISBLANK(VLOOKUP(TRIM(D82),ALL_SOMIFA!$A$1:$V$2721,18,FALSE)),"",IF(ISERROR(VLOOKUP(TRIM(D82),ALL_SOMIFA!$A$1:$V$2721,18,FALSE))," ",VLOOKUP(TRIM(D82),ALL_SOMIFA!$A$1:$V$2721,18,FALSE))) | V82: =IF(ISBLANK(VLOOKUP(TRIM(D82),ALL_SOMIFA!$A$1:$V$2721,19,FALSE)),"",IF(ISERROR(VLOOKUP(TRIM(D82),ALL_SOMIFA!$A$1:$V$2721,19,FALSE))," ",VLOOKUP(TRIM(D82),ALL_SOMIFA!$A$1:$V$2721,19,FALSE))) | W82: =IF(ISBLANK(VLOOKUP(TRIM(D82),ALL_SOMIFA!$A$1:$V$2721,20,FALSE)),"",IF(ISERROR(VLOOKUP(TRIM(D82),ALL_SOMIFA!$A$1:$V$2721,20,FALSE))," ",VLOOKUP(TRIM(D82),ALL_SOMIFA!$A$1:$V$2721,20,FALSE))) | X82: =IF(ISBLANK(VLOOKUP(TRIM(D82),ALL_SOMIFA!$A$1:$V$2721,21,FALSE)),"",IF(ISERROR(VLOOKUP(TRIM(D82),ALL_SOMIFA!$A$1:$V$2721,21,FALSE))," ",VLOOKUP(TRIM(D82),ALL_SOMIFA!$A$1:$V$2721,21,FALSE))) | Y82: =IF(ISBLANK(VLOOKUP(TRIM(D82),ALL_SOMIFA!$A$1:$V$2721,22,FALSE)),"",IF(ISERROR(VLOOKUP(TRIM(D82),ALL_SOMIFA!$A$1:$V$2721,22,FALSE))," ",VLOOKUP(TRIM(D82),ALL_SOMIFA!$A$1:$V$2721,22,FALSE)))
D83: Taylor, J.J. | E83: 35796 | F83: 21/FA | G83: 24/10 | H83: HB | I83: HOA | J83: 0-0 10 | K83: =IF(ISBLANK(VLOOKUP(TRIM(D83),ALL_SOMIFA!$A$1:$V$2721,8,FALSE)),"",IF(ISERROR(VLOOKUP(TRIM(D83),ALL_SOMIFA!$A$1:$V$2721,8,FALSE))," ",VLOOKUP(TRIM(D83),ALL_SOMIFA!$A$1:$V$2721,8,FALSE))) | L83: =IF(ISBLANK(VLOOKUP(TRIM(D83),ALL_SOMIFA!$A$1:$V$2721,9,FALSE)),"",IF(ISERROR(VLOOKUP(TRIM(D83),ALL_SOMIFA!$A$1:$V$2721,9,FALSE))," ",VLOOKUP(TRIM(D83),ALL_SOMIFA!$A$1:$V$2721,9,FALSE))) | M83: =IF(ISBLANK(VLOOKUP(TRIM(D83),ALL_SOMIFA!$A$1:$V$2721,10,FALSE)),"",IF(ISERROR(VLOOKUP(TRIM(D83),ALL_SOMIFA!$A$1:$V$2721,10,FALSE))," ",VLOOKUP(TRIM(D83),ALL_SOMIFA!$A$1:$V$2721,10,FALSE))) | N83: =IF(ISBLANK(VLOOKUP(TRIM(D83),ALL_SOMIFA!$A$1:$V$2721,11,FALSE)),"",IF(ISERROR(VLOOKUP(TRIM(D83),ALL_SOMIFA!$A$1:$V$2721,11,FALSE))," ",VLOOKUP(TRIM(D83),ALL_SOMIFA!$A$1:$V$2721,11,FALSE))) | O83: =IF(ISBLANK(VLOOKUP(TRIM(D83),ALL_SOMIFA!$A$1:$V$2721,12,FALSE)),"",IF(ISERROR(VLOOKUP(TRIM(D83),ALL_SOMIFA!$A$1:$V$2721,12,FALSE))," ",VLOOKUP(TRIM(D83),ALL_SOMIFA!$A$1:$V$2721,12,FALSE))) | P83: =IF(ISBLANK(VLOOKUP(TRIM(D83),ALL_SOMIFA!$A$1:$V$2721,13,FALSE)),"",IF(ISERROR(VLOOKUP(TRIM(D83),ALL_SOMIFA!$A$1:$V$2721,13,FALSE))," ",VLOOKUP(TRIM(D83),ALL_SOMIFA!$A$1:$V$2721,13,FALSE))) | Q83: =IF(ISBLANK(VLOOKUP(TRIM(D83),ALL_SOMIFA!$A$1:$V$2721,14,FALSE)),"",IF(ISERROR(VLOOKUP(TRIM(D83),ALL_SOMIFA!$A$1:$V$2721,14,FALSE))," ",VLOOKUP(TRIM(D83),ALL_SOMIFA!$A$1:$V$2721,14,FALSE))) | R83: =IF(ISBLANK(VLOOKUP(TRIM(D83),ALL_SOMIFA!$A$1:$V$2721,15,FALSE)),"",IF(ISERROR(VLOOKUP(TRIM(D83),ALL_SOMIFA!$A$1:$V$2721,15,FALSE))," ",VLOOKUP(TRIM(D83),ALL_SOMIFA!$A$1:$V$2721,15,FALSE))) | S83: =IF(ISBLANK(VLOOKUP(TRIM(D83),ALL_SOMIFA!$A$1:$V$2721,16,FALSE)),"",IF(ISERROR(VLOOKUP(TRIM(D83),ALL_SOMIFA!$A$1:$V$2721,16,FALSE))," ",VLOOKUP(TRIM(D83),ALL_SOMIFA!$A$1:$V$2721,16,FALSE))) | T83: =IF(ISBLANK(VLOOKUP(TRIM(D83),ALL_SOMIFA!$A$1:$V$2721,17,FALSE)),"",IF(ISERROR(VLOOKUP(TRIM(D83),ALL_SOMIFA!$A$1:$V$2721,17,FALSE))," ",VLOOKUP(TRIM(D83),ALL_SOMIFA!$A$1:$V$2721,17,FALSE))) | U83: =IF(ISBLANK(VLOOKUP(TRIM(D83),ALL_SOMIFA!$A$1:$V$2721,18,FALSE)),"",IF(ISERROR(VLOOKUP(TRIM(D83),ALL_SOMIFA!$A$1:$V$2721,18,FALSE))," ",VLOOKUP(TRIM(D83),ALL_SOMIFA!$A$1:$V$2721,18,FALSE))) | V83: =IF(ISBLANK(VLOOKUP(TRIM(D83),ALL_SOMIFA!$A$1:$V$2721,19,FALSE)),"",IF(ISERROR(VLOOKUP(TRIM(D83),ALL_SOMIFA!$A$1:$V$2721,19,FALSE))," ",VLOOKUP(TRIM(D83),ALL_SOMIFA!$A$1:$V$2721,19,FALSE))) | W83: =IF(ISBLANK(VLOOKUP(TRIM(D83),ALL_SOMIFA!$A$1:$V$2721,20,FALSE)),"",IF(ISERROR(VLOOKUP(TRIM(D83),ALL_SOMIFA!$A$1:$V$2721,20,FALSE))," ",VLOOKUP(TRIM(D83),ALL_SOMIFA!$A$1:$V$2721,20,FALSE))) | X83: =IF(ISBLANK(VLOOKUP(TRIM(D83),ALL_SOMIFA!$A$1:$V$2721,21,FALSE)),"",IF(ISERROR(VLOOKUP(TRIM(D83),ALL_SOMIFA!$A$1:$V$2721,21,FALSE))," ",VLOOKUP(TRIM(D83),ALL_SOMIFA!$A$1:$V$2721,21,FALSE))) | Y83: =IF(ISBLANK(VLOOKUP(TRIM(D83),ALL_SOMIFA!$A$1:$V$2721,22,FALSE)),"",IF(ISERROR(VLOOKUP(TRIM(D83),ALL_SOMIFA!$A$1:$V$2721,22,FALSE))," ",VLOOKUP(TRIM(D83),ALL_SOMIFA!$A$1:$V$2721,22,FALSE)))
A85: WR | B85: JAX | D85: Meyers, Jakobi | E85: 35378 | F85: 19/FA | G85: 19/8 | H85: FL | I85: LVA | J85: 6-5-5 | K85: FL | M85: FL | N85: NE | Q85: FL TE BB | R85: NEA | S85: 0-0 | T85: WR | U85: NE | V85: 0
A86: SE | B86: NE | D86: Boutte, Kayshon | E86: 37383 | F86: 23/6 | G86: 24/3 | H86: SE | I86: NEA | J86: 4-4-5 | K86: =IF(ISBLANK(VLOOKUP(TRIM(D86),ALL_SOMIFA!$A$1:$V$2721,8,FALSE)),"",IF(ISERROR(VLOOKUP(TRIM(D86),ALL_SOMIFA!$A$1:$V$2721,8,FALSE))," ",VLOOKUP(TRIM(D86),ALL_SOMIFA!$A$1:$V$2721,8,FALSE))) | L86: =IF(ISBLANK(VLOOKUP(TRIM(D86),ALL_SOMIFA!$A$1:$V$2721,9,FALSE)),"",IF(ISERROR(VLOOKUP(TRIM(D86),ALL_SOMIFA!$A$1:$V$2721,9,FALSE))," ",VLOOKUP(TRIM(D86),ALL_SOMIFA!$A$1:$V$2721,9,FALSE))) | M86: =IF(ISBLANK(VLOOKUP(TRIM(D86),ALL_SOMIFA!$A$1:$V$2721,10,FALSE)),"",IF(ISERROR(VLOOKUP(TRIM(D86),ALL_SOMIFA!$A$1:$V$2721,10,FALSE))," ",VLOOKUP(TRIM(D86),ALL_SOMIFA!$A$1:$V$2721,10,FALSE))) | N86: =IF(ISBLANK(VLOOKUP(TRIM(D86),ALL_SOMIFA!$A$1:$V$2721,11,FALSE)),"",IF(ISERROR(VLOOKUP(TRIM(D86),ALL_SOMIFA!$A$1:$V$2721,11,FALSE))," ",VLOOKUP(TRIM(D86),ALL_SOMIFA!$A$1:$V$2721,11,FALSE))) | O86: =IF(ISBLANK(VLOOKUP(TRIM(D86),ALL_SOMIFA!$A$1:$V$2721,12,FALSE)),"",IF(ISERROR(VLOOKUP(TRIM(D86),ALL_SOMIFA!$A$1:$V$2721,12,FALSE))," ",VLOOKUP(TRIM(D86),ALL_SOMIFA!$A$1:$V$2721,12,FALSE))) | P86: =IF(ISBLANK(VLOOKUP(TRIM(D86),ALL_SOMIFA!$A$1:$V$2721,13,FALSE)),"",IF(ISERROR(VLOOKUP(TRIM(D86),ALL_SOMIFA!$A$1:$V$2721,13,FALSE))," ",VLOOKUP(TRIM(D86),ALL_SOMIFA!$A$1:$V$2721,13,FALSE))) | Q86: =IF(ISBLANK(VLOOKUP(TRIM(D86),ALL_SOMIFA!$A$1:$V$2721,14,FALSE)),"",IF(ISERROR(VLOOKUP(TRIM(D86),ALL_SOMIFA!$A$1:$V$2721,14,FALSE))," ",VLOOKUP(TRIM(D86),ALL_SOMIFA!$A$1:$V$2721,14,FALSE))) | R86: =IF(ISBLANK(VLOOKUP(TRIM(D86),ALL_SOMIFA!$A$1:$V$2721,15,FALSE)),"",IF(ISERROR(VLOOKUP(TRIM(D86),ALL_SOMIFA!$A$1:$V$2721,15,FALSE))," ",VLOOKUP(TRIM(D86),ALL_SOMIFA!$A$1:$V$2721,15,FALSE))) | S86: =IF(ISBLANK(VLOOKUP(TRIM(D86),ALL_SOMIFA!$A$1:$V$2721,16,FALSE)),"",IF(ISERROR(VLOOKUP(TRIM(D86),ALL_SOMIFA!$A$1:$V$2721,16,FALSE))," ",VLOOKUP(TRIM(D86),ALL_SOMIFA!$A$1:$V$2721,16,FALSE))) | T86: =IF(ISBLANK(VLOOKUP(TRIM(D86),ALL_SOMIFA!$A$1:$V$2721,17,FALSE)),"",IF(ISERROR(VLOOKUP(TRIM(D86),ALL_SOMIFA!$A$1:$V$2721,17,FALSE))," ",VLOOKUP(TRIM(D86),ALL_SOMIFA!$A$1:$V$2721,17,FALSE))) | U86: =IF(ISBLANK(VLOOKUP(TRIM(D86),ALL_SOMIFA!$A$1:$V$2721,18,FALSE)),"",IF(ISERROR(VLOOKUP(TRIM(D86),ALL_SOMIFA!$A$1:$V$2721,18,FALSE))," ",VLOOKUP(TRIM(D86),ALL_SOMIFA!$A$1:$V$2721,18,FALSE))) | V86: =IF(ISBLANK(VLOOKUP(TRIM(D86),ALL_SOMIFA!$A$1:$V$2721,19,FALSE)),"",IF(ISERROR(VLOOKUP(TRIM(D86),ALL_SOMIFA!$A$1:$V$2721,19,FALSE))," ",VLOOKUP(TRIM(D86),ALL_SOMIFA!$A$1:$V$2721,19,FALSE))) | W86: =IF(ISBLANK(VLOOKUP(TRIM(D86),ALL_SOMIFA!$A$1:$V$2721,20,FALSE)),"",IF(ISERROR(VLOOKUP(TRIM(D86),ALL_SOMIFA!$A$1:$V$2721,20,FALSE))," ",VLOOKUP(TRIM(D86),ALL_SOMIFA!$A$1:$V$2721,20,FALSE))) | X86: =IF(ISBLANK(VLOOKUP(TRIM(D86),ALL_SOMIFA!$A$1:$V$2721,21,FALSE)),"",IF(ISERROR(VLOOKUP(TRIM(D86),ALL_SOMIFA!$A$1:$V$2721,21,FALSE))," ",VLOOKUP(TRIM(D86),ALL_SOMIFA!$A$1:$V$2721,21,FALSE))) | Y86: =IF(ISBLANK(VLOOKUP(TRIM(D86),ALL_SOMIFA!$A$1:$V$2721,22,FALSE)),"",IF(ISERROR(VLOOKUP(TRIM(D86),ALL_SOMIFA!$A$1:$V$2721,22,FALSE))," ",VLOOKUP(TRIM(D86),ALL_SOMIFA!$A$1:$V$2721,22,FALSE)))
A87: WR | B87: TB | D87: McMillan, Jalen | E87: 37232 | F87: 24/3(92) | G87: 24/5 | H87: SE FL | I87: TBN | J87: 4-4-4 | K87: =IF(ISBLANK(VLOOKUP(TRIM(D87),ALL_SOMIFA!$A$1:$V$2721,8,FALSE)),"",IF(ISERROR(VLOOKUP(TRIM(D87),ALL_SOMIFA!$A$1:$V$2721,8,FALSE))," ",VLOOKUP(TRIM(D87),ALL_SOMIFA!$A$1:$V$2721,8,FALSE))) | L87: =IF(ISBLANK(VLOOKUP(TRIM(D87),ALL_SOMIFA!$A$1:$V$2721,9,FALSE)),"",IF(ISERROR(VLOOKUP(TRIM(D87),ALL_SOMIFA!$A$1:$V$2721,9,FALSE))," ",VLOOKUP(TRIM(D87),ALL_SOMIFA!$A$1:$V$2721,9,FALSE))) | M87: =IF(ISBLANK(VLOOKUP(TRIM(D87),ALL_SOMIFA!$A$1:$V$2721,10,FALSE)),"",IF(ISERROR(VLOOKUP(TRIM(D87),ALL_SOMIFA!$A$1:$V$2721,10,FALSE))," ",VLOOKUP(TRIM(D87),ALL_SOMIFA!$A$1:$V$2721,10,FALSE))) | N87: =IF(ISBLANK(VLOOKUP(TRIM(D87),ALL_SOMIFA!$A$1:$V$2721,11,FALSE)),"",IF(ISERROR(VLOOKUP(TRIM(D87),ALL_SOMIFA!$A$1:$V$2721,11,FALSE))," ",VLOOKUP(TRIM(D87),ALL_SOMIFA!$A$1:$V$2721,11,FALSE))) | O87: =IF(ISBLANK(VLOOKUP(TRIM(D87),ALL_SOMIFA!$A$1:$V$2721,12,FALSE)),"",IF(ISERROR(VLOOKUP(TRIM(D87),ALL_SOMIFA!$A$1:$V$2721,12,FALSE))," ",VLOOKUP(TRIM(D87),ALL_SOMIFA!$A$1:$V$2721,12,FALSE))) | P87: =IF(ISBLANK(VLOOKUP(TRIM(D87),ALL_SOMIFA!$A$1:$V$2721,13,FALSE)),"",IF(ISERROR(VLOOKUP(TRIM(D87),ALL_SOMIFA!$A$1:$V$2721,13,FALSE))," ",VLOOKUP(TRIM(D87),ALL_SOMIFA!$A$1:$V$2721,13,FALSE))) | Q87: =IF(ISBLANK(VLOOKUP(TRIM(D87),ALL_SOMIFA!$A$1:$V$2721,14,FALSE)),"",IF(ISERROR(VLOOKUP(TRIM(D87),ALL_SOMIFA!$A$1:$V$2721,14,FALSE))," ",VLOOKUP(TRIM(D87),ALL_SOMIFA!$A$1:$V$2721,14,FALSE))) | R87: =IF(ISBLANK(VLOOKUP(TRIM(D87),ALL_SOMIFA!$A$1:$V$2721,15,FALSE)),"",IF(ISERROR(VLOOKUP(TRIM(D87),ALL_SOMIFA!$A$1:$V$2721,15,FALSE))," ",VLOOKUP(TRIM(D87),ALL_SOMIFA!$A$1:$V$2721,15,FALSE))) | S87: =IF(ISBLANK(VLOOKUP(TRIM(D87),ALL_SOMIFA!$A$1:$V$2721,16,FALSE)),"",IF(ISERROR(VLOOKUP(TRIM(D87),ALL_SOMIFA!$A$1:$V$2721,16,FALSE))," ",VLOOKUP(TRIM(D87),ALL_SOMIFA!$A$1:$V$2721,16,FALSE))) | T87: =IF(ISBLANK(VLOOKUP(TRIM(D87),ALL_SOMIFA!$A$1:$V$2721,17,FALSE)),"",IF(ISERROR(VLOOKUP(TRIM(D87),ALL_SOMIFA!$A$1:$V$2721,17,FALSE))," ",VLOOKUP(TRIM(D87),ALL_SOMIFA!$A$1:$V$2721,17,FALSE))) | U87: =IF(ISBLANK(VLOOKUP(TRIM(D87),ALL_SOMIFA!$A$1:$V$2721,18,FALSE)),"",IF(ISERROR(VLOOKUP(TRIM(D87),ALL_SOMIFA!$A$1:$V$2721,18,FALSE))," ",VLOOKUP(TRIM(D87),ALL_SOMIFA!$A$1:$V$2721,18,FALSE))) | V87: =IF(ISBLANK(VLOOKUP(TRIM(D87),ALL_SOMIFA!$A$1:$V$2721,19,FALSE)),"",IF(ISERROR(VLOOKUP(TRIM(D87),ALL_SOMIFA!$A$1:$V$2721,19,FALSE))," ",VLOOKUP(TRIM(D87),ALL_SOMIFA!$A$1:$V$2721,19,FALSE))) | W87: =IF(ISBLANK(VLOOKUP(TRIM(D87),ALL_SOMIFA!$A$1:$V$2721,20,FALSE)),"",IF(ISERROR(VLOOKUP(TRIM(D87),ALL_SOMIFA!$A$1:$V$2721,20,FALSE))," ",VLOOKUP(TRIM(D87),ALL_SOMIFA!$A$1:$V$2721,20,FALSE))) | X87: =IF(ISBLANK(VLOOKUP(TRIM(D87),ALL_SOMIFA!$A$1:$V$2721,21,FALSE)),"",IF(ISERROR(VLOOKUP(TRIM(D87),ALL_SOMIFA!$A$1:$V$2721,21,FALSE))," ",VLOOKUP(TRIM(D87),ALL_SOMIFA!$A$1:$V$2721,21,FALSE))) | Y87: =IF(ISBLANK(VLOOKUP(TRIM(D87),ALL_SOMIFA!$A$1:$V$2721,22,FALSE)),"",IF(ISERROR(VLOOKUP(TRIM(D87),ALL_SOMIFA!$A$1:$V$2721,22,FALSE))," ",VLOOKUP(TRIM(D87),ALL_SOMIFA!$A$1:$V$2721,22,FALSE)))
D88: McCloud, Ray-Ray | E88: 35353 | F88: 18/6 | G88: 19/9 | H88: SE FL KOR | I88: ATN | J88: 4-5-3 | K88: WR/LP/KR | M88: WR/LP/LK | N88: SF | Q88: WR LK LP | R88: PIA | T88: PR/KR | U88: CAR | V88: 0
D89: Woods, Robert | E89: 33704 | F89: 13/2 | G89: IN/31 | H89: SE FL PR | I89: HOA | J89: 4-3-3 | K89: WR | M89: SE/PR | N89: TEN | P89: 4 | Q89: FL | R89: LAR | T89: FL | U89: LAR | W89: FL | X89: LAR | Y89: 0 | Z89: FL | AA89: LAR | AB89: 0 | AC89: FL | AD89: BUF | AF89: FL | AG89: BUF | AH89: 0 | AO89: 0 | AP89: 0 | AQ89: 0 | AR89: 0 | AS89: 0 | AT89: 0 | AU89: 0 | AV89: 0 | AW89: 0
A91: BB/TE | B91: CHI | C91: 0-5/4 | D91: Kmet, Cole | E91: 36229 | F91: 20/2 | H91: TE | I91: CHN | J91: 5 4-4-3 | K91: WR/LP/KR | L91: 4 | M91: TE | N91: CHI | O91: 5 | P91: 4 | Q91: BB/TE | R91: CHI | S91: 0-5/5
A92: TE | B92: CIN | C92: 4 | D92: Gesicki, Mike | E92: 34975 | F92: 18/2 | G92: 18/4 | H92: BB TE | I92: CNA | J92: 0-2 5-5-0 | K92: WR | L92: 0-4/0 | M92: TE/BB | N92: MIA | O92: 0/0-0 | P92: 0 | Q92: TE | R92: MIA | S92: 0-0 | T92: BB/TE | U92: MIA | V92: 0-2/4 | W92: TE/BB | X92: MIA | Y92: 0/0-0 | AC92: 0 | AD92: 0 | AE92: 0 | AF92: 0 | AG92: 0 | AH92: 0 | AI92: 0 | AJ92: 0 | AK92: 0 | AL92: 0 | AM92: 0 | AN92: 0 | AO92: 0 | AP92: 0 | AQ92: 0 | AR92: 0 | AS92: 0 | AT92: 0 | AU92: 0 | AV92: 0 | AW92: 0
A94: LT | B94: BUF | C94: 6-7 | D94: Dawkins, Dion | E94: 34450 | F94: 17/2 | G94: 17/2 | H94: LT | I94: BFA | J94: 6-7 | K94: C | L94: 6-7 | M94: LT | N94: BUF | O94: 5-7 | P94: 6-7 | Q94: LT | R94: BUF | S94: 5-7 | T94: LT/TE | U94: BUF | V94: 4-5/0 | W94: LT/TE | X94: BUF | Y94: 4-5/5 | Z94: LT | AA94: BUF | AB94: 5-2 | AC94: 0 | AD94: 0 | AE94: 0 | AF94: 0 | AG94: 0 | AH94: 0 | AI94: 0 | AJ94: 0 | AK94: 0 | AL94: 0 | AM94: 0 | AN94: 0 | AO94: 0 | AP94: 0 | AQ94: 0 | AR94: 0 | AS94: 0 | AT94: 0 | AU94: 0 | AV94: 0 | AW94: 0
A95: C | B95: PIT | C95: 5-7 | D95: Frazier, Zach | E95: 37132 | F95: 24/2(51) | G95: 24/1 (22) | H95: C | I95: PIA | J95: 5-4 | K95: =IF(ISBLANK(VLOOKUP(TRIM(D95),ALL_SOMIFA!$A$1:$V$2721,8,FALSE)),"",IF(ISERROR(VLOOKUP(TRIM(D95),ALL_SOMIFA!$A$1:$V$2721,8,FALSE))," ",VLOOKUP(TRIM(D95),ALL_SOMIFA!$A$1:$V$2721,8,FALSE))) | L95: =IF(ISBLANK(VLOOKUP(TRIM(D95),ALL_SOMIFA!$A$1:$V$2721,9,FALSE)),"",IF(ISERROR(VLOOKUP(TRIM(D95),ALL_SOMIFA!$A$1:$V$2721,9,FALSE))," ",VLOOKUP(TRIM(D95),ALL_SOMIFA!$A$1:$V$2721,9,FALSE))) | M95: =IF(ISBLANK(VLOOKUP(TRIM(D95),ALL_SOMIFA!$A$1:$V$2721,10,FALSE)),"",IF(ISERROR(VLOOKUP(TRIM(D95),ALL_SOMIFA!$A$1:$V$2721,10,FALSE))," ",VLOOKUP(TRIM(D95),ALL_SOMIFA!$A$1:$V$2721,10,FALSE))) | N95: =IF(ISBLANK(VLOOKUP(TRIM(D95),ALL_SOMIFA!$A$1:$V$2721,11,FALSE)),"",IF(ISERROR(VLOOKUP(TRIM(D95),ALL_SOMIFA!$A$1:$V$2721,11,FALSE))," ",VLOOKUP(TRIM(D95),ALL_SOMIFA!$A$1:$V$2721,11,FALSE))) | O95: =IF(ISBLANK(VLOOKUP(TRIM(D95),ALL_SOMIFA!$A$1:$V$2721,12,FALSE)),"",IF(ISERROR(VLOOKUP(TRIM(D95),ALL_SOMIFA!$A$1:$V$2721,12,FALSE))," ",VLOOKUP(TRIM(D95),ALL_SOMIFA!$A$1:$V$2721,12,FALSE))) | P95: =IF(ISBLANK(VLOOKUP(TRIM(D95),ALL_SOMIFA!$A$1:$V$2721,13,FALSE)),"",IF(ISERROR(VLOOKUP(TRIM(D95),ALL_SOMIFA!$A$1:$V$2721,13,FALSE))," ",VLOOKUP(TRIM(D95),ALL_SOMIFA!$A$1:$V$2721,13,FALSE))) | Q95: =IF(ISBLANK(VLOOKUP(TRIM(D95),ALL_SOMIFA!$A$1:$V$2721,14,FALSE)),"",IF(ISERROR(VLOOKUP(TRIM(D95),ALL_SOMIFA!$A$1:$V$2721,14,FALSE))," ",VLOOKUP(TRIM(D95),ALL_SOMIFA!$A$1:$V$2721,14,FALSE))) | R95: =IF(ISBLANK(VLOOKUP(TRIM(D95),ALL_SOMIFA!$A$1:$V$2721,15,FALSE)),"",IF(ISERROR(VLOOKUP(TRIM(D95),ALL_SOMIFA!$A$1:$V$2721,15,FALSE))," ",VLOOKUP(TRIM(D95),ALL_SOMIFA!$A$1:$V$2721,15,FALSE))) | S95: =IF(ISBLANK(VLOOKUP(TRIM(D95),ALL_SOMIFA!$A$1:$V$2721,16,FALSE)),"",IF(ISERROR(VLOOKUP(TRIM(D95),ALL_SOMIFA!$A$1:$V$2721,16,FALSE))," ",VLOOKUP(TRIM(D95),ALL_SOMIFA!$A$1:$V$2721,16,FALSE))) | T95: =IF(ISBLANK(VLOOKUP(TRIM(D95),ALL_SOMIFA!$A$1:$V$2721,17,FALSE)),"",IF(ISERROR(VLOOKUP(TRIM(D95),ALL_SOMIFA!$A$1:$V$2721,17,FALSE))," ",VLOOKUP(TRIM(D95),ALL_SOMIFA!$A$1:$V$2721,17,FALSE))) | U95: =IF(ISBLANK(VLOOKUP(TRIM(D95),ALL_SOMIFA!$A$1:$V$2721,18,FALSE)),"",IF(ISERROR(VLOOKUP(TRIM(D95),ALL_SOMIFA!$A$1:$V$2721,18,FALSE))," ",VLOOKUP(TRIM(D95),ALL_SOMIFA!$A$1:$V$2721,18,FALSE))) | V95: =IF(ISBLANK(VLOOKUP(TRIM(D95),ALL_SOMIFA!$A$1:$V$2721,19,FALSE)),"",IF(ISERROR(VLOOKUP(TRIM(D95),ALL_SOMIFA!$A$1:$V$2721,19,FALSE))," ",VLOOKUP(TRIM(D95),ALL_SOMIFA!$A$1:$V$2721,19,FALSE))) | W95: =IF(ISBLANK(VLOOKUP(TRIM(D95),ALL_SOMIFA!$A$1:$V$2721,20,FALSE)),"",IF(ISERROR(VLOOKUP(TRIM(D95),ALL_SOMIFA!$A$1:$V$2721,20,FALSE))," ",VLOOKUP(TRIM(D95),ALL_SOMIFA!$A$1:$V$2721,20,FALSE))) | X95: =IF(ISBLANK(VLOOKUP(TRIM(D95),ALL_SOMIFA!$A$1:$V$2721,21,FALSE)),"",IF(ISERROR(VLOOKUP(TRIM(D95),ALL_SOMIFA!$A$1:$V$2721,21,FALSE))," ",VLOOKUP(TRIM(D95),ALL_SOMIFA!$A$1:$V$2721,21,FALSE))) | Y95: =IF(ISBLANK(VLOOKUP(TRIM(D95),ALL_SOMIFA!$A$1:$V$2721,22,FALSE)),"",IF(ISERROR(VLOOKUP(TRIM(D95),ALL_SOMIFA!$A$1:$V$2721,22,FALSE))," ",VLOOKUP(TRIM(D95),ALL_SOMIFA!$A$1:$V$2721,22,FALSE)))
A96: C | B96: DET | C96: 0-3 | D96: Glasgow, Graham | E96: 33804 | F96: 16/3 | G96: IN/24 | H96: LG C | I96: DEN | J96: 4-2/0-2 | K96: LG | L96: 5-3/4-3 | M96: C/G | N96: DEN | O96: 0-0 | Q96: RG | R96: DEN | S96: 5-5 | T96: RG/C | U96: DET | V96: 5-4/0-4 | W96: C | X96: DET | Y96: 4-5 | Z96: LG/C | AA96: DET | AB96: 5-4/0-4 | AC96: C/G | AD96: DET | AE96: 0-3 | AF96: 0 | AG96: 0 | AH96: 0 | AI96: 0 | AJ96: 0 | AK96: 0 | AL96: 0 | AM96: 0 | AN96: 0 | AO96: 0 | AP96: 0 | AQ96: 0 | AR96: 0 | AS96: 0 | AT96: 0 | AU96: 0 | AV96: 0 | AW96: 0
A97: G/TE | B97: DEN | C97: 0-2/4 | D97: Palczewski, Alex | E97: 36375 | F97: 24/FA | G97: 24/7 | H97: T G | I97: DNA | J97: 4-3/0-3 | K97: =IF(ISBLANK(VLOOKUP(TRIM(D97),ALL_SOMIFA!$A$1:$V$2721,8,FALSE)),"",IF(ISERROR(VLOOKUP(TRIM(D97),ALL_SOMIFA!$A$1:$V$2721,8,FALSE))," ",VLOOKUP(TRIM(D97),ALL_SOMIFA!$A$1:$V$2721,8,FALSE))) | L97: =IF(ISBLANK(VLOOKUP(TRIM(D97),ALL_SOMIFA!$A$1:$V$2721,9,FALSE)),"",IF(ISERROR(VLOOKUP(TRIM(D97),ALL_SOMIFA!$A$1:$V$2721,9,FALSE))," ",VLOOKUP(TRIM(D97),ALL_SOMIFA!$A$1:$V$2721,9,FALSE))) | M97: =IF(ISBLANK(VLOOKUP(TRIM(D97),ALL_SOMIFA!$A$1:$V$2721,10,FALSE)),"",IF(ISERROR(VLOOKUP(TRIM(D97),ALL_SOMIFA!$A$1:$V$2721,10,FALSE))," ",VLOOKUP(TRIM(D97),ALL_SOMIFA!$A$1:$V$2721,10,FALSE))) | N97: =IF(ISBLANK(VLOOKUP(TRIM(D97),ALL_SOMIFA!$A$1:$V$2721,11,FALSE)),"",IF(ISERROR(VLOOKUP(TRIM(D97),ALL_SOMIFA!$A$1:$V$2721,11,FALSE))," ",VLOOKUP(TRIM(D97),ALL_SOMIFA!$A$1:$V$2721,11,FALSE))) | O97: =IF(ISBLANK(VLOOKUP(TRIM(D97),ALL_SOMIFA!$A$1:$V$2721,12,FALSE)),"",IF(ISERROR(VLOOKUP(TRIM(D97),ALL_SOMIFA!$A$1:$V$2721,12,FALSE))," ",VLOOKUP(TRIM(D97),ALL_SOMIFA!$A$1:$V$2721,12,FALSE))) | P97: =IF(ISBLANK(VLOOKUP(TRIM(D97),ALL_SOMIFA!$A$1:$V$2721,13,FALSE)),"",IF(ISERROR(VLOOKUP(TRIM(D97),ALL_SOMIFA!$A$1:$V$2721,13,FALSE))," ",VLOOKUP(TRIM(D97),ALL_SOMIFA!$A$1:$V$2721,13,FALSE))) | Q97: =IF(ISBLANK(VLOOKUP(TRIM(D97),ALL_SOMIFA!$A$1:$V$2721,14,FALSE)),"",IF(ISERROR(VLOOKUP(TRIM(D97),ALL_SOMIFA!$A$1:$V$2721,14,FALSE))," ",VLOOKUP(TRIM(D97),ALL_SOMIFA!$A$1:$V$2721,14,FALSE))) | R97: =IF(ISBLANK(VLOOKUP(TRIM(D97),ALL_SOMIFA!$A$1:$V$2721,15,FALSE)),"",IF(ISERROR(VLOOKUP(TRIM(D97),ALL_SOMIFA!$A$1:$V$2721,15,FALSE))," ",VLOOKUP(TRIM(D97),ALL_SOMIFA!$A$1:$V$2721,15,FALSE))) | S97: =IF(ISBLANK(VLOOKUP(TRIM(D97),ALL_SOMIFA!$A$1:$V$2721,16,FALSE)),"",IF(ISERROR(VLOOKUP(TRIM(D97),ALL_SOMIFA!$A$1:$V$2721,16,FALSE))," ",VLOOKUP(TRIM(D97),ALL_SOMIFA!$A$1:$V$2721,16,FALSE))) | T97: =IF(ISBLANK(VLOOKUP(TRIM(D97),ALL_SOMIFA!$A$1:$V$2721,17,FALSE)),"",IF(ISERROR(VLOOKUP(TRIM(D97),ALL_SOMIFA!$A$1:$V$2721,17,FALSE))," ",VLOOKUP(TRIM(D97),ALL_SOMIFA!$A$1:$V$2721,17,FALSE))) | U97: =IF(ISBLANK(VLOOKUP(TRIM(D97),ALL_SOMIFA!$A$1:$V$2721,18,FALSE)),"",IF(ISERROR(VLOOKUP(TRIM(D97),ALL_SOMIFA!$A$1:$V$2721,18,FALSE))," ",VLOOKUP(TRIM(D97),ALL_SOMIFA!$A$1:$V$2721,18,FALSE))) | V97: =IF(ISBLANK(VLOOKUP(TRIM(D97),ALL_SOMIFA!$A$1:$V$2721,19,FALSE)),"",IF(ISERROR(VLOOKUP(TRIM(D97),ALL_SOMIFA!$A$1:$V$2721,19,FALSE))," ",VLOOKUP(TRIM(D97),ALL_SOMIFA!$A$1:$V$2721,19,FALSE))) | W97: =IF(ISBLANK(VLOOKUP(TRIM(D97),ALL_SOMIFA!$A$1:$V$2721,20,FALSE)),"",IF(ISERROR(VLOOKUP(TRIM(D97),ALL_SOMIFA!$A$1:$V$2721,20,FALSE))," ",VLOOKUP(TRIM(D97),ALL_SOMIFA!$A$1:$V$2721,20,FALSE))) | X97: =IF(ISBLANK(VLOOKUP(TRIM(D97),ALL_SOMIFA!$A$1:$V$2721,21,FALSE)),"",IF(ISERROR(VLOOKUP(TRIM(D97),ALL_SOMIFA!$A$1:$V$2721,21,FALSE))," ",VLOOKUP(TRIM(D97),ALL_SOMIFA!$A$1:$V$2721,21,FALSE))) | Y97: =IF(ISBLANK(VLOOKUP(TRIM(D97),ALL_SOMIFA!$A$1:$V$2721,22,FALSE)),"",IF(ISERROR(VLOOKUP(TRIM(D97),ALL_SOMIFA!$A$1:$V$2721,22,FALSE))," ",VLOOKUP(TRIM(D97),ALL_SOMIFA!$A$1:$V$2721,22,FALSE)))
A98: G/T/TE | B98: PIT | C98: 0-0/0-0/4 | D98: Anderson, Spencer | E98: 36684 | F98: 23/7 | G98: 23/7 | H98: T G TE | I98: PIA | J98: 0-0/0-0 3-3-0 | K98: G | L98: 0-0
A99: T | B99: MIA | C99: 0-0 | D99: Lamm, Kendall | E99: 33760 | F99: 15/FA | G99: 23/6 | H99: T | I99: MIA | J99: 0-0 | K99: RG | L99: 0-0
D100: Mauch, Cody | E100: 36175 | F100: 23/2 | G100: 22/3 | H100: RG | I100: TBN | J100: 4-5 | K100: RG/C | L100: 4-3
D101: Glaze, Delmar | E101: 37472 | F101: 24/3(77) | G101: 24/3 | H101: RT | I101: LVA | J101: 4-3 | K101: =IF(ISBLANK(VLOOKUP(TRIM(D101),ALL_SOMIFA!$A$1:$V$2721,8,FALSE)),"",IF(ISERROR(VLOOKUP(TRIM(D101),ALL_SOMIFA!$A$1:$V$2721,8,FALSE))," ",VLOOKUP(TRIM(D101),ALL_SOMIFA!$A$1:$V$2721,8,FALSE))) | L101: =IF(ISBLANK(VLOOKUP(TRIM(D101),ALL_SOMIFA!$A$1:$V$2721,9,FALSE)),"",IF(ISERROR(VLOOKUP(TRIM(D101),ALL_SOMIFA!$A$1:$V$2721,9,FALSE))," ",VLOOKUP(TRIM(D101),ALL_SOMIFA!$A$1:$V$2721,9,FALSE))) | M101: =IF(ISBLANK(VLOOKUP(TRIM(D101),ALL_SOMIFA!$A$1:$V$2721,10,FALSE)),"",IF(ISERROR(VLOOKUP(TRIM(D101),ALL_SOMIFA!$A$1:$V$2721,10,FALSE))," ",VLOOKUP(TRIM(D101),ALL_SOMIFA!$A$1:$V$2721,10,FALSE))) | N101: =IF(ISBLANK(VLOOKUP(TRIM(D101),ALL_SOMIFA!$A$1:$V$2721,11,FALSE)),"",IF(ISERROR(VLOOKUP(TRIM(D101),ALL_SOMIFA!$A$1:$V$2721,11,FALSE))," ",VLOOKUP(TRIM(D101),ALL_SOMIFA!$A$1:$V$2721,11,FALSE))) | O101: =IF(ISBLANK(VLOOKUP(TRIM(D101),ALL_SOMIFA!$A$1:$V$2721,12,FALSE)),"",IF(ISERROR(VLOOKUP(TRIM(D101),ALL_SOMIFA!$A$1:$V$2721,12,FALSE))," ",VLOOKUP(TRIM(D101),ALL_SOMIFA!$A$1:$V$2721,12,FALSE))) | P101: =IF(ISBLANK(VLOOKUP(TRIM(D101),ALL_SOMIFA!$A$1:$V$2721,13,FALSE)),"",IF(ISERROR(VLOOKUP(TRIM(D101),ALL_SOMIFA!$A$1:$V$2721,13,FALSE))," ",VLOOKUP(TRIM(D101),ALL_SOMIFA!$A$1:$V$2721,13,FALSE))) | Q101: =IF(ISBLANK(VLOOKUP(TRIM(D101),ALL_SOMIFA!$A$1:$V$2721,14,FALSE)),"",IF(ISERROR(VLOOKUP(TRIM(D101),ALL_SOMIFA!$A$1:$V$2721,14,FALSE))," ",VLOOKUP(TRIM(D101),ALL_SOMIFA!$A$1:$V$2721,14,FALSE))) | R101: =IF(ISBLANK(VLOOKUP(TRIM(D101),ALL_SOMIFA!$A$1:$V$2721,15,FALSE)),"",IF(ISERROR(VLOOKUP(TRIM(D101),ALL_SOMIFA!$A$1:$V$2721,15,FALSE))," ",VLOOKUP(TRIM(D101),ALL_SOMIFA!$A$1:$V$2721,15,FALSE))) | S101: =IF(ISBLANK(VLOOKUP(TRIM(D101),ALL_SOMIFA!$A$1:$V$2721,16,FALSE)),"",IF(ISERROR(VLOOKUP(TRIM(D101),ALL_SOMIFA!$A$1:$V$2721,16,FALSE))," ",VLOOKUP(TRIM(D101),ALL_SOMIFA!$A$1:$V$2721,16,FALSE))) | T101: =IF(ISBLANK(VLOOKUP(TRIM(D101),ALL_SOMIFA!$A$1:$V$2721,17,FALSE)),"",IF(ISERROR(VLOOKUP(TRIM(D101),ALL_SOMIFA!$A$1:$V$2721,17,FALSE))," ",VLOOKUP(TRIM(D101),ALL_SOMIFA!$A$1:$V$2721,17,FALSE))) | U101: =IF(ISBLANK(VLOOKUP(TRIM(D101),ALL_SOMIFA!$A$1:$V$2721,18,FALSE)),"",IF(ISERROR(VLOOKUP(TRIM(D101),ALL_SOMIFA!$A$1:$V$2721,18,FALSE))," ",VLOOKUP(TRIM(D101),ALL_SOMIFA!$A$1:$V$2721,18,FALSE))) | V101: =IF(ISBLANK(VLOOKUP(TRIM(D101),ALL_SOMIFA!$A$1:$V$2721,19,FALSE)),"",IF(ISERROR(VLOOKUP(TRIM(D101),ALL_SOMIFA!$A$1:$V$2721,19,FALSE))," ",VLOOKUP(TRIM(D101),ALL_SOMIFA!$A$1:$V$2721,19,FALSE))) | W101: =IF(ISBLANK(VLOOKUP(TRIM(D101),ALL_SOMIFA!$A$1:$V$2721,20,FALSE)),"",IF(ISERROR(VLOOKUP(TRIM(D101),ALL_SOMIFA!$A$1:$V$2721,20,FALSE))," ",VLOOKUP(TRIM(D101),ALL_SOMIFA!$A$1:$V$2721,20,FALSE))) | X101: =IF(ISBLANK(VLOOKUP(TRIM(D101),ALL_SOMIFA!$A$1:$V$2721,21,FALSE)),"",IF(ISERROR(VLOOKUP(TRIM(D101),ALL_SOMIFA!$A$1:$V$2721,21,FALSE))," ",VLOOKUP(TRIM(D101),ALL_SOMIFA!$A$1:$V$2721,21,FALSE))) | Y101: =IF(ISBLANK(VLOOKUP(TRIM(D101),ALL_SOMIFA!$A$1:$V$2721,22,FALSE)),"",IF(ISERROR(VLOOKUP(TRIM(D101),ALL_SOMIFA!$A$1:$V$2721,22,FALSE))," ",VLOOKUP(TRIM(D101),ALL_SOMIFA!$A$1:$V$2721,22,FALSE)))
D102: Van Pran-Grange, Sedrick | E102: 37187 | F102: 24/FA | G102: 24/8 | H102: G C | I102: BFA | J102: 0-2/0-2 | K102: =IF(ISBLANK(VLOOKUP(TRIM(D102),ALL_SOMIFA!$A$1:$V$2721,8,FALSE)),"",IF(ISERROR(VLOOKUP(TRIM(D102),ALL_SOMIFA!$A$1:$V$2721,8,FALSE))," ",VLOOKUP(TRIM(D102),ALL_SOMIFA!$A$1:$V$2721,8,FALSE))) | L102: =IF(ISBLANK(VLOOKUP(TRIM(D102),ALL_SOMIFA!$A$1:$V$2721,9,FALSE)),"",IF(ISERROR(VLOOKUP(TRIM(D102),ALL_SOMIFA!$A$1:$V$2721,9,FALSE))," ",VLOOKUP(TRIM(D102),ALL_SOMIFA!$A$1:$V$2721,9,FALSE))) | M102: =IF(ISBLANK(VLOOKUP(TRIM(D102),ALL_SOMIFA!$A$1:$V$2721,10,FALSE)),"",IF(ISERROR(VLOOKUP(TRIM(D102),ALL_SOMIFA!$A$1:$V$2721,10,FALSE))," ",VLOOKUP(TRIM(D102),ALL_SOMIFA!$A$1:$V$2721,10,FALSE))) | N102: =IF(ISBLANK(VLOOKUP(TRIM(D102),ALL_SOMIFA!$A$1:$V$2721,11,FALSE)),"",IF(ISERROR(VLOOKUP(TRIM(D102),ALL_SOMIFA!$A$1:$V$2721,11,FALSE))," ",VLOOKUP(TRIM(D102),ALL_SOMIFA!$A$1:$V$2721,11,FALSE))) | O102: =IF(ISBLANK(VLOOKUP(TRIM(D102),ALL_SOMIFA!$A$1:$V$2721,12,FALSE)),"",IF(ISERROR(VLOOKUP(TRIM(D102),ALL_SOMIFA!$A$1:$V$2721,12,FALSE))," ",VLOOKUP(TRIM(D102),ALL_SOMIFA!$A$1:$V$2721,12,FALSE))) | P102: =IF(ISBLANK(VLOOKUP(TRIM(D102),ALL_SOMIFA!$A$1:$V$2721,13,FALSE)),"",IF(ISERROR(VLOOKUP(TRIM(D102),ALL_SOMIFA!$A$1:$V$2721,13,FALSE))," ",VLOOKUP(TRIM(D102),ALL_SOMIFA!$A$1:$V$2721,13,FALSE))) | Q102: =IF(ISBLANK(VLOOKUP(TRIM(D102),ALL_SOMIFA!$A$1:$V$2721,14,FALSE)),"",IF(ISERROR(VLOOKUP(TRIM(D102),ALL_SOMIFA!$A$1:$V$2721,14,FALSE))," ",VLOOKUP(TRIM(D102),ALL_SOMIFA!$A$1:$V$2721,14,FALSE))) | R102: =IF(ISBLANK(VLOOKUP(TRIM(D102),ALL_SOMIFA!$A$1:$V$2721,15,FALSE)),"",IF(ISERROR(VLOOKUP(TRIM(D102),ALL_SOMIFA!$A$1:$V$2721,15,FALSE))," ",VLOOKUP(TRIM(D102),ALL_SOMIFA!$A$1:$V$2721,15,FALSE))) | S102: =IF(ISBLANK(VLOOKUP(TRIM(D102),ALL_SOMIFA!$A$1:$V$2721,16,FALSE)),"",IF(ISERROR(VLOOKUP(TRIM(D102),ALL_SOMIFA!$A$1:$V$2721,16,FALSE))," ",VLOOKUP(TRIM(D102),ALL_SOMIFA!$A$1:$V$2721,16,FALSE))) | T102: =IF(ISBLANK(VLOOKUP(TRIM(D102),ALL_SOMIFA!$A$1:$V$2721,17,FALSE)),"",IF(ISERROR(VLOOKUP(TRIM(D102),ALL_SOMIFA!$A$1:$V$2721,17,FALSE))," ",VLOOKUP(TRIM(D102),ALL_SOMIFA!$A$1:$V$2721,17,FALSE))) | U102: =IF(ISBLANK(VLOOKUP(TRIM(D102),ALL_SOMIFA!$A$1:$V$2721,18,FALSE)),"",IF(ISERROR(VLOOKUP(TRIM(D102),ALL_SOMIFA!$A$1:$V$2721,18,FALSE))," ",VLOOKUP(TRIM(D102),ALL_SOMIFA!$A$1:$V$2721,18,FALSE))) | V102: =IF(ISBLANK(VLOOKUP(TRIM(D102),ALL_SOMIFA!$A$1:$V$2721,19,FALSE)),"",IF(ISERROR(VLOOKUP(TRIM(D102),ALL_SOMIFA!$A$1:$V$2721,19,FALSE))," ",VLOOKUP(TRIM(D102),ALL_SOMIFA!$A$1:$V$2721,19,FALSE))) | W102: =IF(ISBLANK(VLOOKUP(TRIM(D102),ALL_SOMIFA!$A$1:$V$2721,20,FALSE)),"",IF(ISERROR(VLOOKUP(TRIM(D102),ALL_SOMIFA!$A$1:$V$2721,20,FALSE))," ",VLOOKUP(TRIM(D102),ALL_SOMIFA!$A$1:$V$2721,20,FALSE))) | X102: =IF(ISBLANK(VLOOKUP(TRIM(D102),ALL_SOMIFA!$A$1:$V$2721,21,FALSE)),"",IF(ISERROR(VLOOKUP(TRIM(D102),ALL_SOMIFA!$A$1:$V$2721,21,FALSE))," ",VLOOKUP(TRIM(D102),ALL_SOMIFA!$A$1:$V$2721,21,FALSE))) | Y102: =IF(ISBLANK(VLOOKUP(TRIM(D102),ALL_SOMIFA!$A$1:$V$2721,22,FALSE)),"",IF(ISERROR(VLOOKUP(TRIM(D102),ALL_SOMIFA!$A$1:$V$2721,22,FALSE))," ",VLOOKUP(TRIM(D102),ALL_SOMIFA!$A$1:$V$2721,22,FALSE)))
D103: Davis, Nate | E103: 35331 | F103: 19/3 | G103: 19/4 | H103: G | I103: CHN | J103: 0-2 | K103: RG | L103: 0-2 | M103: RG | N103: TEN | O103: 5-4 | P103: 5-2 | Q103: RG | R103: TNA | S103: 5-5 | T103: RG | U103: TEN | V103: 4-0
D104: Hudson, James | E104: 36232 | F104: 21/4 | G104: 21/10 | H104: T | I104: CLA | J104: 0-0 | K104: T | L104: 0-0/4 | M104: T/TE | N104: CLE | O104: 0-0/4 | P104: 0-0
D105: McMahon, Dylan | E105: 36913 | F105: 24/6(190) | G105: 24/10 | H105: C | I105: LAN | J105: 0-0 | K105: =IF(ISBLANK(VLOOKUP(TRIM(D105),ALL_SOMIFA!$A$1:$V$2721,8,FALSE)),"",IF(ISERROR(VLOOKUP(TRIM(D105),ALL_SOMIFA!$A$1:$V$2721,8,FALSE))," ",VLOOKUP(TRIM(D105),ALL_SOMIFA!$A$1:$V$2721,8,FALSE))) | L105: =IF(ISBLANK(VLOOKUP(TRIM(D105),ALL_SOMIFA!$A$1:$V$2721,9,FALSE)),"",IF(ISERROR(VLOOKUP(TRIM(D105),ALL_SOMIFA!$A$1:$V$2721,9,FALSE))," ",VLOOKUP(TRIM(D105),ALL_SOMIFA!$A$1:$V$2721,9,FALSE))) | M105: =IF(ISBLANK(VLOOKUP(TRIM(D105),ALL_SOMIFA!$A$1:$V$2721,10,FALSE)),"",IF(ISERROR(VLOOKUP(TRIM(D105),ALL_SOMIFA!$A$1:$V$2721,10,FALSE))," ",VLOOKUP(TRIM(D105),ALL_SOMIFA!$A$1:$V$2721,10,FALSE))) | N105: =IF(ISBLANK(VLOOKUP(TRIM(D105),ALL_SOMIFA!$A$1:$V$2721,11,FALSE)),"",IF(ISERROR(VLOOKUP(TRIM(D105),ALL_SOMIFA!$A$1:$V$2721,11,FALSE))," ",VLOOKUP(TRIM(D105),ALL_SOMIFA!$A$1:$V$2721,11,FALSE))) | O105: =IF(ISBLANK(VLOOKUP(TRIM(D105),ALL_SOMIFA!$A$1:$V$2721,12,FALSE)),"",IF(ISERROR(VLOOKUP(TRIM(D105),ALL_SOMIFA!$A$1:$V$2721,12,FALSE))," ",VLOOKUP(TRIM(D105),ALL_SOMIFA!$A$1:$V$2721,12,FALSE))) | P105: =IF(ISBLANK(VLOOKUP(TRIM(D105),ALL_SOMIFA!$A$1:$V$2721,13,FALSE)),"",IF(ISERROR(VLOOKUP(TRIM(D105),ALL_SOMIFA!$A$1:$V$2721,13,FALSE))," ",VLOOKUP(TRIM(D105),ALL_SOMIFA!$A$1:$V$2721,13,FALSE))) | Q105: =IF(ISBLANK(VLOOKUP(TRIM(D105),ALL_SOMIFA!$A$1:$V$2721,14,FALSE)),"",IF(ISERROR(VLOOKUP(TRIM(D105),ALL_SOMIFA!$A$1:$V$2721,14,FALSE))," ",VLOOKUP(TRIM(D105),ALL_SOMIFA!$A$1:$V$2721,14,FALSE))) | R105: =IF(ISBLANK(VLOOKUP(TRIM(D105),ALL_SOMIFA!$A$1:$V$2721,15,FALSE)),"",IF(ISERROR(VLOOKUP(TRIM(D105),ALL_SOMIFA!$A$1:$V$2721,15,FALSE))," ",VLOOKUP(TRIM(D105),ALL_SOMIFA!$A$1:$V$2721,15,FALSE))) | S105: =IF(ISBLANK(VLOOKUP(TRIM(D105),ALL_SOMIFA!$A$1:$V$2721,16,FALSE)),"",IF(ISERROR(VLOOKUP(TRIM(D105),ALL_SOMIFA!$A$1:$V$2721,16,FALSE))," ",VLOOKUP(TRIM(D105),ALL_SOMIFA!$A$1:$V$2721,16,FALSE))) | T105: =IF(ISBLANK(VLOOKUP(TRIM(D105),ALL_SOMIFA!$A$1:$V$2721,17,FALSE)),"",IF(ISERROR(VLOOKUP(TRIM(D105),ALL_SOMIFA!$A$1:$V$2721,17,FALSE))," ",VLOOKUP(TRIM(D105),ALL_SOMIFA!$A$1:$V$2721,17,FALSE))) | U105: =IF(ISBLANK(VLOOKUP(TRIM(D105),ALL_SOMIFA!$A$1:$V$2721,18,FALSE)),"",IF(ISERROR(VLOOKUP(TRIM(D105),ALL_SOMIFA!$A$1:$V$2721,18,FALSE))," ",VLOOKUP(TRIM(D105),ALL_SOMIFA!$A$1:$V$2721,18,FALSE))) | V105: =IF(ISBLANK(VLOOKUP(TRIM(D105),ALL_SOMIFA!$A$1:$V$2721,19,FALSE)),"",IF(ISERROR(VLOOKUP(TRIM(D105),ALL_SOMIFA!$A$1:$V$2721,19,FALSE))," ",VLOOKUP(TRIM(D105),ALL_SOMIFA!$A$1:$V$2721,19,FALSE))) | W105: =IF(ISBLANK(VLOOKUP(TRIM(D105),ALL_SOMIFA!$A$1:$V$2721,20,FALSE)),"",IF(ISERROR(VLOOKUP(TRIM(D105),ALL_SOMIFA!$A$1:$V$2721,20,FALSE))," ",VLOOKUP(TRIM(D105),ALL_SOMIFA!$A$1:$V$2721,20,FALSE))) | X105: =IF(ISBLANK(VLOOKUP(TRIM(D105),ALL_SOMIFA!$A$1:$V$2721,21,FALSE)),"",IF(ISERROR(VLOOKUP(TRIM(D105),ALL_SOMIFA!$A$1:$V$2721,21,FALSE))," ",VLOOKUP(TRIM(D105),ALL_SOMIFA!$A$1:$V$2721,21,FALSE))) | Y105: =IF(ISBLANK(VLOOKUP(TRIM(D105),ALL_SOMIFA!$A$1:$V$2721,22,FALSE)),"",IF(ISERROR(VLOOKUP(TRIM(D105),ALL_SOMIFA!$A$1:$V$2721,22,FALSE))," ",VLOOKUP(TRIM(D105),ALL_SOMIFA!$A$1:$V$2721,22,FALSE)))
A107: NT | B107: TEN | C107: 5-3 | D107: Sweat, T'Vondre | E107: 37083 | F107: 24/2(38) | G107: 24/1 (20) | H107: NT | I107: TNA | J107: 5-2 | K107: =IF(ISBLANK(VLOOKUP(TRIM(D107),ALL_SOMIFA!$A$1:$V$2721,8,FALSE)),"",IF(ISERROR(VLOOKUP(TRIM(D107),ALL_SOMIFA!$A$1:$V$2721,8,FALSE))," ",VLOOKUP(TRIM(D107),ALL_SOMIFA!$A$1:$V$2721,8,FALSE))) | L107: =IF(ISBLANK(VLOOKUP(TRIM(D107),ALL_SOMIFA!$A$1:$V$2721,9,FALSE)),"",IF(ISERROR(VLOOKUP(TRIM(D107),ALL_SOMIFA!$A$1:$V$2721,9,FALSE))," ",VLOOKUP(TRIM(D107),ALL_SOMIFA!$A$1:$V$2721,9,FALSE))) | M107: =IF(ISBLANK(VLOOKUP(TRIM(D107),ALL_SOMIFA!$A$1:$V$2721,10,FALSE)),"",IF(ISERROR(VLOOKUP(TRIM(D107),ALL_SOMIFA!$A$1:$V$2721,10,FALSE))," ",VLOOKUP(TRIM(D107),ALL_SOMIFA!$A$1:$V$2721,10,FALSE))) | N107: =IF(ISBLANK(VLOOKUP(TRIM(D107),ALL_SOMIFA!$A$1:$V$2721,11,FALSE)),"",IF(ISERROR(VLOOKUP(TRIM(D107),ALL_SOMIFA!$A$1:$V$2721,11,FALSE))," ",VLOOKUP(TRIM(D107),ALL_SOMIFA!$A$1:$V$2721,11,FALSE))) | O107: =IF(ISBLANK(VLOOKUP(TRIM(D107),ALL_SOMIFA!$A$1:$V$2721,12,FALSE)),"",IF(ISERROR(VLOOKUP(TRIM(D107),ALL_SOMIFA!$A$1:$V$2721,12,FALSE))," ",VLOOKUP(TRIM(D107),ALL_SOMIFA!$A$1:$V$2721,12,FALSE))) | P107: =IF(ISBLANK(VLOOKUP(TRIM(D107),ALL_SOMIFA!$A$1:$V$2721,13,FALSE)),"",IF(ISERROR(VLOOKUP(TRIM(D107),ALL_SOMIFA!$A$1:$V$2721,13,FALSE))," ",VLOOKUP(TRIM(D107),ALL_SOMIFA!$A$1:$V$2721,13,FALSE))) | Q107: =IF(ISBLANK(VLOOKUP(TRIM(D107),ALL_SOMIFA!$A$1:$V$2721,14,FALSE)),"",IF(ISERROR(VLOOKUP(TRIM(D107),ALL_SOMIFA!$A$1:$V$2721,14,FALSE))," ",VLOOKUP(TRIM(D107),ALL_SOMIFA!$A$1:$V$2721,14,FALSE))) | R107: =IF(ISBLANK(VLOOKUP(TRIM(D107),ALL_SOMIFA!$A$1:$V$2721,15,FALSE)),"",IF(ISERROR(VLOOKUP(TRIM(D107),ALL_SOMIFA!$A$1:$V$2721,15,FALSE))," ",VLOOKUP(TRIM(D107),ALL_SOMIFA!$A$1:$V$2721,15,FALSE))) | S107: =IF(ISBLANK(VLOOKUP(TRIM(D107),ALL_SOMIFA!$A$1:$V$2721,16,FALSE)),"",IF(ISERROR(VLOOKUP(TRIM(D107),ALL_SOMIFA!$A$1:$V$2721,16,FALSE))," ",VLOOKUP(TRIM(D107),ALL_SOMIFA!$A$1:$V$2721,16,FALSE))) | T107: =IF(ISBLANK(VLOOKUP(TRIM(D107),ALL_SOMIFA!$A$1:$V$2721,17,FALSE)),"",IF(ISERROR(VLOOKUP(TRIM(D107),ALL_SOMIFA!$A$1:$V$2721,17,FALSE))," ",VLOOKUP(TRIM(D107),ALL_SOMIFA!$A$1:$V$2721,17,FALSE))) | U107: =IF(ISBLANK(VLOOKUP(TRIM(D107),ALL_SOMIFA!$A$1:$V$2721,18,FALSE)),"",IF(ISERROR(VLOOKUP(TRIM(D107),ALL_SOMIFA!$A$1:$V$2721,18,FALSE))," ",VLOOKUP(TRIM(D107),ALL_SOMIFA!$A$1:$V$2721,18,FALSE))) | V107: =IF(ISBLANK(VLOOKUP(TRIM(D107),ALL_SOMIFA!$A$1:$V$2721,19,FALSE)),"",IF(ISERROR(VLOOKUP(TRIM(D107),ALL_SOMIFA!$A$1:$V$2721,19,FALSE))," ",VLOOKUP(TRIM(D107),ALL_SOMIFA!$A$1:$V$2721,19,FALSE))) | W107: =IF(ISBLANK(VLOOKUP(TRIM(D107),ALL_SOMIFA!$A$1:$V$2721,20,FALSE)),"",IF(ISERROR(VLOOKUP(TRIM(D107),ALL_SOMIFA!$A$1:$V$2721,20,FALSE))," ",VLOOKUP(TRIM(D107),ALL_SOMIFA!$A$1:$V$2721,20,FALSE))) | X107: =IF(ISBLANK(VLOOKUP(TRIM(D107),ALL_SOMIFA!$A$1:$V$2721,21,FALSE)),"",IF(ISERROR(VLOOKUP(TRIM(D107),ALL_SOMIFA!$A$1:$V$2721,21,FALSE))," ",VLOOKUP(TRIM(D107),ALL_SOMIFA!$A$1:$V$2721,21,FALSE))) | Y107: =IF(ISBLANK(VLOOKUP(TRIM(D107),ALL_SOMIFA!$A$1:$V$2721,22,FALSE)),"",IF(ISERROR(VLOOKUP(TRIM(D107),ALL_SOMIFA!$A$1:$V$2721,22,FALSE))," ",VLOOKUP(TRIM(D107),ALL_SOMIFA!$A$1:$V$2721,22,FALSE)))
A108: LE | B108: LAR | C108: 5-3 | D108: Fiske, Braden | E108: 36543 | F108: 24/2(39) | G108: 24/2 | H108: LE | I108: LAN | J108: 0-9 | K108: =IF(ISBLANK(VLOOKUP(TRIM(D108),ALL_SOMIFA!$A$1:$V$2721,8,FALSE)),"",IF(ISERROR(VLOOKUP(TRIM(D108),ALL_SOMIFA!$A$1:$V$2721,8,FALSE))," ",VLOOKUP(TRIM(D108),ALL_SOMIFA!$A$1:$V$2721,8,FALSE))) | L108: =IF(ISBLANK(VLOOKUP(TRIM(D108),ALL_SOMIFA!$A$1:$V$2721,9,FALSE)),"",IF(ISERROR(VLOOKUP(TRIM(D108),ALL_SOMIFA!$A$1:$V$2721,9,FALSE))," ",VLOOKUP(TRIM(D108),ALL_SOMIFA!$A$1:$V$2721,9,FALSE))) | M108: =IF(ISBLANK(VLOOKUP(TRIM(D108),ALL_SOMIFA!$A$1:$V$2721,10,FALSE)),"",IF(ISERROR(VLOOKUP(TRIM(D108),ALL_SOMIFA!$A$1:$V$2721,10,FALSE))," ",VLOOKUP(TRIM(D108),ALL_SOMIFA!$A$1:$V$2721,10,FALSE))) | N108: =IF(ISBLANK(VLOOKUP(TRIM(D108),ALL_SOMIFA!$A$1:$V$2721,11,FALSE)),"",IF(ISERROR(VLOOKUP(TRIM(D108),ALL_SOMIFA!$A$1:$V$2721,11,FALSE))," ",VLOOKUP(TRIM(D108),ALL_SOMIFA!$A$1:$V$2721,11,FALSE))) | O108: =IF(ISBLANK(VLOOKUP(TRIM(D108),ALL_SOMIFA!$A$1:$V$2721,12,FALSE)),"",IF(ISERROR(VLOOKUP(TRIM(D108),ALL_SOMIFA!$A$1:$V$2721,12,FALSE))," ",VLOOKUP(TRIM(D108),ALL_SOMIFA!$A$1:$V$2721,12,FALSE))) | P108: =IF(ISBLANK(VLOOKUP(TRIM(D108),ALL_SOMIFA!$A$1:$V$2721,13,FALSE)),"",IF(ISERROR(VLOOKUP(TRIM(D108),ALL_SOMIFA!$A$1:$V$2721,13,FALSE))," ",VLOOKUP(TRIM(D108),ALL_SOMIFA!$A$1:$V$2721,13,FALSE))) | Q108: =IF(ISBLANK(VLOOKUP(TRIM(D108),ALL_SOMIFA!$A$1:$V$2721,14,FALSE)),"",IF(ISERROR(VLOOKUP(TRIM(D108),ALL_SOMIFA!$A$1:$V$2721,14,FALSE))," ",VLOOKUP(TRIM(D108),ALL_SOMIFA!$A$1:$V$2721,14,FALSE))) | R108: =IF(ISBLANK(VLOOKUP(TRIM(D108),ALL_SOMIFA!$A$1:$V$2721,15,FALSE)),"",IF(ISERROR(VLOOKUP(TRIM(D108),ALL_SOMIFA!$A$1:$V$2721,15,FALSE))," ",VLOOKUP(TRIM(D108),ALL_SOMIFA!$A$1:$V$2721,15,FALSE))) | S108: =IF(ISBLANK(VLOOKUP(TRIM(D108),ALL_SOMIFA!$A$1:$V$2721,16,FALSE)),"",IF(ISERROR(VLOOKUP(TRIM(D108),ALL_SOMIFA!$A$1:$V$2721,16,FALSE))," ",VLOOKUP(TRIM(D108),ALL_SOMIFA!$A$1:$V$2721,16,FALSE))) | T108: =IF(ISBLANK(VLOOKUP(TRIM(D108),ALL_SOMIFA!$A$1:$V$2721,17,FALSE)),"",IF(ISERROR(VLOOKUP(TRIM(D108),ALL_SOMIFA!$A$1:$V$2721,17,FALSE))," ",VLOOKUP(TRIM(D108),ALL_SOMIFA!$A$1:$V$2721,17,FALSE))) | U108: =IF(ISBLANK(VLOOKUP(TRIM(D108),ALL_SOMIFA!$A$1:$V$2721,18,FALSE)),"",IF(ISERROR(VLOOKUP(TRIM(D108),ALL_SOMIFA!$A$1:$V$2721,18,FALSE))," ",VLOOKUP(TRIM(D108),ALL_SOMIFA!$A$1:$V$2721,18,FALSE))) | V108: =IF(ISBLANK(VLOOKUP(TRIM(D108),ALL_SOMIFA!$A$1:$V$2721,19,FALSE)),"",IF(ISERROR(VLOOKUP(TRIM(D108),ALL_SOMIFA!$A$1:$V$2721,19,FALSE))," ",VLOOKUP(TRIM(D108),ALL_SOMIFA!$A$1:$V$2721,19,FALSE))) | W108: =IF(ISBLANK(VLOOKUP(TRIM(D108),ALL_SOMIFA!$A$1:$V$2721,20,FALSE)),"",IF(ISERROR(VLOOKUP(TRIM(D108),ALL_SOMIFA!$A$1:$V$2721,20,FALSE))," ",VLOOKUP(TRIM(D108),ALL_SOMIFA!$A$1:$V$2721,20,FALSE))) | X108: =IF(ISBLANK(VLOOKUP(TRIM(D108),ALL_SOMIFA!$A$1:$V$2721,21,FALSE)),"",IF(ISERROR(VLOOKUP(TRIM(D108),ALL_SOMIFA!$A$1:$V$2721,21,FALSE))," ",VLOOKUP(TRIM(D108),ALL_SOMIFA!$A$1:$V$2721,21,FALSE))) | Y108: =IF(ISBLANK(VLOOKUP(TRIM(D108),ALL_SOMIFA!$A$1:$V$2721,22,FALSE)),"",IF(ISERROR(VLOOKUP(TRIM(D108),ALL_SOMIFA!$A$1:$V$2721,22,FALSE))," ",VLOOKUP(TRIM(D108),ALL_SOMIFA!$A$1:$V$2721,22,FALSE)))
A109: LE | B109: JAX | C109: 4-4 | D109: Walker, Travon | E109: 36878 | F109: 22/1 (1) | G109: 22/5 (5) | H109: RE | I109: JXA | J109: 5-11 | K109: RLB | L109: 40-12-1* | M109: LOLB | N109: JAX | O109: 54-6
A110: DT/DE | B110: LAC | C110: 0-8 | D110: Eboigbe, Justin | E110: 36990 | F110: 24/4(105) | G110: 24/10 | H110: T | I110: LAA | J110: 0-0 | K110: =IF(ISBLANK(VLOOKUP(TRIM(D110),ALL_SOMIFA!$A$1:$V$2721,8,FALSE)),"",IF(ISERROR(VLOOKUP(TRIM(D110),ALL_SOMIFA!$A$1:$V$2721,8,FALSE))," ",VLOOKUP(TRIM(D110),ALL_SOMIFA!$A$1:$V$2721,8,FALSE))) | L110: =IF(ISBLANK(VLOOKUP(TRIM(D110),ALL_SOMIFA!$A$1:$V$2721,9,FALSE)),"",IF(ISERROR(VLOOKUP(TRIM(D110),ALL_SOMIFA!$A$1:$V$2721,9,FALSE))," ",VLOOKUP(TRIM(D110),ALL_SOMIFA!$A$1:$V$2721,9,FALSE))) | M110: =IF(ISBLANK(VLOOKUP(TRIM(D110),ALL_SOMIFA!$A$1:$V$2721,10,FALSE)),"",IF(ISERROR(VLOOKUP(TRIM(D110),ALL_SOMIFA!$A$1:$V$2721,10,FALSE))," ",VLOOKUP(TRIM(D110),ALL_SOMIFA!$A$1:$V$2721,10,FALSE))) | N110: =IF(ISBLANK(VLOOKUP(TRIM(D110),ALL_SOMIFA!$A$1:$V$2721,11,FALSE)),"",IF(ISERROR(VLOOKUP(TRIM(D110),ALL_SOMIFA!$A$1:$V$2721,11,FALSE))," ",VLOOKUP(TRIM(D110),ALL_SOMIFA!$A$1:$V$2721,11,FALSE))) | O110: =IF(ISBLANK(VLOOKUP(TRIM(D110),ALL_SOMIFA!$A$1:$V$2721,12,FALSE)),"",IF(ISERROR(VLOOKUP(TRIM(D110),ALL_SOMIFA!$A$1:$V$2721,12,FALSE))," ",VLOOKUP(TRIM(D110),ALL_SOMIFA!$A$1:$V$2721,12,FALSE))) | P110: =IF(ISBLANK(VLOOKUP(TRIM(D110),ALL_SOMIFA!$A$1:$V$2721,13,FALSE)),"",IF(ISERROR(VLOOKUP(TRIM(D110),ALL_SOMIFA!$A$1:$V$2721,13,FALSE))," ",VLOOKUP(TRIM(D110),ALL_SOMIFA!$A$1:$V$2721,13,FALSE))) | Q110: =IF(ISBLANK(VLOOKUP(TRIM(D110),ALL_SOMIFA!$A$1:$V$2721,14,FALSE)),"",IF(ISERROR(VLOOKUP(TRIM(D110),ALL_SOMIFA!$A$1:$V$2721,14,FALSE))," ",VLOOKUP(TRIM(D110),ALL_SOMIFA!$A$1:$V$2721,14,FALSE))) | R110: =IF(ISBLANK(VLOOKUP(TRIM(D110),ALL_SOMIFA!$A$1:$V$2721,15,FALSE)),"",IF(ISERROR(VLOOKUP(TRIM(D110),ALL_SOMIFA!$A$1:$V$2721,15,FALSE))," ",VLOOKUP(TRIM(D110),ALL_SOMIFA!$A$1:$V$2721,15,FALSE))) | S110: =IF(ISBLANK(VLOOKUP(TRIM(D110),ALL_SOMIFA!$A$1:$V$2721,16,FALSE)),"",IF(ISERROR(VLOOKUP(TRIM(D110),ALL_SOMIFA!$A$1:$V$2721,16,FALSE))," ",VLOOKUP(TRIM(D110),ALL_SOMIFA!$A$1:$V$2721,16,FALSE))) | T110: =IF(ISBLANK(VLOOKUP(TRIM(D110),ALL_SOMIFA!$A$1:$V$2721,17,FALSE)),"",IF(ISERROR(VLOOKUP(TRIM(D110),ALL_SOMIFA!$A$1:$V$2721,17,FALSE))," ",VLOOKUP(TRIM(D110),ALL_SOMIFA!$A$1:$V$2721,17,FALSE))) | U110: =IF(ISBLANK(VLOOKUP(TRIM(D110),ALL_SOMIFA!$A$1:$V$2721,18,FALSE)),"",IF(ISERROR(VLOOKUP(TRIM(D110),ALL_SOMIFA!$A$1:$V$2721,18,FALSE))," ",VLOOKUP(TRIM(D110),ALL_SOMIFA!$A$1:$V$2721,18,FALSE))) | V110: =IF(ISBLANK(VLOOKUP(TRIM(D110),ALL_SOMIFA!$A$1:$V$2721,19,FALSE)),"",IF(ISERROR(VLOOKUP(TRIM(D110),ALL_SOMIFA!$A$1:$V$2721,19,FALSE))," ",VLOOKUP(TRIM(D110),ALL_SOMIFA!$A$1:$V$2721,19,FALSE))) | W110: =IF(ISBLANK(VLOOKUP(TRIM(D110),ALL_SOMIFA!$A$1:$V$2721,20,FALSE)),"",IF(ISERROR(VLOOKUP(TRIM(D110),ALL_SOMIFA!$A$1:$V$2721,20,FALSE))," ",VLOOKUP(TRIM(D110),ALL_SOMIFA!$A$1:$V$2721,20,FALSE))) | X110: =IF(ISBLANK(VLOOKUP(TRIM(D110),ALL_SOMIFA!$A$1:$V$2721,21,FALSE)),"",IF(ISERROR(VLOOKUP(TRIM(D110),ALL_SOMIFA!$A$1:$V$2721,21,FALSE))," ",VLOOKUP(TRIM(D110),ALL_SOMIFA!$A$1:$V$2721,21,FALSE))) | Y110: =IF(ISBLANK(VLOOKUP(TRIM(D110),ALL_SOMIFA!$A$1:$V$2721,22,FALSE)),"",IF(ISERROR(VLOOKUP(TRIM(D110),ALL_SOMIFA!$A$1:$V$2721,22,FALSE))," ",VLOOKUP(TRIM(D110),ALL_SOMIFA!$A$1:$V$2721,22,FALSE)))
A111: DT | B111: DEN | C111: 0-4 | D111: Roach, Malcolm | E111: 35955 | F111: 20/FA | G111: 20/6 | H111: End T | I111: DNA | J111: 0/0-2 | K111: DT | L111: 4-0 | M111: DE | N111: NO | O111: 0-3 | P111: 0-0 | Q111: DE | R111: NO | S111: 0-0
A112: DE | B112: DAL | C112: 0-2 | D112: Williams, Sam | E112: 36250 | F112: 22/2 | G112: 22/5 | H112: (I/R) | K112: DT | L112: 0-7 | M112: DE | N112: DAL | O112: 0-5
D113: Tuttle, Shy | E113: 34992 | F113: 19/FA | G113: 19/10 | H113: NT | I113: CAN | J113: 4-0 | K113: RDT | L113: 0-1 | M113: LDT | N113: NO | O113: 4-4 | P113: 5-0 | Q113: T | R113: NON | S113: 4-0 | T113: DT | U113: NO | V113: 0-2
D114: Nichols, Bilal | E114: 35322 | F114: 18/5 | G114: 18/2 | H114: End T | I114: ARN | J114: 0/0-0 | K114: DE | L114: 4-3 | M114: RDT | N114: LAV | O114: 0-2 | P114: 4-4 | Q114: NT | R114: CHN | S114: 4-5 | T114: RE | U114: CHI | V114: 5-0 | W114: RE/DT | X114: CHI | Y114: 5-3/4-3 | AC114: 0 | AD114: 0 | AE114: 0 | AF114: 0 | AG114: 0 | AH114: 0 | AI114: 0 | AJ114: 0 | AK114: 0 | AL114: 0 | AM114: 0 | AN114: 0 | AO114: 0 | AP114: 0 | AQ114: 0 | AR114: 0 | AS114: 0 | AT114: 0 | AU114: 0 | AV114: 0 | AW114: 0
D115: Watkins, Carlos | E115: 34308 | F115: 17/4 | G115: 17/6 | H115: End T | I115: DAN | J115: 0/0-0 | K115: DT | L115: 0-2 | M115: DT/DE | N115: DAL | O115: 0-0 | P115: 4-2 | Q115: RE | R115: HOU | S115: 4-3 | T115: DE | V115: 0-1 | W115: DT/DE | X115: HOU | Y115: 0-1 | Z115: DT/DE | AA115: HOU | AB115: 4-0/0-0 | AC115: 0 | AD115: 0 | AE115: 0 | AF115: 0 | AG115: 0 | AH115: 0 | AO115: 0 | AP115: 0 | AQ115: 0 | AR115: 0 | AS115: 0 | AT115: 0 | AU115: 0 | AV115: 0 | AW115: 0
D116: Wilkins, Christian | E116: 35053 | F116: 19/1 (13) | G116: 19/2 | H116: (I/R) | K116: DE | L116: 5-9 | M116: LE | N116: MIA | O116: 6-3 | P116: 6-5 | Q116: RE T | R116: MIA | S116: 5-2 / 4-2 | T116: LDT/TE | V116: 4-3/4
A118: MLB | B118: BUF | C118: 04-0 | D118: Bernard, Terrel | E118: 36287 | F118: 22/3 | G118: 22/5 | H118: MLB | I118: BFA | J118: 5-3 | K118: MLB | L118: 45-9 | M118: LB | N118: BUF | O118: 04-0
A119: LLB | B119: HOU | C119: 04-0 | D119: Speed, E.J. | E119: 34851 | F119: 19/5 | G119: 19/8 | H119: RLB | I119: INA | J119: 05-0 | K119: LLB | L119: 45-3 | M119: LB | N119: IND | O119: 05-4 | P119: 00-0 | Q119: LB | R119: INA | S119: 00-0 | T119: LB | U119: IND | V119: 00-0
...

Sheet Card Rankings
B2: Player | C2: 2025Tm | D2: 2025 Card Info
B4: All QBs with 100 or more attempts | D4: Mostly mathematical approach this year including all aspects of the card except that end run value is purely subjective
A6: 1 | B6: Maye, Drake | C6: NE
A7: 2 | B7: Stafford, Matthew | C7: LAR
A8: 3 | B8: Goff, Jared | C8: DET
A9: 4 | B9: Love, Jordan | C9: GB
A10: 5 | B10: Allen, Josh | C10: BUF
A11: 6 | B11: Burrow, Joe | C11: CIN
A12: 7 | B12: Jackson, Lamar | C12: BAL
A13: 8 | B13: Prescott, Dak | C13: DAL
A14: 9 | B14: Rodgers, Aaron | C14: PIT
A15: 10 | B15: Mahomes, Patrick | C15: KC
A16: 11 | B16: Herbert, Justin | C16: LAC
A17: 12 | B17: Stroud, C.J. | C17: HOU
A18: 13 | B18: Jones, Daniel | C18: IND | D18: medium snap fumble chance
A19: 14 | B19: Shough, Tyler | C19: NO
A20: 15 | B20: Brissett, Jacoby | C20: ARI
A21: 16 | B21: Mayfield, Baker | C21: TB | D21: medium snap fumble chance
A22: 17 | B22: Murray, Kyler | C22: ARI
A23: 18 | B23: Purdy, Brock | C23: SF
A24: 19 | B24: Dart, Jaxson | C24: NYG
A25: 20 | B25: Hurts, Jalen | C25: PHI
A26: 21 | B26: Darnold, Sam | C26: SEA | D26: medium snap fumble chance
A27: 22 | B27: Nix, Bo | C27: DEN
A28: 23 | B28: Fields, Justin | C28: NYJ
A29: 24 | B29: Williams, Caleb | C29: CHI
A30: 25 | B30: Daniels, Jayden | C30: WAS
A31: 26 | B31: Jones, Mac | C31: SF
A32: 27 | B32: Ward, Cam | C32: TEN | D32: medium snap fumble chance
A33: 28 | B33: Mariota, Marcus | C33: WAS
A34: 29 | B34: Young, Bryce | C34: CAR
A35: 30 | B35: Lawrence, Trevor | C35: JAX
A36: 31 | B36: Penix Jr., Michael | C36: ATL
A37: 32 | B37: Rattler, Spencer | C37: NO
A38: 33 | B38: Gabriel, Dillon | C38: CLE
A39: 34 | B39: Wentz, Carson | C39: MIN | D39: medium snap fumble chance
A40: 35 | B40: Wilson, Russell | C40: NYG | D40: medium snap fumble chance
A41: 36 | B41: Cousins, Kirk | C41: ATL
A42: 37 | B42: Flacco, Joe | C42: CIN
A43: 38 | B43: Mills, Davis | C43: HOU
A44: 39 | B44: Smith, Geno | C44: LAV
A45: 40 | B45: Tagovailoa, Tua | C45: MIA | D45: medium snap fumble chance
A46: 41 | B46: Taylor, Tyrod | C46: NYJ
A47: 42 | B47: Sanders, Shedeur | C47: CLE
A48: 43 | B48: McCarthy, J.J. | C48: MIN | D48: medium snap fumble chance
A49: 44 | B49: Cook, Brady | C49: NYJ | D49: medium snap fumble chance
A50: 45 | B50: Browning, Jake | C50: CIN
B55: All RBs with 50 or more attempts | D55: Ranking based only on off tackle weighted average right (30%) and wrong (70%), no other factors
D56: (weighted means that all yards over +10 are halved so that +50 = +30 weighted)
A57: 1 | B57: Achane, De'Von | C57: MIA | D57: 238
A58: 2 | B58: Taylor, Jonathan | C58: IND | D58: 323
A59: 3 | B59: Cook, James | C59: BUF | D59: 309
A60: 4 | B60: Rodriguez Jr., Chris | C60: WAS | D60: 112 (8.75 so is not affected by the 9.0 rule)
A61: 5 | B61: Henry, Derrick | C61: BAL | D61: 307
A62: 6 | B62: Walker, Kenneth | C62: SEA | D62: 221
A63: 7 | B63: Dobbins, J.K. | C63: DEN | D63: 153
A64: 8 | B64: Williams, Kyren | C64: LAR | D64: 259
A65: 9 | B65: Mitchell, Keaton | C65: BAL | D65: 59 (9.53 treat as only 25-49 carries, not allowed to be unlimited in either half)
A66: 10 | B66: Mason, Jordan | C66: MIN | D66: 159
A67: 11 | B67: Corum, Blake | C67: LAR | D67: 145 (8.97 so is not affected by the 9.0 rule)
A68: 12 | B68: Swift, D'Andre | C68: CHI | D68: 223
... A121: 65 | B121: Sampson, Dylan | C121: CLE | D121: 65
B124: All Punt Returners | D124: Ranking based only upon average yardage, with fair catch = 0 and TD = 75
A126: 1 | B126: Williams, Isaiah | C126: NYJ | D126: LP
A127: 2 | B127: Lane, Jaylin | C127: WAS | D127: LP
A128: 3 | B128: Washington, Parker | C128: JAX | D128: LP
A129: 4 | B129: Horton, Tory | C129: SEA
A130: 5 | B130: Jones, Marcus | C130: NE | D130: LP
A131: 6 | B131: Washington, Malik | C131: MIA | D131: LP
A132: 7 | B132: Dike, Chimere | C132: TEN | D132: LP
A133: 8 | B133: Moore, Skyy | C133: SF | D133: LP
A134: 9 | B134: Dortch, Greg | C134: ARI | D134: LP
A135: 10 | B135: Mims Jr., Marvin | C135: DEN | D135: LP
A136: 11 | B136: Wester, LaJohntay | C136: BAL | D136: LP
A137: 12 | B137: Shaheed, Rashid | C137: SEA
A138: 13 | B138: Miller, Scotty | C138: PIT
A139: 14 | B139: Williams, Ke'Shawn | C139: CIN
A140: 15 | B140: Johnson, Kameron | C140: TB | D140: LP
A141: 16 | B141: Noel, Jaylin | C141: HOU | D141: LP
A142: 17 | B142: Gould, Anthony | C142: IND
A143: 18 | B143: Raymond, Kalif | C143: DET | D143: LP
A144: 19 | B144: Price, Myles | C144: MIN | D144: LP
A145: 20 | B145: Duvernay, Devin | C145: CHI | D145: LP
A146: 21 | B146: Covey, Britain | C146: PHI
A147: 22 | B147: Olszewski, Gunner | C147: NYG | D147: LP
A148: 23 | B148: Remigio, Nikko | C148: KC | D148: LP
A149: 24 | B149: Austin, Calvin | C149: PIT
A150: 25 | B150: Smith, Xavier | C150: LAR | D150: LP
A151: 26 | B151: Pettis, Dante | C151: NO | D151: LP
A152: 27 | B152: Shakir, Khalil | C152: BUF
A153: 28 | B153: Agnew, Jamal | C153: ATL
A154: 29 | B154: Downs, Josh | C154: IND | D154: (may be used as LP at the cost of an extra roster spot)
A155: 30 | B155: Etienne, Trevor | C155: CAR | D155: LP
A156: 31 | B156: Jones, Charlie | C156: CIN | D156: (may be used as LP at the cost of an extra roster spot)
A157: 32 | B157: Doubs, Romeo | C157: GB | D157: (may be used as LP at the cost of an extra roster spot)
A158: 33 | B158: Larvadain, Gage | C158: CLE | D158: LP
A159: 34 | B159: Bachman, Alex | C159: LAV | D159: LP
A160: 35 | B160: Davis, Derius | C160: LAC | D160: (may be used as LP at the cost of an extra roster spot)
A161: 36 | B161: Gipson, Xavier | C161: PHI | D161: (may be used as LP at the cost of an extra roster spot)
A162: 37 | B162: Golden, Matthew | C162: GB | D162: (may be used as LP at the cost of an extra roster spot)
...

Sheet UNOWNED_2025
A1: 2025 Pos | B1: 2025Tm | C1: 2025 Card Info | D1: Player | E1: Birthday | F1: NFL Draft | G1: Lg Draft* | H1: 2024 Pos | I1: 2024Tm | J1: 2024 Card Info | K1: 2023 Pos | L1: 2023Tm | M1: 2023 Card Info | N1: 2022 Pos | O1: 2022Tm | P1: 2022 Card Info | Q1: 2021 Pos | R1: 2021Tm | S1: 2021 Card Info | T1: 2020 Pos | U1: 2020Tm | V1: 2020 Card Info | W1: 2019 Pos | X1: 2019Tm | Y1: 2019 Card Info | Z1: 2018 Pos | AA1: 2018Tm | AB1: 2018 Card Info | AC1: 2017 Pos | AD1: 2017Tm | AE1: 2017 Card Info | AF1: 2016 Pos | AG1: 2016Tm | AH1: 2016 Card Info | AI1: 2015 Pos | AJ1: 2015Tm | AK1: 2015 Card Info | AL1: 2014 Pos | AM1: 2014Tm | AN1: 2014 Card Info | AO1: 2013 Pos | AP1: 2013Tm | AQ1: 2013 Card Info | AR1: 2012 Pos | AS1: 2012Tm | AT1: 2012 Card Info | AU1: 2011 Pos | AV1: 2011Tm | AW1: 2011 Card Info | AX1: 2010 Pos | AY1: 2010Tm | AZ1: 2010 Card Info
A2: OLB | B2: IND | C2: 04-3 | D2: Ajiake, Austin | E2: 36707 | F2: 23/FA
A3: DT/DE | B3: NYG | C3: 0-4 | D3: Alexander, Darius | E3: 36764 | F3: 25/3
A4: KR | B4: BAL | D4: Ali, Rasheen | E4: 36938 | F4: 24/5
A5: HB/KR | B5: JAX | C5: 0-3 23 | D5: Allen Jr., LeQuint | E5: 38204 | F5: 25/7
A6: QB | B6: TEN | C6: 30 attempts | D6: Allen, Brandon | E6: 33852 | F6: 16/6 | G6: 20/7 | H6: QB | I6: SF | J6: 30 attempts | N6: QB | O6: CIN | P6: 3 attempts | Q6: QB | R6: CIN | S6: 34 attempts | T6: QB | U6: CIN | W6: QB | X6: DEN | Y6: 84 attempts
A7: QB | B7: DET | C7: 2 attempts | D7: Allen, Kyle | E7: 35132 | F7: 18/FA | G7: 18/10 | K7: QB | L7: BUF | M7: 0 attempts | N7: QB | O7: HOU | P7: 78 attempts | T7: QB | U7: WAS | V7: 87 attempts | W7: QB | X7: CAR | Z7: QB | AA7: CAR | AB7: 31 attempts
A8: LCB | B8: WAS | C8: 4 | D8: Amos, Trey | E8: 37318 | F8: 25/2
A9: DB | B9: CIN | C9: 00 | D9: Anderson, Tycen | E9: 36324 | F9: 22/5
A10: RCB | B10: TEN | C10: 0 | D10: Armour-Davis, Jalyn | E10: 36406 | F10: 22/4 | H10: DB | I10: BAL | J10: 04
A11: TE/BB | B11: SEA | C11: 4/0-0 | D11: Arroyo, Elijah | E11: 37716 | F11: 25/2
A12: SE/TE | B12: NO | C12: 0 | D12: Austin Jr., Kevin | E12: 36605 | F12: 22/FA | H12: WR | I12: NO
A13: DB | B13: NE | C13: 00 | D13: Austin, Alex | E13: 37033 | F13: 23/7 | G13: 24/13 | H13: DB | I13: NE | J13: 00
A14: DB | B14: CLE | C14: 00 | D14: Avery, Tre | E14: 35487 | F14: 22/FA | K14: DB | L14: TEN | M14: 00 | N14: DB | O14: TEN | P14: 04
A15: SE | B15: TEN | D15: Ayomanor, Elic | E15: 37775 | F15: 25/4
A16: LP | B16: LAV | D16: Bachman, Alex | E16: 35214 | F16: 19/FA
A17: HB/KR | B17: DEN | C17: 0-0 8 | D17: Badie, Tyler | E17: 36563 | F17: 22/6
A18: DB | B18: GB | C18: 00 | D18: Baldwin, Johnathan | E18: 37660 | F18: 25/FA
A19: LT | B19: NO | C19: 5-5 | D19: Banks Jr., Kelvin | E19: 38056 | F19: 25/1 (9)
A20: DT | B20: WAS | C20: 0-2 | D20: Barber, Ricky | E20: 37018 | F20: 25/FA
A21: ILB | B21: NYG | C21: 00-3 | D21: Barnes, Zaire | E21: 36406 | F21: 23/6
A22: DB | B22: DEN | C22: 04 | D22: Barron, Jahdae | E22: 37229 | F22: 25/1 (20)
A23: LB | B23: KC | C23: 00-0 | D23: Bassa, Jeffrey | E23: 37519 | F23: 25/5
A24: DE/OLB | B24: MIN | C24: 0-0/00-0 | D24: Batty, Tyler | E24: 36282 | F24: 25/FA
A25: WR | B25: LAV | D25: Bech, Jack | E25: 37608 | F25: 25/2
A26: FB | B26: NYJ | C26: 4-0 1 | D26: Beck, Andrew | E26: 35200 | F26: 19/FA | G26: 23/9 | K26: FB/KR | L26: HOU | M26: 0-5 5 | W26: TE/BB | X26: DEN | Y26: 4/0-0
A27: G/T | B27: GB | C27: 0-0 | D27: Belton, Anthony | E27: 36945 | F27: 25/2
A28: T/TE | B28: CHI | C28: 4-2/4 | D28: Benedet, Theo | E28: 37176 | F28: 24/FA
A29: DT/DE | B29: MIA | C29: 0-2 | D29: Biggers, Zeek | E29: 37898 | F29: 25/7
A30: DB | B30: NYG | C30: 04 | D30: Black, Korie | E30: 37429 | F30: 25/7
A31: DT/DE | B31: PIT | C31: 0-0 | D31: Black, Yahya | E31: 37367 | F31: 25/5
A32: LCB | B32: IND | C32: 0 | D32: Blackmon, Mekhi | E32: 36237 | F32: 23/3 | G32: 23/7 | K32: CB | L32: MIN | M32: 4
A33: HB | B33: DAL | C33: 0-2 38 | D33: Blue, Jaydon | E33: 37994 | F33: 25/5
A34: WR | B34: CLE | D34: Bond, Isaiah | E34: 38061 | F34: 25/FA
A35: DB | B35: MIA | C35: 00 | D35: Bonner, Ethan | E35: 36456 | F35: 23/FA
A36: K | B36: NE | D36: Borregales, Andres | E36: 37623 | F36: 25/6
A37: DB | B37: ATL | C37: 00 | D37: Bowman Jr., Billy | E37: 37650 | F37: 25/4
A38: DT | B38: NO | C38: 0-0 | D38: Boyd, Khristian | E38: 36579 | F38: 24/6
A39: DB | B39: JAX | C39: 04 | D39: Braswell, Christian | E39: 36430 | F39: 23/6
A40: DT | B40: TB | C40: 0-1 | D40: Brewer, C.J. | E40: 35695 | F40: 22/FA | H40: DT | I40: TB | J40: 0-2
A41: QB | B41: TB | C41: 15 attempts | D41: Bridgewater, Teddy | E41: 33918 | F41: 14/1 (32) | G41: 14/1(1) | K41: QB | L41: DET | M41: 0 attempts | N41: QB | O41: MIA | P41: 79 attempts | Q41: QB | R41: DEN | T41: QB | U41: CAR | W41: QB | X41: NO | Z41: QB | AA41: NO | AB41: 23 attempts | AI41: QB | AJ41: MIN | AL41: QB | AM41: MIN
A42: RDT | B42: NYJ | C42: 0-5 | D42: Briggs, Jowon | E42: 37135 | F42: 24/7
A43: DT/DE | B43: GB | C43: 0-2 | D43: Brinson, Warren | E43: 37291 | F43: 25/6
A44: HB/FB | B44: HOU | C44: 0-5/4-5 17 | D44: Brooks, British | E44: 36482 | F44: 24/FA
A45: DB | B45: TEN | C45: 04 | D45: Brooks, Kendell | E45: 36588 | F45: 23/FA
A46: KR | B46: ATL | C46: 00 | D46: Brooks, Natrone | E46: 36505 | F46: 23/FA
A47: HB | B47: CIN | C47: 0-0 16 | D47: Brooks, Tahj | E47: 37389 | F47: 25/6
A48: QB | B48: MIN | C48: 71 attempts | D48: Brosmer, Max | E48: 36978 | F48: 25/FA
A49: DT | B49: NO | C49: 0-0 | D49: Broughton, Vernon | E49: 37087 | F49: 25/3
A50: HB | B50: CHI | C50: 0-0 5 | D50: Brown, Brittain | E50: 35713 | F50: 22/7
A51: DB | B51: ATL | C51: 00 | D51: Bryant, Cobee | E51: 37151 | F51: 25/FA
A52: WR | B52: DEN | D52: Bryant, Pat | E52: 37600 | F52: 25/3
A53: RILB | B53: BAL | C53: 45-2 | D53: Buchanan, Teddye | E53: 37532 | F53: 25/4
A54: C/TE | B54: BAL | C54: 0-0/4 | D54: Bullock, Corey | E54: 37146 | F54: 24/FA
A55: LB | B55: TB | C55: 00-0 | D55: Bullock, John | E55: 37003 | F55: 25/FA
A56: OLB/DE | B56: ARI | C56: 00-3/0-3 | D56: Burch, Jordan | E56: 37174 | F56: 25/3
A57: WR | B57: CHI | D57: Burden, Luther | E57: 37967 | F57: 25/2
A58: DB | B58: NO | C58: 05 | D58: Burgess, Terrell | E58: 36111 | F58: 20/3 | G58: 21/11 | K58: DB | L58: WAS | M58: 00 | Q58: DB | R58: LAR | S58: 00 | T58: DB | U58: LAR | V58: 00
A59: RCB | B59: ARI | C59: 4 | D59: Burke, Denzel | E59: 37539 | F59: 25/5
A60: C/G | B60: SEA | C60: 0-0 | D60: Cabeldue, Bryce | E60: 37138 | F60: 25/6
A61: NT | B61: LAC | C61: 4-1 | D61: Caldwell, Jamaree | E61: 36768 | F61: 25/3
A62: G/C | B62: KC | C62: 4-0/0-0 | D62: Caliendo, Mike | E62: 35724 | F62: 22/FA | H62: G | I62: KC | J62: 0-2 | K62: G | L62: KC | M62: 0-0
A63: ILB | B63: PHI | C63: 44-0 | D63: Campbell, Jihaad | E63: 38041 | F63: 25/1 (31)
A64: LT | B64: NE | C64: 5-4 | D64: Campbell, Will | E64: 37992 | F64: 25/1 (4)
A65: DB | B65: DAL | C65: 04 | D65: Carson, Caelen | E65: 37318 | F65: 24/5 | H65: DB | I65: DAL | J65: 00
A66: MLB | B66: CIN | C66: 04-0 | D66: Carter, Barrett | E66: 37552 | F66: 25/4
A67: HB | B67: ATL | C67: 0-0 9 | D67: Carter, Nathan | E67: 37398 | F67: 25/FA
A68: DE | B68: ARI | C68: 0-0 | D68: Carter, Zachary | E68: 36257 | F68: 22/3 | G68: 22/6 | H68: DT | I68: LAV | J68: 0-3 | K68: DT | L68: CIN | M68: 0-0 | N68: RE/DT | O68: CIN | P68: 4-1
A69: LB | B69: MIN | C69: 00-5 | D69: Chambliss, Chaz | E69: 37554 | F69: 25/FA
A70: ILB | B70: CAR | C70: 04-0 | D70: Cherelus, Claudin | E70: 36200 | F70: 23/FA
A71: KR | B71: NE | D71: Chism, Elton | E71: 37190 | F71: 25/FA
A72: T | B72: TB | C72: 4-2 | D72: Chukwuma, Ben | E72: 37019 | F72: 25/FA
A73: DB | B73: DAL | C73: 00 | D73: Clark, Alijah | E73: 37813 | F73: 25/FA
A74: DB | B74: NYJ | C74: 00 | D74: Clark, Dean | E74: 37043 | F74: 25/FA
A75: DB | B75: NYJ | C75: 00 | D75: Clark, Jordan | E75: 37003 | F75: 25/FA
A76: G | B76: SF | C76: 4-0 | D76: Colby, Connor | E76: 37637 | F76: 25/7
A77: DT | B77: ARI | C77: 0-0 | D77: Collier, L.J. | E77: 34954 | F77: 19/1 (29) | G77: 19/4 | H77: RE | I77: ARI | J77: 0-4 | N77: DE | O77: SEA | P77: 0-0 | Q77: DE | R77: SEA | S77: 0-0 | T77: RE | U77: SEA | V77: 4-3 | W77: DE | X77: SEA | Y77: 0-0
A78: DT/DE | B78: SF | C78: 0-2 | D78: Collins, Alfred | E78: 37172 | F78: 25/2
A79: RT | B79: WAS | C79: 4-2 | D79: Conerly Jr., Josh | E79: 37930 | F79: 25/1 (29)
A80: G | B80: ARI | C80: 0-0 | D80: Conner, Hayden | E80: 37372 | F80: 25/6
A81: TE | B81: MIA | C81: 0 | D81: Conner, Tanner | E81: 35874 | F81: 22/FA
A82: QB | B82: NYJ | D82: Cook, Brady | E82: 37176 | F82: 25/FA
A83: T | B83: PIT | C83: 0-0 | D83: Cook, Dylan | E83: 35806 | F83: 22/FA
A84: WR | B84: PHI | D84: Cooper, Darius | E84: 37217 | F84: 25/FA
A85: PR | B85: PHI | D85: Covey, Britain | E85: 35507 | F85: 22/FA | G85: 22/9 | K85: LP/KR | L85: PHI | N85: LP/KR | O85: PHI
A86: P | B86: DEN | D86: Crawshaw, Jeremy | E86: 37033 | F86: 25/6
A87: HB | B87: WAS | C87: 0-0 175 | D87: Croskey-Merritt, Jacory | E87: 36993 | F87: 25/7
A88: DT | B88: CIN | C88: 0-0 | D88: Cross, Howard | E88: 37103 | F88: 25/FA
A89: T/TE | B89: DEN | C89: 0-0/4 | D89: Crum, Frank | E89: 36660 | F89: 24/FA | H89: T | I89: DEN | J89: 0-0
A90: QB | B90: NYG | D90: Dart, Jaxson | E90: 37754 | F90: 25/1 (25)
A91: CB | B91: CIN | C91: 4 | D91: Davis, Jalen | E91: 35097 | F91: 18/FA | K91: DB | L91: CIN | M91: 00
A92: LB | B92: LAV | C92: 00-0 | D92: Davis, Jamin | E92: 36141 | F92: 21/1 (19) | G92: 21/3 | H92: LB | I92: MIN | J92: 00-2 | K92: LLB | L92: WAS | M92: 04-5 | N92: LLB | O92: WAS | P92: 44-5 | Q92: MLB | R92: WAS | S92: 04-3
A93: HB | B93: DAL | C93: 0-0 52 | D93: Davis, Malik | E93: 36125 | F93: 22/FA | G93: 22/14 | N93: HB | O93: DAL | P93: 0-0 38
A94: DT/DE | B94: WAS | C94: 0-0 | D94: Day, Sheldon | E94: 34516 | F94: 16/4 | G94: 16/7 | H94: DT | I94: WAS | J94: 0-0 | K94: DT/DE | L94: MIN | M94: 0-0 | Q94: DT | R94: CLE | S94: 0-2 | W94: DT/TE | X94: SF | Y94: 4-3/4 | Z94: DT | AA94: SF | AB94: 0-3 | AC94: DT | AD94: SF | AE94: 0-0 | AF94: DT | AG94: JAX | AH94: 0-2
A95: T/TE | B95: LAC | C95: 0-0/4 | D95: Deculus, Austin | E95: 36231 | F95: 22/6 | H95: T | I95: HOU | J95: 0-0 | K95: T | L95: HOU | M95: 0-0
A96: DT | B96: JAX | C96: 0-0 | D96: Dickerson, Matt | E96: 35012 | F96: 18/FA | K96: DT | L96: KC | M96: 0-0 | N96: DT | O96: ATL | P96: 0-0 | T96: DE | U96: TEN | V96: 0-0
A97: FL/LP/LK | B97: TEN | D97: Dike, Chimere | E97: 37239 | F97: 25/4
A98: QB | B98: NE | C98: 10 attempts | D98: Dobbs, Josh | E98: 34725 | F98: 17/4 | G98: 24/15 | H98: QB | I98: SF | J98: 47 attempts | K98: QB | L98: MIN | N98: QB | O98: TEN | P98: 68 attempts | W98: (IR) | Z98: QB | AA98: PIT | AB98: 12 attempts
A99: RE | B99: ATL | C99: 4-10 | D99: Dorlus, Brandon | E99: 36972 | F99: 24/4
A100: WR | B100: ATL | D100: Drummond, Dylan | E100: 36542 | F100: 23/FA
...

Sheet Last 3 Games Randomizer
A1: Website: | B1: https://wheeldecide.com/ | D1: Results: | F1: 2018 Randomizer: https://www.youtube.com/watch?v=umlcmcYWvSE
B2: Baylor | D2: Martin | F2: 2020 Card Set Randomizer: https://www.youtube.com/watch?v=_02_lsKvXCE
A3: 1 | B3: Philadelphia | C3: 1 | D3: Buffalo
A4: 2 | B4: Indianapolis | C4: 2 | D4: Pittsburgh
A5: 3 | B5: New York Jets | C5: 3 | D5: Cleveland
A6: 4 | B6: Los Angeles Rams | C6: 4 | D6: New York Giants
A7: 5 | B7: Houston | C7: 5 | D7: Chicago
A8: 6 | B8: New Orleans | C8: 6 | D8: Seattle
A9: 7 | B9: Las Vegas | C9: 7 | D9: Dallas
A10: 8 | B10: Kansas City | C10: 8 | D10: Tennessee
A11: 9 | B11: Baltimore | C11: 9 | D11: Cincinatti
A12: 10 | B12: Atlanta | C12: 10 | D12: Los Angeles Chargers
A13: 11 | B13: Denver | C13: 11 | D13: Tampa Bay
A14: 12 | B14: New England | C14: 12 | D14: Arizona
... A46: 14 | B46: Detroit | C46: 2 | D46: Pittsburgh

Sheet ALL
A2: Player | B2: 2024 Pos | C2: 2024Tm | D2: Birthday | E2: NFL Draft | F2: Lg Draft* | G2: 2024 Card Info | H2: Taken | I2: Column1 | J2: DefPrimary2 | K2: Def-Secondary3 | L2: PassRush4 | M2: PassRush*5 | N2: RunBlock-Primary6 | O2: RunBlock-Secondary7 | P2: PassBlock8 | Q2: PassBlock9 | R2: Player Data
A3: Adkins, Nate | B3: BB TE | C3: DNA | D3: 36350 | E3: 23/FA | G3: 0-2 4-3-0 | H3: =VLOOKUP(Table16[[#This Row],[Player]],Rosters!$D$1:$D$1939,1,FALSE) -> Adkins, Nate | I3: =Table16[[#This Row],[RunBlock-Primary6]]&"-"&Table16[[#This Row],[PassBlock8]]&IF(Table16[[#This Row],[RunBlock-Secondary7]]<>"","/"&Table16[[#This Row],[RunBlock-Secondary7]]&"-"&Table16[[#This Row],[PassBlock8]],"") -> 0-2 | N3: 0 | P3: 2 | Q3: =Table16[[#This Row],[DefPrimary2]]&IF(Table16[[#This Row],[Def-Secondary3]]<>"","/"&Table16[[#This Row],[Def-Secondary3]],)&""&IF(Table16[[#This Row],[PassRush4]]<>"","-"&Table16[[#This Row],[PassRush4]],) | R3: =VLOOKUP(Table16[[#This Row],[Player]],#REF!,9,FALSE) -> #REF! | S3: =LEFT(Table16[[#This Row],[2024 Card Info]],3)&" "&Table16[[#This Row],[Player Data]] -> #REF!
A4: Akins, Jordan | B4: BB TE | C4: CLA | D4: 33713 | E4: 18/3 | G4: 0-2 3-5-0 | H4: =VLOOKUP(Table16[[#This Row],[Player]],Rosters!$D$1:$D$1939,1,FALSE) -> Akins, Jordan | I4: =Table16[[#This Row],[RunBlock-Primary6]]&"-"&Table16[[#This Row],[PassBlock8]]&IF(Table16[[#This Row],[RunBlock-Secondary7]]<>"","/"&Table16[[#This Row],[RunBlock-Secondary7]]&"-"&Table16[[#This Row],[PassBlock8]],"") -> 0-2 | N4: 0 | P4: 2 | Q4: =Table16[[#This Row],[DefPrimary2]]&IF(Table16[[#This Row],[Def-Secondary3]]<>"","/"&Table16[[#This Row],[Def-Secondary3]],)&""&IF(Table16[[#This Row],[PassRush4]]<>"","-"&Table16[[#This Row],[PassRush4]],) | R4: =VLOOKUP(Table16[[#This Row],[Player]],#REF!,9,FALSE) -> #REF! | S4: =LEFT(Table16[[#This Row],[2024 Card Info]],3)&" "&Table16[[#This Row],[Player Data]] -> #REF!
A5: Bates, John | B5: BB TE | C5: WAN | D5: 35735 | E5: 21/4 | G5: 0-3 3-3-0 | H5: =VLOOKUP(Table16[[#This Row],[Player]],Rosters!$D$1:$D$1939,1,FALSE) -> Bates, John | I5: =Table16[[#This Row],[RunBlock-Primary6]]&"-"&Table16[[#This Row],[PassBlock8]]&IF(Table16[[#This Row],[RunBlock-Secondary7]]<>"","/"&Table16[[#This Row],[RunBlock-Secondary7]]&"-"&Table16[[#This Row],[PassBlock8]],"") -> 0-3 | N5: 0 | P5: 3 | Q5: =Table16[[#This Row],[DefPrimary2]]&IF(Table16[[#This Row],[Def-Secondary3]]<>"","/"&Table16[[#This Row],[Def-Secondary3]],)&""&IF(Table16[[#This Row],[PassRush4]]<>"","-"&Table16[[#This Row],[PassRush4]],) | R5: =VLOOKUP(Table16[[#This Row],[Player]],#REF!,9,FALSE) -> #REF! | S5: =LEFT(Table16[[#This Row],[2024 Card Info]],3)&" "&Table16[[#This Row],[Player Data]] -> #REF!
A6: Calcaterra, Grant | B6: BB TE | C6: PHN | D6: 36133 | E6: 22/6 | G6: 0-0 4-3-3 | H6: =VLOOKUP(Table16[[#This Row],[Player]],Rosters!$D$1:$D$1939,1,FALSE) -> Calcaterra, Grant | I6: =Table16[[#This Row],[RunBlock-Primary6]]&"-"&Table16[[#This Row],[PassBlock8]]&IF(Table16[[#This Row],[RunBlock-Secondary7]]<>"","/"&Table16[[#This Row],[RunBlock-Secondary7]]&"-"&Table16[[#This Row],[PassBlock8]],"") -> 0-0 | N6: 0 | P6: 0 | Q6: =Table16[[#This Row],[DefPrimary2]]&IF(Table16[[#This Row],[Def-Secondary3]]<>"","/"&Table16[[#This Row],[Def-Secondary3]],)&""&IF(Table16[[#This Row],[PassRush4]]<>"","-"&Table16[[#This Row],[PassRush4]],) | R6: =VLOOKUP(Table16[[#This Row],[Player]],#REF!,9,FALSE) -> #REF! | S6: =LEFT(Table16[[#This Row],[2024 Card Info]],3)&" "&Table16[[#This Row],[Player Data]] -> #REF!
A7: Gesicki, Mike | B7: BB TE | C7: CNA | D7: 34975 | E7: 18/2 | G7: 0-2 5-5-0 | H7: =VLOOKUP(Table16[[#This Row],[Player]],Rosters!$D$1:$D$1939,1,FALSE) -> Gesicki, Mike | I7: =Table16[[#This Row],[RunBlock-Primary6]]&"-"&Table16[[#This Row],[PassBlock8]]&IF(Table16[[#This Row],[RunBlock-Secondary7]]<>"","/"&Table16[[#This Row],[RunBlock-Secondary7]]&"-"&Table16[[#This Row],[PassBlock8]],"") -> 0-2 | N7: 0 | P7: 2 | Q7: =Table16[[#This Row],[DefPrimary2]]&IF(Table16[[#This Row],[Def-Secondary3]]<>"","/"&Table16[[#This Row],[Def-Secondary3]],)&""&IF(Table16[[#This Row],[PassRush4]]<>"","-"&Table16[[#This Row],[PassRush4]],) | R7: =VLOOKUP(Table16[[#This Row],[Player]],#REF!,9,FALSE) -> #REF! | S7: =LEFT(Table16[[#This Row],[2024 Card Info]],3)&" "&Table16[[#This Row],[Player Data]] -> #REF!
A8: Gray, Noah | B8: BB TE | C8: KCA | D8: 36251 | E8: 21/5 | G8: 4-4 5-4-2 | H8: =VLOOKUP(Table16[[#This Row],[Player]],Rosters!$D$1:$D$1939,1,FALSE) -> Gray, Noah | I8: =Table16[[#This Row],[RunBlock-Primary6]]&"-"&Table16[[#This Row],[PassBlock8]]&IF(Table16[[#This Row],[RunBlock-Secondary7]]<>"","/"&Table16[[#This Row],[RunBlock-Secondary7]]&"-"&Table16[[#This Row],[PassBlock8]],"") -> 4-4 | N8: 4 | P8: 4 | Q8: =Table16[[#This Row],[DefPrimary2]]&IF(Table16[[#This Row],[Def-Secondary3]]<>"","/"&Table16[[#This Row],[Def-Secondary3]],)&""&IF(Table16[[#This Row],[PassRush4]]<>"","-"&Table16[[#This Row],[PassRush4]],) | R8: =VLOOKUP(Table16[[#This Row],[Player]],#REF!,9,FALSE) -> #REF! | S8: =LEFT(Table16[[#This Row],[2024 Card Info]],3)&" "&Table16[[#This Row],[Player Data]] -> #REF!
A9: Henry, Hunter | B9: BB TE | C9: NEA | D9: 34675 | E9: 16/2 | G9: 0-3 5-5-3 | H9: =VLOOKUP(Table16[[#This Row],[Player]],Rosters!$D$1:$D$1939,1,FALSE) -> Henry, Hunter | I9: =Table16[[#This Row],[RunBlock-Primary6]]&"-"&Table16[[#This Row],[PassBlock8]]&IF(Table16[[#This Row],[RunBlock-Secondary7]]<>"","/"&Table16[[#This Row],[RunBlock-Secondary7]]&"-"&Table16[[#This Row],[PassBlock8]],"") -> 0-3 | N9: 0 | P9: 3 | Q9: =Table16[[#This Row],[DefPrimary2]]&IF(Table16[[#This Row],[Def-Secondary3]]<>"","/"&Table16[[#This Row],[Def-Secondary3]],)&""&IF(Table16[[#This Row],[PassRush4]]<>"","-"&Table16[[#This Row],[PassRush4]],) | R9: =VLOOKUP(Table16[[#This Row],[Player]],#REF!,9,FALSE) -> #REF! | S9: =LEFT(Table16[[#This Row],[2024 Card Info]],3)&" "&Table16[[#This Row],[Player Data]] -> #REF!
A10: Hockenson, T.J. | B10: BB TE | C10: MIN | D10: 35614 | E10: 19/1 (8) | G10: 0-4 5-5-2 | H10: =VLOOKUP(Table16[[#This Row],[Player]],Rosters!$D$1:$D$1939,1,FALSE) -> Hockenson, T.J. | I10: =Table16[[#This Row],[RunBlock-Primary6]]&"-"&Table16[[#This Row],[PassBlock8]]&IF(Table16[[#This Row],[RunBlock-Secondary7]]<>"","/"&Table16[[#This Row],[RunBlock-Secondary7]]&"-"&Table16[[#This Row],[PassBlock8]],"") -> 0-4 | N10: 0 | P10: 4 | Q10: =Table16[[#This Row],[DefPrimary2]]&IF(Table16[[#This Row],[Def-Secondary3]]<>"","/"&Table16[[#This Row],[Def-Secondary3]],)&""&IF(Table16[[#This Row],[PassRush4]]<>"","-"&Table16[[#This Row],[PassRush4]],) | R10: =VLOOKUP(Table16[[#This Row],[Player]],#REF!,9,FALSE) -> #REF! | S10: =LEFT(Table16[[#This Row],[2024 Card Info]],3)&" "&Table16[[#This Row],[Player Data]] -> #REF!
A11: Kincaid, Dalton | B11: BB TE | C11: BFA | D11: 36451 | E11: 23/1 | G11: 0-2 5-5-2 | H11: =VLOOKUP(Table16[[#This Row],[Player]],Rosters!$D$1:$D$1939,1,FALSE) -> Kincaid, Dalton | I11: =Table16[[#This Row],[RunBlock-Primary6]]&"-"&Table16[[#This Row],[PassBlock8]]&IF(Table16[[#This Row],[RunBlock-Secondary7]]<>"","/"&Table16[[#This Row],[RunBlock-Secondary7]]&"-"&Table16[[#This Row],[PassBlock8]],"") -> 0-2 | N11: 0 | P11: 2 | Q11: =Table16[[#This Row],[DefPrimary2]]&IF(Table16[[#This Row],[Def-Secondary3]]<>"","/"&Table16[[#This Row],[Def-Secondary3]],)&""&IF(Table16[[#This Row],[PassRush4]]<>"","-"&Table16[[#This Row],[PassRush4]],) | R11: =VLOOKUP(Table16[[#This Row],[Player]],#REF!,9,FALSE) -> #REF! | S11: =LEFT(Table16[[#This Row],[2024 Card Info]],3)&" "&Table16[[#This Row],[Player Data]] -> #REF!
A12: Manhertz, Chris | B12: BB TE | C12: NYN | D12: 33704 | E12: 15/FA | G12: 4-5 3-3-0 | H12: =VLOOKUP(Table16[[#This Row],[Player]],Rosters!$D$1:$D$1939,1,FALSE) -> Manhertz, Chris | I12: =Table16[[#This Row],[RunBlock-Primary6]]&"-"&Table16[[#This Row],[PassBlock8]]&IF(Table16[[#This Row],[RunBlock-Secondary7]]<>"","/"&Table16[[#This Row],[RunBlock-Secondary7]]&"-"&Table16[[#This Row],[PassBlock8]],"") -> 4-5 | N12: 4 | P12: 5 | Q12: =Table16[[#This Row],[DefPrimary2]]&IF(Table16[[#This Row],[Def-Secondary3]]<>"","/"&Table16[[#This Row],[Def-Secondary3]],)&""&IF(Table16[[#This Row],[PassRush4]]<>"","-"&Table16[[#This Row],[PassRush4]],) | R12: =VLOOKUP(Table16[[#This Row],[Player]],#REF!,9,FALSE) -> #REF! | S12: =LEFT(Table16[[#This Row],[2024 Card Info]],3)&" "&Table16[[#This Row],[Player Data]] -> #REF!
A13: Mayer, Michael | B13: BB TE | C13: LVA | D13: 37078 | E13: 23/2 | G13: 0-0 4-3-0 | H13: =VLOOKUP(Table16[[#This Row],[Player]],Rosters!$D$1:$D$1939,1,FALSE) -> Mayer, Michael | I13: =Table16[[#This Row],[RunBlock-Primary6]]&"-"&Table16[[#This Row],[PassBlock8]]&IF(Table16[[#This Row],[RunBlock-Secondary7]]<>"","/"&Table16[[#This Row],[RunBlock-Secondary7]]&"-"&Table16[[#This Row],[PassBlock8]],"") -> 0-0 | N13: 0 | P13: 0 | Q13: =Table16[[#This Row],[DefPrimary2]]&IF(Table16[[#This Row],[Def-Secondary3]]<>"","/"&Table16[[#This Row],[Def-Secondary3]],)&""&IF(Table16[[#This Row],[PassRush4]]<>"","-"&Table16[[#This Row],[PassRush4]],) | R13: =VLOOKUP(Table16[[#This Row],[Player]],#REF!,9,FALSE) -> #REF! | S13: =LEFT(Table16[[#This Row],[2024 Card Info]],3)&" "&Table16[[#This Row],[Player Data]] -> #REF!
A14: Moreau, Foster | B14: BB TE | C14: NON | D14: 35556 | E14: 19/4 | G14: 0-3 4-5-3 | H14: =VLOOKUP(Table16[[#This Row],[Player]],Rosters!$D$1:$D$1939,1,FALSE) -> Moreau, Foster | I14: =Table16[[#This Row],[RunBlock-Primary6]]&"-"&Table16[[#This Row],[PassBlock8]]&IF(Table16[[#This Row],[RunBlock-Secondary7]]<>"","/"&Table16[[#This Row],[RunBlock-Secondary7]]&"-"&Table16[[#This Row],[PassBlock8]],"") -> 0-3 | N14: 0 | P14: 3 | Q14: =Table16[[#This Row],[DefPrimary2]]&IF(Table16[[#This Row],[Def-Secondary3]]<>"","/"&Table16[[#This Row],[Def-Secondary3]],)&""&IF(Table16[[#This Row],[PassRush4]]<>"","-"&Table16[[#This Row],[PassRush4]],) | R14: =VLOOKUP(Table16[[#This Row],[Player]],#REF!,9,FALSE) -> #REF! | S14: =LEFT(Table16[[#This Row],[2024 Card Info]],3)&" "&Table16[[#This Row],[Player Data]] -> #REF!
... A21: Woerner, Charlie | B21: BB TE | C21: ATN | D21: 35704 | E21: 20/6 | G21: 0-0 3-3-0 | H21: =VLOOKUP(Table16[[#This Row],[Player]],Rosters!$D$1:$D$1939,1,FALSE) -> Woerner, Charlie | I21: =Table16[[#This Row],[RunBlock-Primary6]]&"-"&Table16[[#This Row],[PassBlock8]]&IF(Table16[[#This Row],[RunBlock-Secondary7]]<>"","/"&Table16[[#This Row],[RunBlock-Secondary7]]&"-"&Table16[[#This Row],[PassBlock8]],"") -> 0-0 | N21: 0 | P21: 0 | Q21: =Table16[[#This Row],[DefPrimary2]]&IF(Table16[[#This Row],[Def-Secondary3]]<>"","/"&Table16[[#This Row],[Def-Secondary3]],)&""&IF(Table16[[#This Row],[PassRush4]]<>"","-"&Table16[[#This Row],[PassRush4]],) | R21: =VLOOKUP(Table16[[#This Row],[Player]],#REF!,9,FALSE) -> #REF! | S21: =LEFT(Table16[[#This Row],[2024 Card Info]],3)&" "&Table16[[#This Row],[Player Data]] -> #REF!
A22: Wright, Brock | B22: BB TE | C22: DEN | D22: 36161 | E22: 0 | G22: 0-0 4-3-0 | H22: =VLOOKUP(Table16[[#This Row],[Player]],Rosters!$D$1:$D$1939,1,FALSE) -> Wright, Brock | I22: =Table16[[#This Row],[RunBlock-Primary6]]&"-"&Table16[[#This Row],[PassBlock8]]&IF(Table16[[#This Row],[RunBlock-Secondary7]]<>"","/"&Table16[[#This Row],[RunBlock-Secondary7]]&"-"&Table16[[#This Row],[PassBlock8]],"") -> 0-0 | N22: 0 | P22: 0 | Q22: =Table16[[#This Row],[DefPrimary2]]&IF(Table16[[#This Row],[Def-Secondary3]]<>"","/"&Table16[[#This Row],[Def-Secondary3]],)&""&IF(Table16[[#This Row],[PassRush4]]<>"","-"&Table16[[#This Row],[PassRush4]],) | R22: =VLOOKUP(Table16[[#This Row],[Player]],#REF!,9,FALSE) -> #REF! | S22: =LEFT(Table16[[#This Row],[2024 Card Info]],3)&" "&Table16[[#This Row],[Player Data]] -> #REF!
A23: Barton, Graham | B23: C | C23: TBN | D23: 37408 | E23: 24/1(26) | G23: 4-4 | H23: =VLOOKUP(Table16[[#This Row],[Player]],Rosters!$D$1:$D$1939,1,FALSE) -> Barton, Graham | I23: =Table16[[#This Row],[RunBlock-Primary6]]&"-"&Table16[[#This Row],[PassBlock8]]&IF(Table16[[#This Row],[RunBlock-Secondary7]]<>"","/"&Table16[[#This Row],[RunBlock-Secondary7]]&"-"&Table16[[#This Row],[PassBlock8]],"") -> 4-4 | N23: 4 | P23: 4 | Q23: =Table16[[#This Row],[DefPrimary2]]&IF(Table16[[#This Row],[Def-Secondary3]]<>"","/"&Table16[[#This Row],[Def-Secondary3]],)&""&IF(Table16[[#This Row],[PassRush4]]<>"","-"&Table16[[#This Row],[PassRush4]],) | R23: =VLOOKUP(Table16[[#This Row],[Player]],#REF!,9,FALSE) -> #REF! | S23: =Table16[[#This Row],[2024 Card Info]]&" "&Table16[[#This Row],[Player Data]] -> #REF!
A24: Beebe, Cooper | B24: C | C24: DAN | D24: 37030 | E24: 24/3(73) | G24: 4-5 | H24: =VLOOKUP(Table16[[#This Row],[Player]],Rosters!$D$1:$D$1939,1,FALSE) -> Beebe, Cooper | I24: =Table16[[#This Row],[RunBlock-Primary6]]&"-"&Table16[[#This Row],[PassBlock8]]&IF(Table16[[#This Row],[RunBlock-Secondary7]]<>"","/"&Table16[[#This Row],[RunBlock-Secondary7]]&"-"&Table16[[#This Row],[PassBlock8]],"") -> 4-5 | N24: 4 | P24: 5 | Q24: =Table16[[#This Row],[DefPrimary2]]&IF(Table16[[#This Row],[Def-Secondary3]]<>"","/"&Table16[[#This Row],[Def-Secondary3]],)&""&IF(Table16[[#This Row],[PassRush4]]<>"","-"&Table16[[#This Row],[PassRush4]],) | R24: =VLOOKUP(Table16[[#This Row],[Player]],#REF!,9,FALSE) -> #REF! | S24: =Table16[[#This Row],[2024 Card Info]]&" "&Table16[[#This Row],[Player Data]] -> #REF!
A25: Biadasz, Tyler | B25: C | C25: WAN | D25: 35754 | E25: 20/4 | G25: 5-5 | H25: =VLOOKUP(Table16[[#This Row],[Player]],Rosters!$D$1:$D$1939,1,FALSE) -> Biadasz, Tyler | I25: =Table16[[#This Row],[RunBlock-Primary6]]&"-"&Table16[[#This Row],[PassBlock8]]&IF(Table16[[#This Row],[RunBlock-Secondary7]]<>"","/"&Table16[[#This Row],[RunBlock-Secondary7]]&"-"&Table16[[#This Row],[PassBlock8]],"") -> 5-5 | N25: 5 | P25: 5 | Q25: =Table16[[#This Row],[DefPrimary2]]&IF(Table16[[#This Row],[Def-Secondary3]]<>"","/"&Table16[[#This Row],[Def-Secondary3]],)&""&IF(Table16[[#This Row],[PassRush4]]<>"","-"&Table16[[#This Row],[PassRush4]],) | R25: =VLOOKUP(Table16[[#This Row],[Player]],#REF!,9,FALSE) -> #REF! | S25: =Table16[[#This Row],[2024 Card Info]]&" "&Table16[[#This Row],[Player Data]] -> #REF!
A26: Bozeman, Bradley | B26: C | C26: LAA | D26: 34662 | E26: 18/6 | G26: 4-0 | H26: =VLOOKUP(Table16[[#This Row],[Player]],Rosters!$D$1:$D$1939,1,FALSE) -> Bozeman, Bradley | I26: =Table16[[#This Row],[RunBlock-Primary6]]&"-"&Table16[[#This Row],[PassBlock8]]&IF(Table16[[#This Row],[RunBlock-Secondary7]]<>"","/"&Table16[[#This Row],[RunBlock-Secondary7]]&"-"&Table16[[#This Row],[PassBlock8]],"") -> 4-0 | N26: 4 | P26: 0 | Q26: =Table16[[#This Row],[DefPrimary2]]&IF(Table16[[#This Row],[Def-Secondary3]]<>"","/"&Table16[[#This Row],[Def-Secondary3]],)&""&IF(Table16[[#This Row],[PassRush4]]<>"","-"&Table16[[#This Row],[PassRush4]],) | R26: =VLOOKUP(Table16[[#This Row],[Player]],#REF!,9,FALSE) -> #REF! | S26: =Table16[[#This Row],[2024 Card Info]]&" "&Table16[[#This Row],[Player Data]] -> #REF!
A27: Bradbury, Garrett | B27: C | C27: MIN | D27: 34870 | E27: 19/1 (18) | G27: 5-0 | H27: =VLOOKUP(Table16[[#This Row],[Player]],Rosters!$D$1:$D$1939,1,FALSE) -> Bradbury, Garrett | I27: =Table16[[#This Row],[RunBlock-Primary6]]&"-"&Table16[[#This Row],[PassBlock8]]&IF(Table16[[#This Row],[RunBlock-Secondary7]]<>"","/"&Table16[[#This Row],[RunBlock-Secondary7]]&"-"&Table16[[#This Row],[PassBlock8]],"") -> 5-0 | N27: 5 | P27: 0 | Q27: =Table16[[#This Row],[DefPrimary2]]&IF(Table16[[#This Row],[Def-Secondary3]]<>"","/"&Table16[[#This Row],[Def-Secondary3]],)&""&IF(Table16[[#This Row],[PassRush4]]<>"","-"&Table16[[#This Row],[PassRush4]],) | R27: =VLOOKUP(Table16[[#This Row],[Player]],#REF!,9,FALSE) -> #REF! | S27: =Table16[[#This Row],[2024 Card Info]]&" "&Table16[[#This Row],[Player Data]] -> #REF!
A28: Brendel, Jake | B28: C | C28: SFN | D28: 33857 | E28: 16/FA | G28: 5-4 | H28: =VLOOKUP(Table16[[#This Row],[Player]],Rosters!$D$1:$D$1939,1,FALSE) -> Brendel, Jake | I28: =Table16[[#This Row],[RunBlock-Primary6]]&"-"&Table16[[#This Row],[PassBlock8]]&IF(Table16[[#This Row],[RunBlock-Secondary7]]<>"","/"&Table16[[#This Row],[RunBlock-Secondary7]]&"-"&Table16[[#This Row],[PassBlock8]],"") -> 5-4 | N28: 5 | P28: 4 | Q28: =Table16[[#This Row],[DefPrimary2]]&IF(Table16[[#This Row],[Def-Secondary3]]<>"","/"&Table16[[#This Row],[Def-Secondary3]],)&""&IF(Table16[[#This Row],[PassRush4]]<>"","-"&Table16[[#This Row],[PassRush4]],) | R28: =VLOOKUP(Table16[[#This Row],[Player]],#REF!,9,FALSE) -> #REF! | S28: =Table16[[#This Row],[2024 Card Info]]&" "&Table16[[#This Row],[Player Data]] -> #REF!
A29: Brewer, Aaron | B29: C | C29: MIA | D29: 35731 | E29: 20/FA | G29: 5-5 | H29: =VLOOKUP(Table16[[#This Row],[Player]],Rosters!$D$1:$D$1939,1,FALSE) -> Brewer, Aaron | I29: =Table16[[#This Row],[RunBlock-Primary6]]&"-"&Table16[[#This Row],[PassBlock8]]&IF(Table16[[#This Row],[RunBlock-Secondary7]]<>"","/"&Table16[[#This Row],[RunBlock-Secondary7]]&"-"&Table16[[#This Row],[PassBlock8]],"") -> 5-5 | N29: 5 | P29: 5 | Q29: =Table16[[#This Row],[DefPrimary2]]&IF(Table16[[#This Row],[Def-Secondary3]]<>"","/"&Table16[[#This Row],[Def-Secondary3]],)&""&IF(Table16[[#This Row],[PassRush4]]<>"","-"&Table16[[#This Row],[PassRush4]],) | R29: =VLOOKUP(Table16[[#This Row],[Player]],#REF!,9,FALSE) -> #REF! | S29: =Table16[[#This Row],[2024 Card Info]]&" "&Table16[[#This Row],[Player Data]] -> #REF!
A30: Brown, Ben | B30: C | C30: NEA | D30: 35941 | E30: 23/FA | G30: 0-3 | H30: =VLOOKUP(Table16[[#This Row],[Player]],Rosters!$D$1:$D$1939,1,FALSE) -> Brown, Ben | I30: =Table16[[#This Row],[RunBlock-Primary6]]&"-"&Table16[[#This Row],[PassBlock8]]&IF(Table16[[#This Row],[RunBlock-Secondary7]]<>"","/"&Table16[[#This Row],[RunBlock-Secondary7]]&"-"&Table16[[#This Row],[PassBlock8]],"") -> 0-3 | N30: 0 | P30: 3 | Q30: =Table16[[#This Row],[DefPrimary2]]&IF(Table16[[#This Row],[Def-Secondary3]]<>"","/"&Table16[[#This Row],[Def-Secondary3]],)&""&IF(Table16[[#This Row],[PassRush4]]<>"","-"&Table16[[#This Row],[PassRush4]],) | R30: =VLOOKUP(Table16[[#This Row],[Player]],#REF!,9,FALSE) -> #REF! | S30: =Table16[[#This Row],[2024 Card Info]]&" "&Table16[[#This Row],[Player Data]] -> #REF!
A31: Cushenberry, Lloyd | B31: C | C31: TNA | D31: 35756 | E31: 20/3 | G31: 0-2 | H31: =VLOOKUP(Table16[[#This Row],[Player]],Rosters!$D$1:$D$1939,1,FALSE) -> Cushenberry, Lloyd | I31: =Table16[[#This Row],[RunBlock-Primary6]]&"-"&Table16[[#This Row],[PassBlock8]]&IF(Table16[[#This Row],[RunBlock-Secondary7]]<>"","/"&Table16[[#This Row],[RunBlock-Secondary7]]&"-"&Table16[[#This Row],[PassBlock8]],"") -> 0-2 | N31: 0 | P31: 2 | Q31: =Table16[[#This Row],[DefPrimary2]]&IF(Table16[[#This Row],[Def-Secondary3]]<>"","/"&Table16[[#This Row],[Def-Secondary3]],)&""&IF(Table16[[#This Row],[PassRush4]]<>"","-"&Table16[[#This Row],[PassRush4]],) | R31: =VLOOKUP(Table16[[#This Row],[Player]],#REF!,9,FALSE) -> #REF! | S31: =Table16[[#This Row],[2024 Card Info]]&" "&Table16[[#This Row],[Player Data]] -> #REF!
A32: Dalman, Drew | B32: C | C32: ATN | D32: 36083 | E32: 21/4 | G32: 5-5 | H32: =VLOOKUP(Table16[[#This Row],[Player]],Rosters!$D$1:$D$1939,1,FALSE) -> Dalman, Drew | I32: =Table16[[#This Row],[RunBlock-Primary6]]&"-"&Table16[[#This Row],[PassBlock8]]&IF(Table16[[#This Row],[RunBlock-Secondary7]]<>"","/"&Table16[[#This Row],[RunBlock-Secondary7]]&"-"&Table16[[#This Row],[PassBlock8]],"") -> 5-5 | N32: 5 | P32: 5 | Q32: =Table16[[#This Row],[DefPrimary2]]&IF(Table16[[#This Row],[Def-Secondary3]]<>"","/"&Table16[[#This Row],[Def-Secondary3]],)&""&IF(Table16[[#This Row],[PassRush4]]<>"","-"&Table16[[#This Row],[PassRush4]],) | R32: =VLOOKUP(Table16[[#This Row],[Player]],#REF!,9,FALSE) -> #REF! | S32: =Table16[[#This Row],[2024 Card Info]]&" "&Table16[[#This Row],[Player Data]] -> #REF!
A33: Feeney, Dan | B33: C | C33: MIN | D33: 34483 | E33: 17/3 | G33: 0-0 | H33: =VLOOKUP(Table16[[#This Row],[Player]],Rosters!$D$1:$D$1939,1,FALSE) -> Feeney, Dan | I33: =Table16[[#This Row],[RunBlock-Primary6]]&"-"&Table16[[#This Row],[PassBlock8]]&IF(Table16[[#This Row],[RunBlock-Secondary7]]<>"","/"&Table16[[#This Row],[RunBlock-Secondary7]]&"-"&Table16[[#This Row],[PassBlock8]],"") -> 0-0 | N33: 0 | P33: 0 | Q33: =Table16[[#This Row],[DefPrimary2]]&IF(Table16[[#This Row],[Def-Secondary3]]<>"","/"&Table16[[#This Row],[Def-Secondary3]],)&""&IF(Table16[[#This Row],[PassRush4]]<>"","-"&Table16[[#This Row],[PassRush4]],) | R33: =VLOOKUP(Table16[[#This Row],[Player]],#REF!,9,FALSE) -> #REF! | S33: =Table16[[#This Row],[2024 Card Info]]&" "&Table16[[#This Row],[Player Data]] -> #REF!
A34: Forsyth, Alex | B34: C | C34: DNA | D34: 36204 | E34: 23/7 | G34: 4-3 | H34: =VLOOKUP(Table16[[#This Row],[Player]],Rosters!$D$1:$D$1939,1,FALSE) -> Forsyth, Alex | I34: =Table16[[#This Row],[RunBlock-Primary6]]&"-"&Table16[[#This Row],[PassBlock8]]&IF(Table16[[#This Row],[RunBlock-Secondary7]]<>"","/"&Table16[[#This Row],[RunBlock-Secondary7]]&"-"&Table16[[#This Row],[PassBlock8]],"") -> 4-3 | N34: 4 | P34: 3 | Q34: =Table16[[#This Row],[DefPrimary2]]&IF(Table16[[#This Row],[Def-Secondary3]]<>"","/"&Table16[[#This Row],[Def-Secondary3]],)&""&IF(Table16[[#This Row],[PassRush4]]<>"","-"&Table16[[#This Row],[PassRush4]],) | R34: =VLOOKUP(Table16[[#This Row],[Player]],#REF!,9,FALSE) -> #REF! | S34: =Table16[[#This Row],[2024 Card Info]]&" "&Table16[[#This Row],[Player Data]] -> #REF!
... A70: Williams, Connor | B70: C | C70: SEN | D70: 35562 | E70: 18/2 | G70: 4-4 | H70: =VLOOKUP(Table16[[#This Row],[Player]],Rosters!$D$1:$D$1939,1,FALSE) -> Williams, Connor | I70: =Table16[[#This Row],[RunBlock-Primary6]]&"-"&Table16[[#This Row],[PassBlock8]]&IF(Table16[[#This Row],[RunBlock-Secondary7]]<>"","/"&Table16[[#This Row],[RunBlock-Secondary7]]&"-"&Table16[[#This Row],[PassBlock8]],"") -> 4-4 | N70: 4 | P70: 4 | Q70: =Table16[[#This Row],[DefPrimary2]]&IF(Table16[[#This Row],[Def-Secondary3]]<>"","/"&Table16[[#This Row],[Def-Secondary3]],)&""&IF(Table16[[#This Row],[PassRush4]]<>"","-"&Table16[[#This Row],[PassRush4]],) | R70: =VLOOKUP(Table16[[#This Row],[Player]],#REF!,9,FALSE) -> #REF! | S70: =Table16[[#This Row],[2024 Card Info]]&" "&Table16[[#This Row],[Player Data]] -> #REF!
A71: Bortolini, Tanor | B71: C G | C71: INA | D71: 37425 | E71: 24/4(117) | G71: 0-0/0-0 | H71: =VLOOKUP(Table16[[#This Row],[Player]],Rosters!$D$1:$D$1939,1,FALSE) -> Bortolini, Tanor | I71: =Table16[[#This Row],[RunBlock-Primary6]]&"-"&Table16[[#This Row],[PassBlock8]]&IF(Table16[[#This Row],[RunBlock-Secondary7]]<>"","/"&Table16[[#This Row],[RunBlock-Secondary7]]&"-"&Table16[[#This Row],[PassBlock8]],"") -> 0-0/0-0 | N71: 0 | O71: 0 | P71: 0 | Q71: =Table16[[#This Row],[DefPrimary2]]&IF(Table16[[#This Row],[Def-Secondary3]]<>"","/"&Table16[[#This Row],[Def-Secondary3]],)&""&IF(Table16[[#This Row],[PassRush4]]<>"","-"&Table16[[#This Row],[PassRush4]],) | R71: =VLOOKUP(Table16[[#This Row],[Player]],#REF!,9,FALSE) -> #REF! | S71: =Table16[[#This Row],[2024 Card Info]]&" "&Table16[[#This Row],[Player Data]] -> #REF!
A72: Brunskill, Daniel | B72: C G | C72: TNA | D72: 34361 | E72: 17/FA | G72: 0-0/0-0 | H72: =VLOOKUP(Table16[[#This Row],[Player]],Rosters!$D$1:$D$1939,1,FALSE) -> Brunskill, Daniel | I72: =Table16[[#This Row],[RunBlock-Primary6]]&"-"&Table16[[#This Row],[PassBlock8]]&IF(Table16[[#This Row],[RunBlock-Secondary7]]<>"","/"&Table16[[#This Row],[RunBlock-Secondary7]]&"-"&Table16[[#This Row],[PassBlock8]],"") -> 0-0/0-0 | N72: 0 | O72: 0 | P72: 0 | Q72: =Table16[[#This Row],[DefPrimary2]]&IF(Table16[[#This Row],[Def-Secondary3]]<>"","/"&Table16[[#This Row],[Def-Secondary3]],)&""&IF(Table16[[#This Row],[PassRush4]]<>"","-"&Table16[[#This Row],[PassRush4]],) | R72: =VLOOKUP(Table16[[#This Row],[Player]],#REF!,9,FALSE) -> #REF! | S72: =Table16[[#This Row],[2024 Card Info]]&" "&Table16[[#This Row],[Player Data]] -> #REF!
A73: Deiter, Michael | B73: C G | C73: WAN | D73: 35311 | E73: 19/3 | G73: 0-0/0-0 | H73: =VLOOKUP(Table16[[#This Row],[Player]],Rosters!$D$1:$D$1939,1,FALSE) -> Deiter, Michael | I73: =Table16[[#This Row],[RunBlock-Primary6]]&"-"&Table16[[#This Row],[PassBlock8]]&IF(Table16[[#This Row],[RunBlock-Secondary7]]<>"","/"&Table16[[#This Row],[RunBlock-Secondary7]]&"-"&Table16[[#This Row],[PassBlock8]],"") -> 0-0/0-0 | N73: 0 | O73: 0 | P73: 0 | Q73: =Table16[[#This Row],[DefPrimary2]]&IF(Table16[[#This Row],[Def-Secondary3]]<>"","/"&Table16[[#This Row],[Def-Secondary3]],)&""&IF(Table16[[#This Row],[PassRush4]]<>"","-"&Table16[[#This Row],[PassRush4]],) | R73: =VLOOKUP(Table16[[#This Row],[Player]],#REF!,9,FALSE) -> #REF! | S73: =Table16[[#This Row],[2024 Card Info]]&" "&Table16[[#This Row],[Player Data]] -> #REF!
A74: Gates, Nick | B74: C G | C74: PHN | D74: 35030 | E74: 18/FA | G74: 0-0/0-0 | H74: =VLOOKUP(Table16[[#This Row],[Player]],Rosters!$D$1:$D$1939,1,FALSE) -> #N/A | I74: =Table16[[#This Row],[RunBlock-Primary6]]&"-"&Table16[[#This Row],[PassBlock8]]&IF(Table16[[#This Row],[RunBlock-Secondary7]]<>"","/"&Table16[[#This Row],[RunBlock-Secondary7]]&"-"&Table16[[#This Row],[PassBlock8]],"") -> 0-0/0-0 | N74: 0 | O74: 0 | P74: 0 | Q74: =Table16[[#This Row],[DefPrimary2]]&IF(Table16[[#This Row],[Def-Secondary3]]<>"","/"&Table16[[#This Row],[Def-Secondary3]],)&""&IF(Table16[[#This Row],[PassRush4]]<>"","-"&Table16[[#This Row],[PassRush4]],) | R74: =VLOOKUP(Table16[[#This Row],[Player]],#REF!,9,FALSE) -> #REF! | S74: =Table16[[#This Row],[2024 Card Info]]&" "&Table16[[#This Row],[Player Data]] -> #REF!
A75: Patterson, Jarrett | B75: C G | C75: HOA | D75: 36404 | E75: 23/6 | G75: 4-0/0-0 | H75: =VLOOKUP(Table16[[#This Row],[Player]],Rosters!$D$1:$D$1939,1,FALSE) -> Patterson, Jarrett | I75: =Table16[[#This Row],[RunBlock-Primary6]]&"-"&Table16[[#This Row],[PassBlock8]]&IF(Table16[[#This Row],[RunBlock-Secondary7]]<>"","/"&Table16[[#This Row],[RunBlock-Secondary7]]&"-"&Table16[[#This Row],[PassBlock8]],"") -> 4-0/0-0 | N75: 4 | O75: 0 | P75: 0 | Q75: =Table16[[#This Row],[DefPrimary2]]&IF(Table16[[#This Row],[Def-Secondary3]]<>"","/"&Table16[[#This Row],[Def-Secondary3]],)&""&IF(Table16[[#This Row],[PassRush4]]<>"","-"&Table16[[#This Row],[PassRush4]],) | R75: =VLOOKUP(Table16[[#This Row],[Player]],#REF!,9,FALSE) -> #REF! | S75: =Table16[[#This Row],[2024 Card Info]]&" "&Table16[[#This Row],[Player Data]] -> #REF!
A76: Pocic, Ethan | B76: C G | C76: CLA | D76: 34916 | E76: 17/2 | G76: 4-4/0-4 | H76: =VLOOKUP(Table16[[#This Row],[Player]],Rosters!$D$1:$D$1939,1,FALSE) -> Pocic, Ethan | I76: =Table16[[#This Row],[RunBlock-Primary6]]&"-"&Table16[[#This Row],[PassBlock8]]&IF(Table16[[#This Row],[RunBlock-Secondary7]]<>"","/"&Table16[[#This Row],[RunBlock-Secondary7]]&"-"&Table16[[#This Row],[PassBlock8]],"") -> 4-4/0-4 | N76: 4 | O76: 0 | P76: 4 | Q76: =Table16[[#This Row],[DefPrimary2]]&IF(Table16[[#This Row],[Def-Secondary3]]<>"","/"&Table16[[#This Row],[Def-Secondary3]],)&""&IF(Table16[[#This Row],[PassRush4]]<>"","-"&Table16[[#This Row],[PassRush4]],) | R76: =VLOOKUP(Table16[[#This Row],[Player]],#REF!,9,FALSE) -> #REF! | S76: =Table16[[#This Row],[2024 Card Info]]&" "&Table16[[#This Row],[Player Data]] -> #REF!
A77: Scruggs, Juice | B77: C G | C77: HOA | D77: 36544 | E77: 23/2 | G77: 4-4/0-4 | H77: =VLOOKUP(Table16[[#This Row],[Player]],Rosters!$D$1:$D$1939,1,FALSE) -> Scruggs, Juice | I77: =Table16[[#This Row],[RunBlock-Primary6]]&"-"&Table16[[#This Row],[PassBlock8]]&IF(Table16[[#This Row],[RunBlock-Secondary7]]<>"","/"&Table16[[#This Row],[RunBlock-Secondary7]]&"-"&Table16[[#This Row],[PassBlock8]],"") -> 4-4/0-4 | N77: 4 | O77: 0 | P77: 4 | Q77: =Table16[[#This Row],[DefPrimary2]]&IF(Table16[[#This Row],[Def-Secondary3]]<>"","/"&Table16[[#This Row],[Def-Secondary3]],)&""&IF(Table16[[#This Row],[PassRush4]]<>"","-"&Table16[[#This Row],[PassRush4]],) | R77: =VLOOKUP(Table16[[#This Row],[Player]],#REF!,9,FALSE) -> #REF! | S77: =Table16[[#This Row],[2024 Card Info]]&" "&Table16[[#This Row],[Player Data]] -> #REF!
A78: Cleveland, Ben | B78: C G T | C78: BAA | D78: 36032 | E78: 21/3 | G78: 0-2/0-2 | H78: =VLOOKUP(Table16[[#This Row],[Player]],Rosters!$D$1:$D$1939,1,FALSE) -> Cleveland, Ben | I78: =Table16[[#This Row],[RunBlock-Primary6]]&"-"&Table16[[#This Row],[PassBlock8]]&IF(Table16[[#This Row],[RunBlock-Secondary7]]<>"","/"&Table16[[#This Row],[RunBlock-Secondary7]]&"-"&Table16[[#This Row],[PassBlock8]],"") -> 0-2/0-2 | N78: 0 | O78: 0 | P78: 2 | Q78: =Table16[[#This Row],[DefPrimary2]]&IF(Table16[[#This Row],[Def-Secondary3]]<>"","/"&Table16[[#This Row],[Def-Secondary3]],)&""&IF(Table16[[#This Row],[PassRush4]]<>"","-"&Table16[[#This Row],[PassRush4]],) | R78: =VLOOKUP(Table16[[#This Row],[Player]],#REF!,9,FALSE) -> #REF! | S78: =Table16[[#This Row],[2024 Card Info]]&" "&Table16[[#This Row],[Player Data]] -> #REF!
A79: Dunn, Michael | B79: C G TE | C79: CLA | D79: 34547 | E79: 0 | G79: 0-2 3-3-0 | H79: =VLOOKUP(Table16[[#This Row],[Player]],Rosters!$D$1:$D$1939,1,FALSE) -> Dunn, Michael | I79: =Table16[[#This Row],[RunBlock-Primary6]]&"-"&Table16[[#This Row],[PassBlock8]]&IF(Table16[[#This Row],[RunBlock-Secondary7]]<>"","/"&Table16[[#This Row],[RunBlock-Secondary7]]&"-"&Table16[[#This Row],[PassBlock8]],"") -> 0-2 | N79: 0 | P79: 2 | Q79: =Table16[[#This Row],[DefPrimary2]]&IF(Table16[[#This Row],[Def-Secondary3]]<>"","/"&Table16[[#This Row],[Def-Secondary3]],)&""&IF(Table16[[#This Row],[PassRush4]]<>"","-"&Table16[[#This Row],[PassRush4]],) | R79: =VLOOKUP(Table16[[#This Row],[Player]],#REF!,9,FALSE) -> #REF! | S79: =LEFT(Table16[[#This Row],[2024 Card Info]],3)&" "&Table16[[#This Row],[Player Data]] -> #REF!
A80: Dunn, Michael | B80: C G TE | C80: CLA | D80: 34547 | E80: 0 | G80: 0-2 3-3-0 | H80: =VLOOKUP(Table16[[#This Row],[Player]],Rosters!$D$1:$D$1939,1,FALSE) -> Dunn, Michael | I80: =Table16[[#This Row],[RunBlock-Primary6]]&"-"&Table16[[#This Row],[PassBlock8]]&IF(Table16[[#This Row],[RunBlock-Secondary7]]<>"","/"&Table16[[#This Row],[RunBlock-Secondary7]]&"-"&Table16[[#This Row],[PassBlock8]],"") -> 0-2/0-2 | N80: 0 | O80: 0 | P80: 2 | Q80: =Table16[[#This Row],[DefPrimary2]]&IF(Table16[[#This Row],[Def-Secondary3]]<>"","/"&Table16[[#This Row],[Def-Secondary3]],)&""&IF(Table16[[#This Row],[PassRush4]]<>"","-"&Table16[[#This Row],[PassRush4]],) | R80: =VLOOKUP(Table16[[#This Row],[Player]],#REF!,9,FALSE) -> #REF! | S80: =LEFT(Table16[[#This Row],[2024 Card Info]],3)&" "&Table16[[#This Row],[Player Data]] -> #REF!
A81: Fortner, Luke | B81: C T | C81: JXA | D81: 35930 | E81: 22/3 | G81: 0-0 | H81: =VLOOKUP(Table16[[#This Row],[Player]],Rosters!$D$1:$D$1939,1,FALSE) -> Fortner, Luke | I81: =Table16[[#This Row],[RunBlock-Primary6]]&"-"&Table16[[#This Row],[PassBlock8]]&IF(Table16[[#This Row],[RunBlock-Secondary7]]<>"","/"&Table16[[#This Row],[RunBlock-Secondary7]]&"-"&Table16[[#This Row],[PassBlock8]],"") -> 0-0/0-0 | N81: 0 | O81: 0 | P81: 0 | Q81: =Table16[[#This Row],[DefPrimary2]]&IF(Table16[[#This Row],[Def-Secondary3]]<>"","/"&Table16[[#This Row],[Def-Secondary3]],)&""&IF(Table16[[#This Row],[PassRush4]]<>"","-"&Table16[[#This Row],[PassRush4]],) | R81: =VLOOKUP(Table16[[#This Row],[Player]],#REF!,9,FALSE) -> #REF! | S81: =LEFT(Table16[[#This Row],[2024 Card Info]],3)&" "&Table16[[#This Row],[Player Data]] -> #REF!
A82: Christensen, Brady | B82: C T TE | C82: CAN | D82: 35309 | E82: 21/3 | G82: 4-3 3-3-0 | H82: =VLOOKUP(Table16[[#This Row],[Player]],Rosters!$D$1:$D$1939,1,FALSE) -> Christensen, Brady | I82: =Table16[[#This Row],[RunBlock-Primary6]]&"-"&Table16[[#This Row],[PassBlock8]]&IF(Table16[[#This Row],[RunBlock-Secondary7]]<>"","/"&Table16[[#This Row],[RunBlock-Secondary7]]&"-"&Table16[[#This Row],[PassBlock8]],"") -> 4-3/4-3 | N82: 4 | O82: 4 | P82: 3 | Q82: =Table16[[#This Row],[DefPrimary2]]&IF(Table16[[#This Row],[Def-Secondary3]]<>"","/"&Table16[[#This Row],[Def-Secondary3]],)&""&IF(Table16[[#This Row],[PassRush4]]<>"","-"&Table16[[#This Row],[PassRush4]],) | R82: =VLOOKUP(Table16[[#This Row],[Player]],#REF!,9,FALSE) -> #REF! | S82: =LEFT(Table16[[#This Row],[2024 Card Info]],3)&" "&Table16[[#This Row],[Player Data]] -> #REF!
A83: Baker Jr, Darrell | B83: CB | C83: TNA | D83: 35881 | E83: 22/FA | G83: 4 | H83: =VLOOKUP(Table16[[#This Row],[Player]],Rosters!$D$1:$D$1939,1,FALSE) -> #N/A | I83: =Table16[[#This Row],[RunBlock-Primary6]]&"-"&Table16[[#This Row],[PassBlock8]]&IF(Table16[[#This Row],[RunBlock-Secondary7]]<>"","/"&Table16[[#This Row],[RunBlock-Secondary7]]&"-"&Table16[[#This Row],[PassBlock8]],"") -> - | J83: 4 | Q83: =Table16[[#This Row],[DefPrimary2]]&IF(Table16[[#This Row],[Def-Secondary3]]<>"","/"&Table16[[#This Row],[Def-Secondary3]],)&""&IF(Table16[[#This Row],[PassRush4]]<>"","-"&Table16[[#This Row],[PassRush4]],) -> 4 | R83: =VLOOKUP(Table16[[#This Row],[Player]],#REF!,9,FALSE) -> #REF! | S83: =Table16[[#This Row],[2024 Card Info]]&" "&Table16[[#This Row],[Player Data]] -> #REF!
A84: Brown, Tre | B84: CB | C84: SEN | D84: 35674 | E84: 21/4 | G84: 0 | H84: =VLOOKUP(Table16[[#This Row],[Player]],Rosters!$D$1:$D$1939,1,FALSE) -> Brown, Tre | I84: =Table16[[#This Row],[RunBlock-Primary6]]&"-"&Table16[[#This Row],[PassBlock8]]&IF(Table16[[#This Row],[RunBlock-Secondary7]]<>"","/"&Table16[[#This Row],[RunBlock-Secondary7]]&"-"&Table16[[#This Row],[PassBlock8]],"") -> - | J84: 0 | Q84: =Table16[[#This Row],[DefPrimary2]]&IF(Table16[[#This Row],[Def-Secondary3]]<>"","/"&Table16[[#This Row],[Def-Secondary3]],)&""&IF(Table16[[#This Row],[PassRush4]]<>"","-"&Table16[[#This Row],[PassRush4]],) -> 0 | R84: =VLOOKUP(Table16[[#This Row],[Player]],#REF!,9,FALSE) -> #REF! | S84: =Table16[[#This Row],[2024 Card Info]]&" "&Table16[[#This Row],[Player Data]] -> #REF!
A85: Conner, Chamarri | B85: CB | C85: KCA | D85: 36718 | E85: 23/4 | G85: 4 | H85: =VLOOKUP(Table16[[#This Row],[Player]],Rosters!$D$1:$D$1939,1,FALSE) -> Conner, Chamarri | I85: =Table16[[#This Row],[RunBlock-Primary6]]&"-"&Table16[[#This Row],[PassBlock8]]&IF(Table16[[#This Row],[RunBlock-Secondary7]]<>"","/"&Table16[[#This Row],[RunBlock-Secondary7]]&"-"&Table16[[#This Row],[PassBlock8]],"") -> - | J85: 4 | Q85: =Table16[[#This Row],[DefPrimary2]]&IF(Table16[[#This Row],[Def-Secondary3]]<>"","/"&Table16[[#This Row],[Def-Secondary3]],)&""&IF(Table16[[#This Row],[PassRush4]]<>"","-"&Table16[[#This Row],[PassRush4]],) -> 4 | R85: =VLOOKUP(Table16[[#This Row],[Player]],#REF!,9,FALSE) -> #REF! | S85: =Table16[[#This Row],[2024 Card Info]]&" "&Table16[[#This Row],[Player Data]] -> #REF!
A86: Echols, Brandin | B86: CB | C86: NYA | D86: 35704 | E86: 21/6 | G86: 4 | H86: =VLOOKUP(Table16[[#This Row],[Player]],Rosters!$D$1:$D$1939,1,FALSE) -> Echols, Brandin | I86: =Table16[[#This Row],[RunBlock-Primary6]]&"-"&Table16[[#This Row],[PassBlock8]]&IF(Table16[[#This Row],[RunBlock-Secondary7]]<>"","/"&Table16[[#This Row],[RunBlock-Secondary7]]&"-"&Table16[[#This Row],[PassBlock8]],"") -> - | J86: 4 | Q86: =Table16[[#This Row],[DefPrimary2]]&IF(Table16[[#This Row],[Def-Secondary3]]<>"","/"&Table16[[#This Row],[Def-Secondary3]],)&""&IF(Table16[[#This Row],[PassRush4]]<>"","-"&Table16[[#This Row],[PassRush4]],) -> 4 | R86: =VLOOKUP(Table16[[#This Row],[Player]],#REF!,9,FALSE) -> #REF! | S86: =Table16[[#This Row],[2024 Card Info]]&" "&Table16[[#This Row],[Player Data]] -> #REF!
A87: Gordon, Kyler | B87: CB | C87: CHN | D87: 36511 | E87: 22/2 | G87: 5 | H87: =VLOOKUP(Table16[[#This Row],[Player]],Rosters!$D$1:$D$1939,1,FALSE) -> Gordon, Kyler | I87: =Table16[[#This Row],[RunBlock-Primary6]]&"-"&Table16[[#This Row],[PassBlock8]]&IF(Table16[[#This Row],[RunBlock-Secondary7]]<>"","/"&Table16[[#This Row],[RunBlock-Secondary7]]&"-"&Table16[[#This Row],[PassBlock8]],"") -> - | J87: 5 | Q87: =Table16[[#This Row],[DefPrimary2]]&IF(Table16[[#This Row],[Def-Secondary3]]<>"","/"&Table16[[#This Row],[Def-Secondary3]],)&""&IF(Table16[[#This Row],[PassRush4]]<>"","-"&Table16[[#This Row],[PassRush4]],) -> 5 | R87: =VLOOKUP(Table16[[#This Row],[Player]],#REF!,9,FALSE) -> #REF! | S87: =Table16[[#This Row],[2024 Card Info]]&" "&Table16[[#This Row],[Player Data]] -> #REF!
A88: Hilton, Mike | B88: CB | C88: CNA | D88: 34402 | E88: 16/FA | G88: 4 | H88: =VLOOKUP(Table16[[#This Row],[Player]],Rosters!$D$1:$D$1939,1,FALSE) -> Hilton, Mike | I88: =Table16[[#This Row],[RunBlock-Primary6]]&"-"&Table16[[#This Row],[PassBlock8]]&IF(Table16[[#This Row],[RunBlock-Secondary7]]<>"","/"&Table16[[#This Row],[RunBlock-Secondary7]]&"-"&Table16[[#This Row],[PassBlock8]],"") -> - | J88: 4 | Q88: =Table16[[#This Row],[DefPrimary2]]&IF(Table16[[#This Row],[Def-Secondary3]]<>"","/"&Table16[[#This Row],[Def-Secondary3]],)&""&IF(Table16[[#This Row],[PassRush4]]<>"","-"&Table16[[#This Row],[PassRush4]],) -> 4 | R88: =VLOOKUP(Table16[[#This Row],[Player]],#REF!,9,FALSE) -> #REF! | S88: =Table16[[#This Row],[2024 Card Info]]&" "&Table16[[#This Row],[Player Data]] -> #REF!
A89: Hobbs, Nate | B89: CB | C89: LVA | D89: 36312 | E89: 21/5 | G89: 4 | H89: =VLOOKUP(Table16[[#This Row],[Player]],Rosters!$D$1:$D$1939,1,FALSE) -> Hobbs, Nate | I89: =Table16[[#This Row],[RunBlock-Primary6]]&"-"&Table16[[#This Row],[PassBlock8]]&IF(Table16[[#This Row],[RunBlock-Secondary7]]<>"","/"&Table16[[#This Row],[RunBlock-Secondary7]]&"-"&Table16[[#This Row],[PassBlock8]],"") -> - | J89: 4 | Q89: =Table16[[#This Row],[DefPrimary2]]&IF(Table16[[#This Row],[Def-Secondary3]]<>"","/"&Table16[[#This Row],[Def-Secondary3]],)&""&IF(Table16[[#This Row],[PassRush4]]<>"","-"&Table16[[#This Row],[PassRush4]],) -> 4 | R89: =VLOOKUP(Table16[[#This Row],[Player]],#REF!,9,FALSE) -> #REF! | S89: =Table16[[#This Row],[2024 Card Info]]&" "&Table16[[#This Row],[Player Data]] -> #REF!
A90: Humphrey, Marlon | B90: CB | C90: BAA | D90: 35254 | E90: 17/1 (16) | G90: 6 | H90: =VLOOKUP(Table16[[#This Row],[Player]],Rosters!$D$1:$D$1939,1,FALSE) -> Humphrey, Marlon | I90: =Table16[[#This Row],[RunBlock-Primary6]]&"-"&Table16[[#This Row],[PassBlock8]]&IF(Table16[[#This Row],[RunBlock-Secondary7]]<>"","/"&Table16[[#This Row],[RunBlock-Secondary7]]&"-"&Table16[[#This Row],[PassBlock8]],"") -> - | J90: 6 | Q90: =Table16[[#This Row],[DefPrimary2]]&IF(Table16[[#This Row],[Def-Secondary3]]<>"","/"&Table16[[#This Row],[Def-Secondary3]],)&""&IF(Table16[[#This Row],[PassRush4]]<>"","-"&Table16[[#This Row],[PassRush4]],) -> 6 | R90: =VLOOKUP(Table16[[#This Row],[Player]],#REF!,9,FALSE) -> #REF! | S90: =Table16[[#This Row],[2024 Card Info]]&" "&Table16[[#This Row],[Player Data]] -> #REF!
A91: Jackson, Adoree' | B91: CB | C91: NYN | D91: 34960 | E91: 17/1 (18) | G91: 4 | H91: =VLOOKUP(Table16[[#This Row],[Player]],Rosters!$D$1:$D$1939,1,FALSE) -> Jackson, Adoree' | I91: =Table16[[#This Row],[RunBlock-Primary6]]&"-"&Table16[[#This Row],[PassBlock8]]&IF(Table16[[#This Row],[RunBlock-Secondary7]]<>"","/"&Table16[[#This Row],[RunBlock-Secondary7]]&"-"&Table16[[#This Row],[PassBlock8]],"") -> - | J91: 4 | Q91: =Table16[[#This Row],[DefPrimary2]]&IF(Table16[[#This Row],[Def-Secondary3]]<>"","/"&Table16[[#This Row],[Def-Secondary3]],)&""&IF(Table16[[#This Row],[PassRush4]]<>"","-"&Table16[[#This Row],[PassRush4]],) -> 4 | R91: =VLOOKUP(Table16[[#This Row],[Player]],#REF!,9,FALSE) -> #REF! | S91: =Table16[[#This Row],[2024 Card Info]]&" "&Table16[[#This Row],[Player Data]] -> #REF!
A92: Jobe, Josh | B92: CB | C92: SEN | D92: 35894 | E92: 22/FA | G92: 0 | H92: =VLOOKUP(Table16[[#This Row],[Player]],Rosters!$D$1:$D$1939,1,FALSE) -> Jobe, Josh | I92: =Table16[[#This Row],[RunBlock-Primary6]]&"-"&Table16[[#This Row],[PassBlock8]]&IF(Table16[[#This Row],[RunBlock-Secondary7]]<>"","/"&Table16[[#This Row],[RunBlock-Secondary7]]&"-"&Table16[[#This Row],[PassBlock8]],"") -> - | J92: 0 | Q92: =Table16[[#This Row],[DefPrimary2]]&IF(Table16[[#This Row],[Def-Secondary3]]<>"","/"&Table16[[#This Row],[Def-Secondary3]],)&""&IF(Table16[[#This Row],[PassRush4]]<>"","-"&Table16[[#This Row],[PassRush4]],) -> 0 | R92: =VLOOKUP(Table16[[#This Row],[Player]],#REF!,9,FALSE) -> #REF! | S92: =Table16[[#This Row],[2024 Card Info]]&" "&Table16[[#This Row],[Player Data]] -> #REF!
A93: Johnson, Taron | B93: CB | C93: BFA | D93: 35273 | E93: 18/4 | G93: 4 | H93: =VLOOKUP(Table16[[#This Row],[Player]],Rosters!$D$1:$D$1939,1,FALSE) -> Johnson, Taron | I93: =Table16[[#This Row],[RunBlock-Primary6]]&"-"&Table16[[#This Row],[PassBlock8]]&IF(Table16[[#This Row],[RunBlock-Secondary7]]<>"","/"&Table16[[#This Row],[RunBlock-Secondary7]]&"-"&Table16[[#This Row],[PassBlock8]],"") -> - | J93: 4 | Q93: =Table16[[#This Row],[DefPrimary2]]&IF(Table16[[#This Row],[Def-Secondary3]]<>"","/"&Table16[[#This Row],[Def-Secondary3]],)&""&IF(Table16[[#This Row],[PassRush4]]<>"","-"&Table16[[#This Row],[PassRush4]],) -> 4 | R93: =VLOOKUP(Table16[[#This Row],[Player]],#REF!,9,FALSE) -> #REF! | S93: =Table16[[#This Row],[2024 Card Info]]&" "&Table16[[#This Row],[Player Data]] -> #REF!
A94: Jones, Jarrian | B94: CB | C94: JXA | D94: 37019 | E94: 24/3(96) | G94: 4 | H94: =VLOOKUP(Table16[[#This Row],[Player]],Rosters!$D$1:$D$1939,1,FALSE) -> Jones, Jarrian | I94: =Table16[[#This Row],[RunBlock-Primary6]]&"-"&Table16[[#This Row],[PassBlock8]]&IF(Table16[[#This Row],[RunBlock-Secondary7]]<>"","/"&Table16[[#This Row],[RunBlock-Secondary7]]&"-"&Table16[[#This Row],[PassBlock8]],"") -> - | J94: 4 | Q94: =Table16[[#This Row],[DefPrimary2]]&IF(Table16[[#This Row],[Def-Secondary3]]<>"","/"&Table16[[#This Row],[Def-Secondary3]],)&""&IF(Table16[[#This Row],[PassRush4]]<>"","-"&Table16[[#This Row],[PassRush4]],) -> 4 | R94: =VLOOKUP(Table16[[#This Row],[Player]],#REF!,9,FALSE) -> #REF! | S94: =Table16[[#This Row],[2024 Card Info]]&" "&Table16[[#This Row],[Player Data]] -> #REF!
... A110: Williams, Garrett | B110: CB | C110: ARN | D110: 37043 | E110: 23/3 | G110: 6 | H110: =VLOOKUP(Table16[[#This Row],[Player]],Rosters!$D$1:$D$1939,1,FALSE) -> Williams, Garrett | I110: =Table16[[#This Row],[RunBlock-Primary6]]&"-"&Table16[[#This Row],[PassBlock8]]&IF(Table16[[#This Row],[RunBlock-Secondary7]]<>"","/"&Table16[[#This Row],[RunBlock-Secondary7]]&"-"&Table16[[#This Row],[PassBlock8]],"") -> - | J110: 6 | Q110: =Table16[[#This Row],[DefPrimary2]]&IF(Table16[[#This Row],[Def-Secondary3]]<>"","/"&Table16[[#This Row],[Def-Secondary3]],)&""&IF(Table16[[#This Row],[PassRush4]]<>"","-"&Table16[[#This Row],[PassRush4]],) -> 6 | R110: =VLOOKUP(Table16[[#This Row],[Player]],#REF!,9,FALSE) -> #REF! | S110: =Table16[[#This Row],[2024 Card Info]]&" "&Table16[[#This Row],[Player Data]] -> #REF!
A111: Lake, Quentin | B111: CB FS | C111: LAN | D111: 36189 | E111: 22/6 | G111: 0/5 | H111: =VLOOKUP(Table16[[#This Row],[Player]],Rosters!$D$1:$D$1939,1,FALSE) -> Lake, Quentin | I111: =Table16[[#This Row],[RunBlock-Primary6]]&"-"&Table16[[#This Row],[PassBlock8]]&IF(Table16[[#This Row],[RunBlock-Secondary7]]<>"","/"&Table16[[#This Row],[RunBlock-Secondary7]]&"-"&Table16[[#This Row],[PassBlock8]],"") -> - | J111: 0 | K111: 5 | Q111: =Table16[[#This Row],[DefPrimary2]]&IF(Table16[[#This Row],[Def-Secondary3]]<>"","/"&Table16[[#This Row],[Def-Secondary3]],)&""&IF(Table16[[#This Row],[PassRush4]]<>"","-"&Table16[[#This Row],[PassRush4]],) -> 0/5 | R111: =VLOOKUP(Table16[[#This Row],[Player]],#REF!,9,FALSE) -> #REF! | S111: =Table16[[#This Row],[2024 Card Info]]&" "&Table16[[#This Row],[Player Data]] -> #REF!
A112: DeJean, Cooper | B112: CB PR | C112: PHN | D112: 37661 | E112: 24/2(40) | G112: 5 | H112: =VLOOKUP(Table16[[#This Row],[Player]],Rosters!$D$1:$D$1939,1,FALSE) -> DeJean, Cooper | I112: =Table16[[#This Row],[RunBlock-Primary6]]&"-"&Table16[[#This Row],[PassBlock8]]&IF(Table16[[#This Row],[RunBlock-Secondary7]]<>"","/"&Table16[[#This Row],[RunBlock-Secondary7]]&"-"&Table16[[#This Row],[PassBlock8]],"") -> - | J112: 5 | Q112: =Table16[[#This Row],[DefPrimary2]]&IF(Table16[[#This Row],[Def-Secondary3]]<>"","/"&Table16[[#This Row],[Def-Secondary3]],)&""&IF(Table16[[#This Row],[PassRush4]]<>"","-"&Table16[[#This Row],[PassRush4]],) -> 5 | R112: =VLOOKUP(Table16[[#This Row],[Player]],#REF!,9,FALSE) -> #REF! | S112: =Table16[[#This Row],[2024 Card Info]]&" "&Table16[[#This Row],[Player Data]] -> #REF!
A113: Jones, Marcus | B113: CB PR | C113: NEA | D113: 36090 | E113: 22/3 | G113: 4 | H113: =VLOOKUP(Table16[[#This Row],[Player]],Rosters!$D$1:$D$1939,1,FALSE) -> Jones, Marcus | I113: =Table16[[#This Row],[RunBlock-Primary6]]&"-"&Table16[[#This Row],[PassBlock8]]&IF(Table16[[#This Row],[RunBlock-Secondary7]]<>"","/"&Table16[[#This Row],[RunBlock-Secondary7]]&"-"&Table16[[#This Row],[PassBlock8]],"") -> - | J113: 4 | Q113: =Table16[[#This Row],[DefPrimary2]]&IF(Table16[[#This Row],[Def-Secondary3]]<>"","/"&Table16[[#This Row],[Def-Secondary3]],)&""&IF(Table16[[#This Row],[PassRush4]]<>"","-"&Table16[[#This Row],[PassRush4]],) -> 4 | R113: =VLOOKUP(Table16[[#This Row],[Player]],#REF!,9,FALSE) -> #REF! | S113: =Table16[[#This Row],[2024 Card Info]]&" "&Table16[[#This Row],[Player Data]] -> #REF!
A114: Metellus, Josh | B114: CB S | C114: MIN | D114: 35796 | E114: 20/6 | G114: 4/45 | H114: =VLOOKUP(Table16[[#This Row],[Player]],Rosters!$D$1:$D$1939,1,FALSE) -> Metellus, Josh | I114: =Table16[[#This Row],[RunBlock-Primary6]]&"-"&Table16[[#This Row],[PassBlock8]]&IF(Table16[[#This Row],[RunBlock-Secondary7]]<>"","/"&Table16[[#This Row],[RunBlock-Secondary7]]&"-"&Table16[[#This Row],[PassBlock8]],"") -> - | J114: 4 | K114: 45 | Q114: =Table16[[#This Row],[DefPrimary2]]&IF(Table16[[#This Row],[Def-Secondary3]]<>"","/"&Table16[[#This Row],[Def-Secondary3]],)&""&IF(Table16[[#This Row],[PassRush4]]<>"","-"&Table16[[#This Row],[PassRush4]],) -> 4/45 | R114: =VLOOKUP(Table16[[#This Row],[Player]],#REF!,9,FALSE) -> #REF! | S114: =Table16[[#This Row],[2024 Card Info]]&" "&Table16[[#This Row],[Player Data]] -> #REF!
A115: Molden, Elijah | B115: CB SS | C115: LAA | D115: 36161 | E115: 21/3 | G115: 5/54 | H115: =VLOOKUP(Table16[[#This Row],[Player]],Rosters!$D$1:$D$1939,1,FALSE) -> Molden, Elijah | I115: =Table16[[#This Row],[RunBlock-Primary6]]&"-"&Table16[[#This Row],[PassBlock8]]&IF(Table16[[#This Row],[RunBlock-Secondary7]]<>"","/"&Table16[[#This Row],[RunBlock-Secondary7]]&"-"&Table16[[#This Row],[PassBlock8]],"") -> - | J115: 5 | K115: 54 | Q115: =Table16[[#This Row],[DefPrimary2]]&IF(Table16[[#This Row],[Def-Secondary3]]<>"","/"&Table16[[#This Row],[Def-Secondary3]],)&""&IF(Table16[[#This Row],[PassRush4]]<>"","-"&Table16[[#This Row],[PassRush4]],) -> 5/54 | R115: =VLOOKUP(Table16[[#This Row],[Player]],#REF!,9,FALSE) -> #REF! | S115: =Table16[[#This Row],[2024 Card Info]]&" "&Table16[[#This Row],[Player Data]] -> #REF!
A116: Abram, Johnathan | B116: DB | C116: NON | D116: 35363 | E116: 19/1 | G116: 00 | H116: =VLOOKUP(Table16[[#This Row],[Player]],Rosters!$D$1:$D$1939,1,FALSE) -> Abram, Johnathan | I116: =Table16[[#This Row],[RunBlock-Primary6]]&"-"&Table16[[#This Row],[PassBlock8]]&IF(Table16[[#This Row],[RunBlock-Secondary7]]<>"","/"&Table16[[#This Row],[RunBlock-Secondary7]]&"-"&Table16[[#This Row],[PassBlock8]],"") -> - | J116: 0 | Q116: =Table16[[#This Row],[DefPrimary2]]&IF(Table16[[#This Row],[Def-Secondary3]]<>"","/"&Table16[[#This Row],[Def-Secondary3]],)&""&IF(Table16[[#This Row],[PassRush4]]<>"","-"&Table16[[#This Row],[PassRush4]],) -> 0 | R116: =VLOOKUP(Table16[[#This Row],[Player]],#REF!,9,FALSE) -> #REF! | S116: =Table16[[#This Row],[2024 Card Info]]&" "&Table16[[#This Row],[Player Data]] -> #REF!
A117: Abrams-Draine, Kris | B117: DB | C117: DNA | D117: 37168 | E117: 24/5(145) | G117: 00 | H117: =VLOOKUP(Table16[[#This Row],[Player]],Rosters!$D$1:$D$1939,1,FALSE) -> Abrams-Draine, Kris | I117: =Table16[[#This Row],[RunBlock-Primary6]]&"-"&Table16[[#This Row],[PassBlock8]]&IF(Table16[[#This Row],[RunBlock-Secondary7]]<>"","/"&Table16[[#This Row],[RunBlock-Secondary7]]&"-"&Table16[[#This Row],[PassBlock8]],"") -> - | J117: 0 | Q117: =Table16[[#This Row],[DefPrimary2]]&IF(Table16[[#This Row],[Def-Secondary3]]<>"","/"&Table16[[#This Row],[Def-Secondary3]],)&""&IF(Table16[[#This Row],[PassRush4]]<>"","-"&Table16[[#This Row],[PassRush4]],) -> 0 | R117: =VLOOKUP(Table16[[#This Row],[Player]],#REF!,9,FALSE) -> #REF! | S117: =Table16[[#This Row],[2024 Card Info]]&" "&Table16[[#This Row],[Player Data]] -> #REF!
A118: Alford, Dee | B118: DB | C118: ATN | D118: 35739 | E118: 22/FA | G118: 04 | H118: =VLOOKUP(Table16[[#This Row],[Player]],Rosters!$D$1:$D$1939,1,FALSE) -> Alford, Dee | I118: =Table16[[#This Row],[RunBlock-Primary6]]&"-"&Table16[[#This Row],[PassBlock8]]&IF(Table16[[#This Row],[RunBlock-Secondary7]]<>"","/"&Table16[[#This Row],[RunBlock-Secondary7]]&"-"&Table16[[#This Row],[PassBlock8]],"") -> - | J118: 4 | Q118: =Table16[[#This Row],[DefPrimary2]]&IF(Table16[[#This Row],[Def-Secondary3]]<>"","/"&Table16[[#This Row],[Def-Secondary3]],)&""&IF(Table16[[#This Row],[PassRush4]]<>"","-"&Table16[[#This Row],[PassRush4]],) -> 4 | R118: =VLOOKUP(Table16[[#This Row],[Player]],#REF!,9,FALSE) -> #REF! | S118: =Table16[[#This Row],[2024 Card Info]]&" "&Table16[[#This Row],[Player Data]] -> #REF!
A119: Amadi, Ugo | B119: DB | C119: NON | D119: 35566 | E119: 19/4 | G119: 04 | H119: =VLOOKUP(Table16[[#This Row],[Player]],Rosters!$D$1:$D$1939,1,FALSE) -> Amadi, Ugo | I119: =Table16[[#This Row],[RunBlock-Primary6]]&"-"&Table16[[#This Row],[PassBlock8]]&IF(Table16[[#This Row],[RunBlock-Secondary7]]<>"","/"&Table16[[#This Row],[RunBlock-Secondary7]]&"-"&Table16[[#This Row],[PassBlock8]],"") -> - | J119: 4 | Q119: =Table16[[#This Row],[DefPrimary2]]&IF(Table16[[#This Row],[Def-Secondary3]]<>"","/"&Table16[[#This Row],[Def-Secondary3]],)&""&IF(Table16[[#This Row],[PassRush4]]<>"","-"&Table16[[#This Row],[PassRush4]],) -> 4 | R119: =VLOOKUP(Table16[[#This Row],[Player]],#REF!,9,FALSE) -> #REF! | S119: =Table16[[#This Row],[2024 Card Info]]&" "&Table16[[#This Row],[Player Data]] -> #REF!
A120: Anderson, Zayne | B120: DB | C120: GBN | D120: 35431 | E120: FA | G120: 00 | H120: =VLOOKUP(Table16[[#This Row],[Player]],Rosters!$D$1:$D$1939,1,FALSE) -> #N/A | I120: =Table16[[#This Row],[RunBlock-Primary6]]&"-"&Table16[[#This Row],[PassBlock8]]&IF(Table16[[#This Row],[RunBlock-Secondary7]]<>"","/"&Table16[[#This Row],[RunBlock-Secondary7]]&"-"&Table16[[#This Row],[PassBlock8]],"") -> - | J120: 0 | Q120: =Table16[[#This Row],[DefPrimary2]]&IF(Table16[[#This Row],[Def-Secondary3]]<>"","/"&Table16[[#This Row],[Def-Secondary3]],)&""&IF(Table16[[#This Row],[PassRush4]]<>"","-"&Table16[[#This Row],[PassRush4]],) -> 0 | R120: =VLOOKUP(Table16[[#This Row],[Player]],#REF!,9,FALSE) -> #REF! | S120: =Table16[[#This Row],[2024 Card Info]]&" "&Table16[[#This Row],[Player Data]] -> #REF!
A121: Armour-Davis, Jalyn | B121: DB | C121: BAA | D121: 36406 | E121: 22/4 | G121: 04 | H121: =VLOOKUP(Table16[[#This Row],[Player]],Rosters!$D$1:$D$1939,1,FALSE) -> #N/A | I121: =Table16[[#This Row],[RunBlock-Primary6]]&"-"&Table16[[#This Row],[PassBlock8]]&IF(Table16[[#This Row],[RunBlock-Secondary7]]<>"","/"&Table16[[#This Row],[RunBlock-Secondary7]]&"-"&Table16[[#This Row],[PassBlock8]],"") -> - | J121: 4 | Q121: =Table16[[#This Row],[DefPrimary2]]&IF(Table16[[#This Row],[Def-Secondary3]]<>"","/"&Table16[[#This Row],[Def-Secondary3]],)&""&IF(Table16[[#This Row],[PassRush4]]<>"","-"&Table16[[#This Row],[PassRush4]],) -> 4 | R121: =VLOOKUP(Table16[[#This Row],[Player]],#REF!,9,FALSE) -> #REF! | S121: =Table16[[#This Row],[2024 Card Info]]&" "&Table16[[#This Row],[Player Data]] -> #REF!
A122: Austin, Alex | B122: DB | C122: NEA | D122: 37033 | E122: 23/7 | G122: 00 | H122: =VLOOKUP(Table16[[#This Row],[Player]],Rosters!$D$1:$D$1939,1,FALSE) -> #N/A | I122: =Table16[[#This Row],[RunBlock-Primary6]]&"-"&Table16[[#This Row],[PassBlock8]]&IF(Table16[[#This Row],[RunBlock-Secondary7]]<>"","/"&Table16[[#This Row],[RunBlock-Secondary7]]&"-"&Table16[[#This Row],[PassBlock8]],"") -> - | J122: 0 | Q122: =Table16[[#This Row],[DefPrimary2]]&IF(Table16[[#This Row],[Def-Secondary3]]<>"","/"&Table16[[#This Row],[Def-Secondary3]],)&""&IF(Table16[[#This Row],[PassRush4]]<>"","-"&Table16[[#This Row],[PassRush4]],) -> 0 | R122: =VLOOKUP(Table16[[#This Row],[Player]],#REF!,9,FALSE) -> #REF! | S122: =Table16[[#This Row],[2024 Card Info]]&" "&Table16[[#This Row],[Player Data]] -> #REF!
A123: Ballentine, Corey | B123: DB | C123: GBN | D123: 35181 | E123: 19/FA | G123: 00 | H123: =VLOOKUP(Table16[[#This Row],[Player]],Rosters!$D$1:$D$1939,1,FALSE) -> Ballentine, Corey | I123: =Table16[[#This Row],[RunBlock-Primary6]]&"-"&Table16[[#This Row],[PassBlock8]]&IF(Table16[[#This Row],[RunBlock-Secondary7]]<>"","/"&Table16[[#This Row],[RunBlock-Secondary7]]&"-"&Table16[[#This Row],[PassBlock8]],"") -> - | J123: 0 | Q123: =Table16[[#This Row],[DefPrimary2]]&IF(Table16[[#This Row],[Def-Secondary3]]<>"","/"&Table16[[#This Row],[Def-Secondary3]],)&""&IF(Table16[[#This Row],[PassRush4]]<>"","-"&Table16[[#This Row],[PassRush4]],) -> 0 | R123: =VLOOKUP(Table16[[#This Row],[Player]],#REF!,9,FALSE) -> #REF! | S123: =Table16[[#This Row],[2024 Card Info]]&" "&Table16[[#This Row],[Player Data]] -> #REF!
A124: Bennett, Jakorian | B124: DB | C124: LVA | D124: 36761 | E124: 23/4 | G124: 00 | H124: =VLOOKUP(Table16[[#This Row],[Player]],Rosters!$D$1:$D$1939,1,FALSE) -> Bennett, Jakorian | I124: =Table16[[#This Row],[RunBlock-Primary6]]&"-"&Table16[[#This Row],[PassBlock8]]&IF(Table16[[#This Row],[RunBlock-Secondary7]]<>"","/"&Table16[[#This Row],[RunBlock-Secondary7]]&"-"&Table16[[#This Row],[PassBlock8]],"") -> - | J124: 0 | Q124: =Table16[[#This Row],[DefPrimary2]]&IF(Table16[[#This Row],[Def-Secondary3]]<>"","/"&Table16[[#This Row],[Def-Secondary3]],)&""&IF(Table16[[#This Row],[PassRush4]]<>"","-"&Table16[[#This Row],[PassRush4]],) -> 0 | R124: =VLOOKUP(Table16[[#This Row],[Player]],#REF!,9,FALSE) -> #REF! | S124: =Table16[[#This Row],[2024 Card Info]]&" "&Table16[[#This Row],[Player Data]] -> #REF!
A125: Bishop Jr, Beanie | B125: DB | C125: PIA | D125: 36511 | E125: 24/FA | G125: 00 | H125: =VLOOKUP(Table16[[#This Row],[Player]],Rosters!$D$1:$D$1939,1,FALSE) -> #N/A | I125: =Table16[[#This Row],[RunBlock-Primary6]]&"-"&Table16[[#This Row],[PassBlock8]]&IF(Table16[[#This Row],[RunBlock-Secondary7]]<>"","/"&Table16[[#This Row],[RunBlock-Secondary7]]&"-"&Table16[[#This Row],[PassBlock8]],"") -> - | J125: 0 | Q125: =Table16[[#This Row],[DefPrimary2]]&IF(Table16[[#This Row],[Def-Secondary3]]<>"","/"&Table16[[#This Row],[Def-Secondary3]],)&""&IF(Table16[[#This Row],[PassRush4]]<>"","-"&Table16[[#This Row],[PassRush4]],) -> 0 | R125: =VLOOKUP(Table16[[#This Row],[Player]],#REF!,9,FALSE) -> #REF! | S125: =Table16[[#This Row],[2024 Card Info]]&" "&Table16[[#This Row],[Player Data]] -> #REF!
A126: Bishop, Cole | B126: DB | C126: BFA | D126: 37553 | E126: 24/2(60) | G126: 00 | H126: =VLOOKUP(Table16[[#This Row],[Player]],Rosters!$D$1:$D$1939,1,FALSE) -> Bishop, Cole | I126: =Table16[[#This Row],[RunBlock-Primary6]]&"-"&Table16[[#This Row],[PassBlock8]]&IF(Table16[[#This Row],[RunBlock-Secondary7]]<>"","/"&Table16[[#This Row],[RunBlock-Secondary7]]&"-"&Table16[[#This Row],[PassBlock8]],"") -> - | J126: 0 | Q126: =Table16[[#This Row],[DefPrimary2]]&IF(Table16[[#This Row],[Def-Secondary3]]<>"","/"&Table16[[#This Row],[Def-Secondary3]],)&""&IF(Table16[[#This Row],[PassRush4]]<>"","-"&Table16[[#This Row],[PassRush4]],) -> 0 | R126: =VLOOKUP(Table16[[#This Row],[Player]],#REF!,9,FALSE) -> #REF! | S126: =Table16[[#This Row],[2024 Card Info]]&" "&Table16[[#This Row],[Player Data]] -> #REF!
A127: Bolden, Isaiah | B127: DB | C127: NEA | D127: 36510 | E127: 23/7 | G127: 00 | H127: =VLOOKUP(Table16[[#This Row],[Player]],Rosters!$D$1:$D$1939,1,FALSE) -> #N/A | I127: =Table16[[#This Row],[RunBlock-Primary6]]&"-"&Table16[[#This Row],[PassBlock8]]&IF(Table16[[#This Row],[RunBlock-Secondary7]]<>"","/"&Table16[[#This Row],[RunBlock-Secondary7]]&"-"&Table16[[#This Row],[PassBlock8]],"") -> - | J127: 0 | Q127: =Table16[[#This Row],[DefPrimary2]]&IF(Table16[[#This Row],[Def-Secondary3]]<>"","/"&Table16[[#This Row],[Def-Secondary3]],)&""&IF(Table16[[#This Row],[PassRush4]]<>"","-"&Table16[[#This Row],[PassRush4]],) -> 0 | R127: =VLOOKUP(Table16[[#This Row],[Player]],#REF!,9,FALSE) -> #REF! | S127: =Table16[[#This Row],[2024 Card Info]]&" "&Table16[[#This Row],[Player Data]] -> #REF!
... A165: Johnson, Antonio | B165: DB | C165: JXA | D165: 37193 | E165: 23/5 | G165: 04 | H165: =VLOOKUP(Table16[[#This Row],[Player]],Rosters!$D$1:$D$1939,1,FALSE) -> Johnson, Antonio | I165: =Table16[[#This Row],[RunBlock-Primary6]]&"-"&Table16[[#This Row],[PassBlock8]]&IF(Table16[[#This Row],[RunBlock-Secondary7]]<>"","/"&Table16[[#This Row],[RunBlock-Secondary7]]&"-"&Table16[[#This Row],[PassBlock8]],"") -> - | J165: 4 | Q165: =Table16[[#This Row],[DefPrimary2]]&IF(Table16[[#This Row],[Def-Secondary3]]<>"","/"&Table16[[#This Row],[Def-Secondary3]],)&""&IF(Table16[[#This Row],[PassRush4]]<>"","-"&Table16[[#This Row],[PassRush4]],) -> 4 | R165: =VLOOKUP(Table16[[#This Row],[Player]],#REF!,9,FALSE) -> #REF! | S165: =Table16[[#This Row],[2024 Card Info]]&" "&Table16[[#This Row],[Player Data]] -> #REF!
A166: Johnson, John | B166: DB | C166: LAN | D166: 35034 | E166: 0 | G166: 00 | H166: =VLOOKUP(Table16[[#This Row],[Player]],Rosters!$D$1:$D$1939,1,FALSE) -> Johnson, John | I166: =Table16[[#This Row],[RunBlock-Primary6]]&"-"&Table16[[#This Row],[PassBlock8]]&IF(Table16[[#This Row],[RunBlock-Secondary7]]<>"","/"&Table16[[#This Row],[RunBlock-Secondary7]]&"-"&Table16[[#This Row],[PassBlock8]],"") -> - | J166: 0 | Q166: =Table16[[#This Row],[DefPrimary2]]&IF(Table16[[#This Row],[Def-Secondary3]]<>"","/"&Table16[[#This Row],[Def-Secondary3]],)&""&IF(Table16[[#This Row],[PassRush4]]<>"","-"&Table16[[#This Row],[PassRush4]],) -> 0 | R166: =VLOOKUP(Table16[[#This Row],[Player]],#REF!,9,FALSE) -> #REF! | S166: =Table16[[#This Row],[2024 Card Info]]&" "&Table16[[#This Row],[Player Data]] -> #REF!
A167: Johnson, Nazeeh | B167: DB | C167: KCA | D167: 35993 | E167: 22/7 | G167: 04 | H167: =VLOOKUP(Table16[[#This Row],[Player]],Rosters!$D$1:$D$1939,1,FALSE) -> Johnson, Nazeeh | I167: =Table16[[#This Row],[RunBlock-Primary6]]&"-"&Table16[[#This Row],[PassBlock8]]&IF(Table16[[#This Row],[RunBlock-Secondary7]]<>"","/"&Table16[[#This Row],[RunBlock-Secondary7]]&"-"&Table16[[#This Row],[PassBlock8]],"") -> - | J167: 4 | Q167: =Table16[[#This Row],[DefPrimary2]]&IF(Table16[[#This Row],[Def-Secondary3]]<>"","/"&Table16[[#This Row],[Def-Secondary3]],)&""&IF(Table16[[#This Row],[PassRush4]]<>"","-"&Table16[[#This Row],[PassRush4]],) -> 4 | R167: =VLOOKUP(Table16[[#This Row],[Player]],#REF!,9,FALSE) -> #REF! | S167: =Table16[[#This Row],[2024 Card Info]]&" "&Table16[[#This Row],[Player Data]] -> #REF!
A168: Jones, Jaylon | B168: DB | C168: CHN | D168: 35717 | E168: 22/FA | G168: 00 | H168: =VLOOKUP(Table16[[#This Row],[Player]],Rosters!$D$1:$D$1939,1,FALSE) -> #N/A | I168: =Table16[[#This Row],[RunBlock-Primary6]]&"-"&Table16[[#This Row],[PassBlock8]]&IF(Table16[[#This Row],[RunBlock-Secondary7]]<>"","/"&Table16[[#This Row],[RunBlock-Secondary7]]&"-"&Table16[[#This Row],[PassBlock8]],"") -> - | J168: 0 | Q168: =Table16[[#This Row],[DefPrimary2]]&IF(Table16[[#This Row],[Def-Secondary3]]<>"","/"&Table16[[#This Row],[Def-Secondary3]],)&""&IF(Table16[[#This Row],[PassRush4]]<>"","-"&Table16[[#This Row],[PassRush4]],) -> 0 | R168: =VLOOKUP(Table16[[#This Row],[Player]],#REF!,9,FALSE) -> #REF! | S168: =Table16[[#This Row],[2024 Card Info]]&" "&Table16[[#This Row],[Player Data]] -> #REF!
A169: Joseph, Brandon | B169: DB | C169: DEN | D169: 45798 | E169: FA | G169: 00 | H169: =VLOOKUP(Table16[[#This Row],[Player]],Rosters!$D$1:$D$1939,1,FALSE) -> #N/A | I169: =Table16[[#This Row],[RunBlock-Primary6]]&"-"&Table16[[#This Row],[PassBlock8]]&IF(Table16[[#This Row],[RunBlock-Secondary7]]<>"","/"&Table16[[#This Row],[RunBlock-Secondary7]]&"-"&Table16[[#This Row],[PassBlock8]],"") -> - | J169: 0 | Q169: =Table16[[#This Row],[DefPrimary2]]&IF(Table16[[#This Row],[Def-Secondary3]]<>"","/"&Table16[[#This Row],[Def-Secondary3]],)&""&IF(Table16[[#This Row],[PassRush4]]<>"","-"&Table16[[#This Row],[PassRush4]],) -> 0 | R169: =VLOOKUP(Table16[[#This Row],[Player]],#REF!,9,FALSE) -> #REF! | S169: =Table16[[#This Row],[2024 Card Info]]&" "&Table16[[#This Row],[Player Data]] -> #REF!
A170: Key, Devon | B170: DB | C170: DNA | D170: 35731 | E170: 24/FA | G170: 00 | H170: =VLOOKUP(Table16[[#This Row],[Player]],Rosters!$D$1:$D$1939,1,FALSE) -> #N/A | I170: =Table16[[#This Row],[RunBlock-Primary6]]&"-"&Table16[[#This Row],[PassBlock8]]&IF(Table16[[#This Row],[RunBlock-Secondary7]]<>"","/"&Table16[[#This Row],[RunBlock-Secondary7]]&"-"&Table16[[#This Row],[PassBlock8]],"") -> - | J170: 0 | Q170: =Table16[[#This Row],[DefPrimary2]]&IF(Table16[[#This Row],[Def-Secondary3]]<>"","/"&Table16[[#This Row],[Def-Secondary3]],)&""&IF(Table16[[#This Row],[PassRush4]]<>"","-"&Table16[[#This Row],[PassRush4]],) -> 0 | R170: =VLOOKUP(Table16[[#This Row],[Player]],#REF!,9,FALSE) -> #REF! | S170: =Table16[[#This Row],[2024 Card Info]]&" "&Table16[[#This Row],[Player Data]] -> #REF!
A171: King, Kevin | B171: DB | C171: ATN | D171: 34824 | E171: 17/2 | G171: 00 | H171: =VLOOKUP(Table16[[#This Row],[Player]],Rosters!$D$1:$D$1939,1,FALSE) -> #N/A | I171: =Table16[[#This Row],[RunBlock-Primary6]]&"-"&Table16[[#This Row],[PassBlock8]]&IF(Table16[[#This Row],[RunBlock-Secondary7]]<>"","/"&Table16[[#This Row],[RunBlock-Secondary7]]&"-"&Table16[[#This Row],[PassBlock8]],"") -> - | J171: 0 | Q171: =Table16[[#This Row],[DefPrimary2]]&IF(Table16[[#This Row],[Def-Secondary3]]<>"","/"&Table16[[#This Row],[Def-Secondary3]],)&""&IF(Table16[[#This Row],[PassRush4]]<>"","-"&Table16[[#This Row],[PassRush4]],) -> 0 | R171: =VLOOKUP(Table16[[#This Row],[Player]],#REF!,9,FALSE) -> #REF! | S171: =Table16[[#This Row],[2024 Card Info]]&" "&Table16[[#This Row],[Player Data]] -> #REF!
A172: Lammons, Chris | B172: DB | C172: INA | D172: 35090 | E172: 19/FA | G172: 00 | H172: =VLOOKUP(Table16[[#This Row],[Player]],Rosters!$D$1:$D$1939,1,FALSE) -> #N/A | I172: =Table16[[#This Row],[RunBlock-Primary6]]&"-"&Table16[[#This Row],[PassBlock8]]&IF(Table16[[#This Row],[RunBlock-Secondary7]]<>"","/"&Table16[[#This Row],[RunBlock-Secondary7]]&"-"&Table16[[#This Row],[PassBlock8]],"") -> - | J172: 0 | Q172: =Table16[[#This Row],[DefPrimary2]]&IF(Table16[[#This Row],[Def-Secondary3]]<>"","/"&Table16[[#This Row],[Def-Secondary3]],)&""&IF(Table16[[#This Row],[PassRush4]]<>"","-"&Table16[[#This Row],[PassRush4]],) -> 0 | R172: =VLOOKUP(Table16[[#This Row],[Player]],#REF!,9,FALSE) -> #REF! | S172: =Table16[[#This Row],[2024 Card Info]]&" "&Table16[[#This Row],[Player Data]] -> #REF!
A173: Maddox, Avonte | B173: DB | C173: PHN | D173: 35155 | E173: 18/4 | G173: 04 | H173: =VLOOKUP(Table16[[#This Row],[Player]],Rosters!$D$1:$D$1939,1,FALSE) -> Maddox, Avonte | I173: =Table16[[#This Row],[RunBlock-Primary6]]&"-"&Table16[[#This Row],[PassBlock8]]&IF(Table16[[#This Row],[RunBlock-Secondary7]]<>"","/"&Table16[[#This Row],[RunBlock-Secondary7]]&"-"&Table16[[#This Row],[PassBlock8]],"") -> - | J173: 4 | Q173: =Table16[[#This Row],[DefPrimary2]]&IF(Table16[[#This Row],[Def-Secondary3]]<>"","/"&Table16[[#This Row],[Def-Secondary3]],)&""&IF(Table16[[#This Row],[PassRush4]]<>"","-"&Table16[[#This Row],[PassRush4]],) -> 4 | R173: =VLOOKUP(Table16[[#This Row],[Player]],#REF!,9,FALSE) -> #REF! | S173: =Table16[[#This Row],[2024 Card Info]]&" "&Table16[[#This Row],[Player Data]] -> #REF!
A174: Mapu, Marte | B174: DB | C174: NEA | D174: 36472 | E174: 23/3 | G174: 00 | H174: =VLOOKUP(Table16[[#This Row],[Player]],Rosters!$D$1:$D$1939,1,FALSE) -> Mapu, Marte | I174: =Table16[[#This Row],[RunBlock-Primary6]]&"-"&Table16[[#This Row],[PassBlock8]]&IF(Table16[[#This Row],[RunBlock-Secondary7]]<>"","/"&Table16[[#This Row],[RunBlock-Secondary7]]&"-"&Table16[[#This Row],[PassBlock8]],"") -> - | J174: 0 | Q174: =Table16[[#This Row],[DefPrimary2]]&IF(Table16[[#This Row],[Def-Secondary3]]<>"","/"&Table16[[#This Row],[Def-Secondary3]],)&""&IF(Table16[[#This Row],[PassRush4]]<>"","-"&Table16[[#This Row],[PassRush4]],) -> 0 | R174: =VLOOKUP(Table16[[#This Row],[Player]],#REF!,9,FALSE) -> #REF! | S174: =Table16[[#This Row],[2024 Card Info]]&" "&Table16[[#This Row],[Player Data]] -> #REF!
A175: Mathis, Damarri | B175: DB | C175: DNA | D175: 36262 | E175: 22/4 | G175: 00 | H175: =VLOOKUP(Table16[[#This Row],[Player]],Rosters!$D$1:$D$1939,1,FALSE) -> Mathis, Damarri | I175: =Table16[[#This Row],[RunBlock-Primary6]]&"-"&Table16[[#This Row],[PassBlock8]]&IF(Table16[[#This Row],[RunBlock-Secondary7]]<>"","/"&Table16[[#This Row],[RunBlock-Secondary7]]&"-"&Table16[[#This Row],[PassBlock8]],"") -> - | J175: 0 | Q175: =Table16[[#This Row],[DefPrimary2]]&IF(Table16[[#This Row],[Def-Secondary3]]<>"","/"&Table16[[#This Row],[Def-Secondary3]],)&""&IF(Table16[[#This Row],[PassRush4]]<>"","-"&Table16[[#This Row],[PassRush4]],) -> 0 | R175: =VLOOKUP(Table16[[#This Row],[Player]],#REF!,9,FALSE) -> #REF! | S175: =Table16[[#This Row],[2024 Card Info]]&" "&Table16[[#This Row],[Player Data]] -> #REF!
A176: Maye, Marcus | B176: DB | C176: LAA | D176: 34037 | E176: 17/2 | G176: 04 | H176: =VLOOKUP(Table16[[#This Row],[Player]],Rosters!$D$1:$D$1939,1,FALSE) -> Maye, Marcus | I176: =Table16[[#This Row],[RunBlock-Primary6]]&"-"&Table16[[#This Row],[PassBlock8]]&IF(Table16[[#This Row],[RunBlock-Secondary7]]<>"","/"&Table16[[#This Row],[RunBlock-Secondary7]]&"-"&Table16[[#This Row],[PassBlock8]],"") -> - | J176: 4 | Q176: =Table16[[#This Row],[DefPrimary2]]&IF(Table16[[#This Row],[Def-Secondary3]]<>"","/"&Table16[[#This Row],[Def-Secondary3]],)&""&IF(Table16[[#This Row],[PassRush4]]<>"","-"&Table16[[#This Row],[PassRush4]],) -> 4 | R176: =VLOOKUP(Table16[[#This Row],[Player]],#REF!,9,FALSE) -> #REF! | S176: =Table16[[#This Row],[2024 Card Info]]&" "&Table16[[#This Row],[Player Data]] -> #REF!
A177: McCollough, Jaylen | B177: DB | C177: LAN | D177: 36811 | E177: 24/FA | G177: 40 | H177: =VLOOKUP(Table16[[#This Row],[Player]],Rosters!$D$1:$D$1939,1,FALSE) -> McCollough, Jaylen | I177: =Table16[[#This Row],[RunBlock-Primary6]]&"-"&Table16[[#This Row],[PassBlock8]]&IF(Table16[[#This Row],[RunBlock-Secondary7]]<>"","/"&Table16[[#This Row],[RunBlock-Secondary7]]&"-"&Table16[[#This Row],[PassBlock8]],"") -> - | J177: 40 | Q177: =Table16[[#This Row],[DefPrimary2]]&IF(Table16[[#This Row],[Def-Secondary3]]<>"","/"&Table16[[#This Row],[Def-Secondary3]],)&""&IF(Table16[[#This Row],[PassRush4]]<>"","-"&Table16[[#This Row],[PassRush4]],) -> 40 | R177: =VLOOKUP(Table16[[#This Row],[Player]],#REF!,9,FALSE) -> #REF! | S177: =Table16[[#This Row],[2024 Card Info]]&" "&Table16[[#This Row],[Player Data]] -> #REF!
A178: McCollum, Tristin | B178: DB | C178: PHN | D178: 36281 | E178: FA | G178: 04 | H178: =VLOOKUP(Table16[[#This Row],[Player]],Rosters!$D$1:$D$1939,1,FALSE) -> #N/A | I178: =Table16[[#This Row],[RunBlock-Primary6]]&"-"&Table16[[#This Row],[PassBlock8]]&IF(Table16[[#This Row],[RunBlock-Secondary7]]<>"","/"&Table16[[#This Row],[RunBlock-Secondary7]]&"-"&Table16[[#This Row],[PassBlock8]],"") -> - | J178: 4 | Q178: =Table16[[#This Row],[DefPrimary2]]&IF(Table16[[#This Row],[Def-Secondary3]]<>"","/"&Table16[[#This Row],[Def-Secondary3]],)&""&IF(Table16[[#This Row],[PassRush4]]<>"","-"&Table16[[#This Row],[PassRush4]],) -> 4 | R178: =VLOOKUP(Table16[[#This Row],[Player]],#REF!,9,FALSE) -> #REF! | S178: =Table16[[#This Row],[2024 Card Info]]&" "&Table16[[#This Row],[Player Data]] -> #REF!
... A226: Blackwell, Josh | B226: DB PR | C226: CHN | D226: 36255 | E226: 22/FA | G226: 00 | H226: =VLOOKUP(Table16[[#This Row],[Player]],Rosters!$D$1:$D$1939,1,FALSE) -> Blackwell, Josh | I226: =Table16[[#This Row],[RunBlock-Primary6]]&"-"&Table16[[#This Row],[PassBlock8]]&IF(Table16[[#This Row],[RunBlock-Secondary7]]<>"","/"&Table16[[#This Row],[RunBlock-Secondary7]]&"-"&Table16[[#This Row],[PassBlock8]],"") -> - | J226: 0 | Q226: =Table16[[#This Row],[DefPrimary2]]&IF(Table16[[#This Row],[Def-Secondary3]]<>"","/"&Table16[[#This Row],[Def-Secondary3]],)&""&IF(Table16[[#This Row],[PassRush4]]<>"","-"&Table16[[#This Row],[PassRush4]],) -> 0 | R226: =VLOOKUP(Table16[[#This Row],[Player]],#REF!,9,FALSE) -> #REF! | S226: =Table16[[#This Row],[2024 Card Info]]&" "&Table16[[#This Row],[Player Data]] -> #REF!
A227: Autry, Denico | B227: End | C227: HOA | D227: 33069 | E227: 14/FA | G227: 0-4 | H227: =VLOOKUP(Table16[[#This Row],[Player]],Rosters!$D$1:$D$1939,1,FALSE) -> Autry, Denico | I227: =Table16[[#This Row],[RunBlock-Primary6]]&"-"&Table16[[#This Row],[PassBlock8]]&IF(Table16[[#This Row],[RunBlock-Secondary7]]<>"","/"&Table16[[#This Row],[RunBlock-Secondary7]]&"-"&Table16[[#This Row],[PassBlock8]],"") -> - | J227: 0 | L227: 4 | Q227: =Table16[[#This Row],[DefPrimary2]]&IF(Table16[[#This Row],[Def-Secondary3]]<>"","/"&Table16[[#This Row],[Def-Secondary3]],)&""&IF(Table16[[#This Row],[PassRush4]]<>"","-"&Table16[[#This Row],[PassRush4]],) -> 0-4 | R227: =VLOOKUP(Table16[[#This Row],[Player]],#REF!,9,FALSE) -> #REF! | S227: =Table16[[#This Row],[2024 Card Info]]&" "&Table16[[#This Row],[Player Data]] -> #REF!
A228: Barnett, Derek | B228: End | C228: HOA | D228: 35241 | E228: 17/1 (14) | G228: 4-6 | H228: =VLOOKUP(Table16[[#This Row],[Player]],Rosters!$D$1:$D$1939,1,FALSE) -> Barnett, Derek | I228: =Table16[[#This Row],[RunBlock-Primary6]]&"-"&Table16[[#This Row],[PassBlock8]]&IF(Table16[[#This Row],[RunBlock-Secondary7]]<>"","/"&Table16[[#This Row],[RunBlock-Secondary7]]&"-"&Table16[[#This Row],[PassBlock8]],"") -> - | J228: 4 | L228: 6 | Q228: =Table16[[#This Row],[DefPrimary2]]&IF(Table16[[#This Row],[Def-Secondary3]]<>"","/"&Table16[[#This Row],[Def-Secondary3]],)&""&IF(Table16[[#This Row],[PassRush4]]<>"","-"&Table16[[#This Row],[PassRush4]],) -> 4-6 | R228: =VLOOKUP(Table16[[#This Row],[Player]],#REF!,9,FALSE) -> #REF! | S228: =Table16[[#This Row],[2024 Card Info]]&" "&Table16[[#This Row],[Player Data]] -> #REF!
A229: Beal, Robert | B229: End | C229: SFN | D229: 36390 | E229: 23/5 | G229: 0-0 | H229: =VLOOKUP(Table16[[#This Row],[Player]],Rosters!$D$1:$D$1939,1,FALSE) -> #N/A | I229: =Table16[[#This Row],[RunBlock-Primary6]]&"-"&Table16[[#This Row],[PassBlock8]]&IF(Table16[[#This Row],[RunBlock-Secondary7]]<>"","/"&Table16[[#This Row],[RunBlock-Secondary7]]&"-"&Table16[[#This Row],[PassBlock8]],"") -> - | J229: 0 | L229: 0 | Q229: =Table16[[#This Row],[DefPrimary2]]&IF(Table16[[#This Row],[Def-Secondary3]]<>"","/"&Table16[[#This Row],[Def-Secondary3]],)&""&IF(Table16[[#This Row],[PassRush4]]<>"","-"&Table16[[#This Row],[PassRush4]],) -> 0-0 | R229: =VLOOKUP(Table16[[#This Row],[Player]],#REF!,9,FALSE) -> #REF! | S229: =Table16[[#This Row],[2024 Card Info]]&" "&Table16[[#This Row],[Player Data]] -> #REF!
A230: Booker, Austin | B230: End | C230: CHN | D230: 37604 | E230: 24/5(144) | G230: 0-4 | H230: =VLOOKUP(Table16[[#This Row],[Player]],Rosters!$D$1:$D$1939,1,FALSE) -> Booker, Austin | I230: =Table16[[#This Row],[RunBlock-Primary6]]&"-"&Table16[[#This Row],[PassBlock8]]&IF(Table16[[#This Row],[RunBlock-Secondary7]]<>"","/"&Table16[[#This Row],[RunBlock-Secondary7]]&"-"&Table16[[#This Row],[PassBlock8]],"") -> - | J230: 0 | L230: 4 | Q230: =Table16[[#This Row],[DefPrimary2]]&IF(Table16[[#This Row],[Def-Secondary3]]<>"","/"&Table16[[#This Row],[Def-Secondary3]],)&""&IF(Table16[[#This Row],[PassRush4]]<>"","-"&Table16[[#This Row],[PassRush4]],) -> 0-4 | R230: =VLOOKUP(Table16[[#This Row],[Player]],#REF!,9,FALSE) -> #REF! | S230: =Table16[[#This Row],[2024 Card Info]]&" "&Table16[[#This Row],[Player Data]] -> #REF!
A231: Carter II, Andre | B231: End | C231: LVA | D231: 36613 | E231: 23/FA | G231: 0-2 | H231: =VLOOKUP(Table16[[#This Row],[Player]],Rosters!$D$1:$D$1939,1,FALSE) -> Carter II, Andre | I231: =Table16[[#This Row],[RunBlock-Primary6]]&"-"&Table16[[#This Row],[PassBlock8]]&IF(Table16[[#This Row],[RunBlock-Secondary7]]<>"","/"&Table16[[#This Row],[RunBlock-Secondary7]]&"-"&Table16[[#This Row],[PassBlock8]],"") -> - | J231: 0 | L231: 2 | Q231: =Table16[[#This Row],[DefPrimary2]]&IF(Table16[[#This Row],[Def-Secondary3]]<>"","/"&Table16[[#This Row],[Def-Secondary3]],)&""&IF(Table16[[#This Row],[PassRush4]]<>"","-"&Table16[[#This Row],[PassRush4]],) -> 0-2 | R231: =VLOOKUP(Table16[[#This Row],[Player]],#REF!,9,FALSE) -> #REF! | S231: =Table16[[#This Row],[2024 Card Info]]&" "&Table16[[#This Row],[Player Data]] -> #REF!
A232: Chaisson, K'Lavon | B232: End | C232: LVA | D232: 36366 | E232: 20/1 | G232: 0-7 | H232: =VLOOKUP(Table16[[#This Row],[Player]],Rosters!$D$1:$D$1939,1,FALSE) -> Chaisson, K'Lavon | I232: =Table16[[#This Row],[RunBlock-Primary6]]&"-"&Table16[[#This Row],[PassBlock8]]&IF(Table16[[#This Row],[RunBlock-Secondary7]]<>"","/"&Table16[[#This Row],[RunBlock-Secondary7]]&"-"&Table16[[#This Row],[PassBlock8]],"") -> - | J232: 0 | L232: 7 | Q232: =Table16[[#This Row],[DefPrimary2]]&IF(Table16[[#This Row],[Def-Secondary3]]<>"","/"&Table16[[#This Row],[Def-Secondary3]],)&""&IF(Table16[[#This Row],[PassRush4]]<>"","-"&Table16[[#This Row],[PassRush4]],) -> 0-7 | R232: =VLOOKUP(Table16[[#This Row],[Player]],#REF!,9,FALSE) -> #REF! | S232: =Table16[[#This Row],[2024 Card Info]]&" "&Table16[[#This Row],[Player Data]] -> #REF!
A233: Cole, Myles | B233: End | C233: JXA | D233: 36645 | E233: 24/7(236) | G233: 0-0 | H233: =VLOOKUP(Table16[[#This Row],[Player]],Rosters!$D$1:$D$1939,1,FALSE) -> #N/A | I233: =Table16[[#This Row],[RunBlock-Primary6]]&"-"&Table16[[#This Row],[PassBlock8]]&IF(Table16[[#This Row],[RunBlock-Secondary7]]<>"","/"&Table16[[#This Row],[RunBlock-Secondary7]]&"-"&Table16[[#This Row],[PassBlock8]],"") -> - | J233: 0 | L233: 0 | Q233: =Table16[[#This Row],[DefPrimary2]]&IF(Table16[[#This Row],[Def-Secondary3]]<>"","/"&Table16[[#This Row],[Def-Secondary3]],)&""&IF(Table16[[#This Row],[PassRush4]]<>"","-"&Table16[[#This Row],[PassRush4]],) -> 0-0 | R233: =VLOOKUP(Table16[[#This Row],[Player]],#REF!,9,FALSE) -> #REF! | S233: =Table16[[#This Row],[2024 Card Info]]&" "&Table16[[#This Row],[Player Data]] -> #REF!
A234: Crumedy, Jaden | B234: End | C234: CAN | D234: 36737 | E234: 24/6(200) | G234: 0-2 | H234: =VLOOKUP(Table16[[#This Row],[Player]],Rosters!$D$1:$D$1939,1,FALSE) -> Crumedy, Jaden | I234: =Table16[[#This Row],[RunBlock-Primary6]]&"-"&Table16[[#This Row],[PassBlock8]]&IF(Table16[[#This Row],[RunBlock-Secondary7]]<>"","/"&Table16[[#This Row],[RunBlock-Secondary7]]&"-"&Table16[[#This Row],[PassBlock8]],"") -> - | J234: 0 | L234: 2 | Q234: =Table16[[#This Row],[DefPrimary2]]&IF(Table16[[#This Row],[Def-Secondary3]]<>"","/"&Table16[[#This Row],[Def-Secondary3]],)&""&IF(Table16[[#This Row],[PassRush4]]<>"","-"&Table16[[#This Row],[PassRush4]],) -> 0-2 | R234: =VLOOKUP(Table16[[#This Row],[Player]],#REF!,9,FALSE) -> #REF! | S234: =Table16[[#This Row],[2024 Card Info]]&" "&Table16[[#This Row],[Player Data]] -> #REF!
A235: Davenport, Marcus | B235: End | C235: DEN | D235: 35312 | E235: 18/1 (14) | G235: 0-1 | H235: =VLOOKUP(Table16[[#This Row],[Player]],Rosters!$D$1:$D$1939,1,FALSE) -> Davenport, Marcus | I235: =Table16[[#This Row],[RunBlock-Primary6]]&"-"&Table16[[#This Row],[PassBlock8]]&IF(Table16[[#This Row],[RunBlock-Secondary7]]<>"","/"&Table16[[#This Row],[RunBlock-Secondary7]]&"-"&Table16[[#This Row],[PassBlock8]],"") -> - | J235: 0 | L235: 1 | Q235: =Table16[[#This Row],[DefPrimary2]]&IF(Table16[[#This Row],[Def-Secondary3]]<>"","/"&Table16[[#This Row],[Def-Secondary3]],)&""&IF(Table16[[#This Row],[PassRush4]]<>"","-"&Table16[[#This Row],[PassRush4]],) -> 0-1 | R235: =VLOOKUP(Table16[[#This Row],[Player]],#REF!,9,FALSE) -> #REF! | S235: =Table16[[#This Row],[2024 Card Info]]&" "&Table16[[#This Row],[Player Data]] -> #REF!
